Workbook
Name C.I.A.: #REF!
Name C.I.A.: #REF!
Name C.I.A.: #REF!
Name C.I.A.: #REF!
Name C.I.A.: 'C.I.A.'!$A$3
Name C.I.B.: #REF!
Name C.I.B.: #REF!
Name C.I.B.: #REF!
Name C.I.B.: #REF!
Name C.I.B.: 'C.I.B.'!$A$3
Name C.II.A.: #REF!
Name C.II.A.: #REF!
Name C.II.A.: #REF!
Name C.II.A.: #REF!
Name C.II.A.: 'C.II.A.'!$A$3
Name C.IV.A.1: 'C.IV'!$A$3
Name C.IV.A.1: 'C.IV'!$A$3
Name C.IV.A.1: #REF!
Name C.IV.B.: #REF!
Name C.IV.B.: #REF!
Name C.IV.B.: #REF!
Name C.V.A.: #REF!
Name C.V.A.: #REF!
Name C.V.A.: #REF!
Name C.VI.A.2: #REF!
Name C.VI.A.2: #REF!
Name C.VI.A.2: #REF!
Name C.VI.A.2: #REF!
Name C.VI.A.2: #REF!
Name C.VI.A.3: #REF!
Name C.VI.A.3: #REF!
Name C.VI.A.3: #REF!
Name C.VI.A.3: #REF!
Name C.VI.A.3: #REF!
Name C.VII.A: #REF!
Name C.VII.A: #REF!
Name C.VII.A: #REF!
Name C.VII.A: #REF!
Name C.VII.A: #REF!
Name Certification: #REF!
Name Certification: #REF!
Name Certification: #REF!
Name Certification: #REF!
Name Certification: #REF!
Name General: 'About This File'!$A$18

Sheet Title Page

Sheet About This File
A1: About This Contract Module File
A2: Summary of Tabs:
A3: C.I.A. - Summary of Funding for All Programs
A4: C.I.B. - Breakdown of OAA III-B Services
A5: C.I.C. - Service Units and Costs Projections by County
A6: C.I.E. - Service Units and Cost Projections for the PSA This will be used to determine the statewide Service Rate Report in contracts.
A7: C.I.E. Crosswalk - Year-to-Year Comparison of Services and Rates
A8: C.II.A. - AAA’s Operational Budget
A9: Cost Analysis - Line-Item Budget
A10: C.II.B. - OAA Budget Summary
A11: C.II.C. - Audit Schedule
A12: C.III. - AAA Subcontractor Monitoring Schedule
... A23: Gray cross-hatched cells are not applicable and should not be updated.

Sheet C.I.A.
A1: PSA: Original Submission Date: | M1: :)
A3: C.I.A. - Allocation to the Planning and Service Area
A4: This worksheet documents all funds allocated to the PSA. The “Original Allocation” row contains the continuation budget amount issued in the original contract for the year. The amount on this line does not change. The “Revised Allocation” line is the amount of the allocations after the actual federal grant award for the year is received. It is also where subsequent changes in allocations via contract amendments are reflected.
A5: Less (-) Transfer Amount and Plus (+) Transfer Amount contain transfers between titles. The amounts must be within allowable percentages: B to C or C to B can be no more than 30 percent (i.e., B ↔ [C1+C2]); amounts transferred between C1 and C2 can be no more than 40 percent of the source title (not the combined amount of [C1+C2]). Adjusted Amount is the total after the transfers. Carry Forward Funds must be exact amounts and allocated to the titles in which they were awarded. (NOTE: Carry Forward Funds are not entered at the time of the Area Plan submission, but later during contract amendments after closeout has been completed.) Total Funds equals the total after all adjustments have been made. Total OAA plus the GR AAA admin will equal the contract amount. State General Revenue Allocations and Supplemental Resource Activities (State, Federal, and Private) should match current contract amounts and the amounts detailed in eCIRTS. Transfer Amount sums up transfers recorded in previous four columns.
A6: Instructions: Update all yellow and aqua-colored cells as appropriate. Purple cells are calculated automatically. For Title IIIB, C1, and C2, include the total amount for Title IIIB, C1, and C2 services in the table. Indicate below the table, the portion of the total maintained by the AAA as Title IIIB LAN set aside and Title IIIB, C1, and C2 Disaster Recovery Reserves. The Title IIIB LAN set aside currently approved by the Department cannot be increased. The Title IIIB, CI, and CII Disaster Recovery Reserves must remain in reserve until the need arises, when the Department will issue further guidance. In accordance with the requirement for Area Agencies to describe all activities of the Agency, whether funded by public or private funds, and ensuring the Agency is managing the availability of financial resources for programs and services used to carry out programs for the elderly the operating budget must include ALL of the sources of funding and be included in the spreadsheets. (OAA and Chapter 430.2053, F.S) (Board and other non-DOEA funds should go under OTHERS.)
A8: C.1.A - FEDERAL ALLOCATION TO THE PLANNING AND SERVICE AREA
A10: OAA FEDERAL FUNDING | B10: AAA | C10: TITLE | D10: TITLE | E10: TITLE | F10: TRANSFER | G10: TITLE | H10: TITLE | J10: TITLE | K10: TOTAL OAA
A11: COMPOSITION | B11: ADMIN | C11: IIIB | D11: IIIC1 | E11: IIIC2 | F11: AMOUNT | G11: IIID | H11: IIIE | I11: NSIP | J11: VII | K11: Minus VII
A12: Original Allocation FFY 2026-2027 | B12: 900792 | C12: 2137193 | D12: 2868435 | E12: 1934647 | G12: 168886 | H12: 917260 | I12: 234489 | J12: 21266.91 | K12: =SUM(B12:E12)+SUM(G12:I12) -> 9161702
A13: Revised Allocation FFY 2026-2027 | B13: 0 | C13: 0 | D13: 0 | E13: 0 | G13: 0 | H13: 0 | I13: 0 | J13: 0 | K13: =SUM(B13:E13)+SUM(G13:I13) -> 0
A14: Less (-) Transfer Amount | D14: -2157115.6 | F14: =SUM(B14:E14) -> -2157115.6 | K14: =SUM(B14:E14) -> -2157115.6
A15: Plus (+) Transfer Amount | C15: 1078906 | E15: 1078209.6 | F15: =SUM(B15:E15) -> 2157115.6 | K15: =SUM(B15:E15) -> 2157115.6
A16: Adjusted Amount FFY 2026-2027 | B16: =SUM(B12:B15) -> 900792 | C16: =SUM(C12:C15) -> 3216099 | D16: =SUM(D12:D15) -> 711319.4 | E16: =SUM(E12:E15) -> 3012856.6 | G16: =SUM(G12:G15) -> 168886 | H16: =SUM(H12:H15) -> 917260 | I16: =SUM(I12:I15) -> 234489 | J16: =SUM(J12:J15) -> 21266.91 | K16: =SUM(B16:E16)+SUM(G16:I16) -> 9161702
A17: Carry Forward Funds FFY 2026-2027 | K17: =SUM(B17:J17) -> 0
A18: TOTAL FUNDS | B18: =B16+B17 -> 900792 | C18: =C16+C17 -> 3216099 | D18: =D16+D17 -> 711319.4 | E18: =E16+E17 -> 3012856.6 | F18: =F14+F15 -> 0 | G18: =G16+G17 -> 168886 | H18: =H16+H17 -> 917260 | I18: =I16+I17 -> 234489 | J18: =J16+J17 -> 21266.91 | K18: =SUM(B18:I18) -> 9161702
B20: Title III B Total Funds include $ | C20: 175623 | D20: in set aside funds (included in the Title III B column).
B21: Disaster Recovery Reserves include $ | C21: 3738 | D21: 5608 | E21: 5608 | F21: in set-aside funds (included in IIIB, C1, and C2 columns).
B22: Total Service Funds for C.I.C. & C.I.E. $ | C22: =C18-C20-C21 -> 3036738 | D22: =D18-D21 -> 705711.4 | E22: =E18-E21 -> 3007248.6
A25: STATE GENERAL REVENUE ALLOCATION TO THE PLANNING AND SERVICE AREA
A26: The State General Revenue Allocations and Supplemental Resource Activities (State, Federal, and Private) below should match current contract amounts.
A28: STATE GENERAL REVENUE ALLOCATIONS | G28: SUPPLEMENTAL RESOURCE ACTIVITIES (STATE, FEDERAL & PRIVATE)
A29: FUNDING COMPOSITION | D29: SFY 2026-2027 | G29: SOURCE OF FUNDING | K29: AMOUNT
D30: GR AMOUNTS | K30: OF FUNDING
A31: AAA ADMINISTRATION | D31: 27690 | G31: MED WAIVER SPECIALIST | K31: =96682.38+96682.37 -> 193364.75
A32: CCE ADMINISTRATION | D32: 68071 | G32: ADRC (MAC) | K32: =205197.62+205197.63 -> 410395.25
A33: CCE SERVICES | D33: 10393412 | G33: SHINE | K33: 349833.99
A34: HCE ADMINISTRATION | D34: 78002 | G34: MIPPA | K34: 196500
A35: HCE SUBSIDY & CASE MANAGEMENT | D35: 1151644 | G35: SMP | K35: 123698.14
A36: ADI ADMINISTRATION | D36: 89750 | G36: RELIEF | K36: 0
G37: EHEAP
A38: ADI SERVICES | D38: =4781848+252601 -> 5034449 | G38: VETERAN AFFAIRS | K38: 2864000
A39: LSP ADMINISTRATION | D39: =105571+1046000+500000-D40 -> 1617779 | G39: HUD | K39: 400000
A40: LSP SERVICES | D40: 33792

Sheet C.I.B.
A1: PSA: Original Submission Date: | G1: :)
A3: C.I.B. - OAA TITLE IIIB Services Expenditures
A5: This worksheet documents OAA Title IIIB expenditures by service, with services categorized as priority services or non-priority services. Instructions: Update all aqua-colored cells as appropriate. Purple cells are calculated automatically. Funds allocated for Access Services, In-Home Services, and Legal Assistance must be equal to or greater than the following percentages of the total Title IIIB Priority Services: Access services (20 percent), In-Home (8 percent), and Legal Assistance (1 percent) The "% of Total IIIB Allocation" column total is calculated. The total funds allocated on this sheet are divided by the total IIIB funds calculated on C.I.A. The percentage in the "Total IIIB" row at the bottom must equal 100 percent. If it does not, the amounts entered in the "Funds Allocated" column do not match those entered on tab C.I.A. IIIB LAN Set Aside and IIIB, C1, and C2 Disaster Recovery Reserve totals are calculated automatically, and included in the "Total IIIB". IIIB Non-Priority Services needs to include other funds allocated to the AAA not included in IIIB Priority Services.
A6: Title IIIB Expenditures | B6: Funds Allocated | C6: % of Total IIIB Allocation | D6: # Units of Services Provided | E6: # of Unduplicated Consumers Served | F6: % of Total 60+ Population*
A7: LAN Set-Aside | B7: ='C.I.A.'!$C$20 -> 175623 | C7: =SUM(B7/'C.I.A.'!C18) -> 0.054607461
A8: Disaster Recovery Reserve | B8: ='C.I.A.'!$C$21 -> 3738 | C8: =SUM(B8/'C.I.A.'!C18) -> 0.0011622777
A10: IIIB Priority Services
A11: Access Services
A12: Information | B12: ='C.I.E.'!J147 -> 347711 | C12: =B12/'C.I.A.'!C18 -> 0.10811576 | D12: =B12/'C.I.E.'!$K$147 -> 12330.177 | E12: 12330 | F12: =E12/$E$31 -> 0.56713123
A13: Referral | B13: ='C.I.E.'!J153 -> 174219 | C13: =B13/'C.I.A.'!C18 -> 0.054170907 | D13: =B13/'C.I.E.'!$K$147 -> 6177.9787 | E13: 6178 | F13: =E13/$E$31 -> 0.28416356
A14: Outreach | B14: ='C.I.E.'!J151 -> 65327 | C14: =B14/'C.I.A.'!C18 -> 0.020312497 | D14: =B14/'C.I.E.'!K151 -> 734.8369 | E14: 840 | F14: =E14/$E$31 -> 0.038636677
A15: Transportation | B15: ='C.I.E.'!J160 -> 755869 | C15: =B15/'C.I.A.'!C18 -> 0.23502666 | D15: ='C.I.C.'!M1082/'C.I.C.'!N1082+'C.I.C.'!M1108/'C.I.C.'!N1108 -> 24927.837 | E15: 1120 | F15: =E15/$E$31 -> 0.05151557
A16: Subtotal | B16: =SUM(B12:B15) -> 1343126
A17: =B16/B31 -> 0.41762583 | B17: = amount allocated for Access Services (must be equal to or greater than 20%)
A18: In-Home Services
A19: Homemaker | B19: ='C.I.E.'!J146 -> 378220 | C19: =B19/'C.I.A.'!C18 -> 0.1176021 | D19: ='C.I.C.'!M1091/'C.I.C.'!N1091+'C.I.C.'!M1113/'C.I.C.'!N1113 -> 9763.0356 | E19: 190 | F19: =E19/$E$31 -> 0.0087392484
A20: Personal Care | B20: 0 | C20: =B20/'C.I.A.'!C18 -> 0 | D20: 0 | E20: 0 | F20: =E20/$E$31 -> 0
A21: In-Home Respite | B21: 0 | C21: =B21/'C.I.A.'!C18 -> 0 | D21: 0 | E21: 0 | F21: =E21/$E$31 -> 0
A22: Chore | B22: ='C.I.E.'!J142 -> 315406 | C22: =B22/'C.I.A.'!C18 -> 0.098070986 | D22: =B22/'C.I.E.'!K142 -> 4613.2222 | E22: 288 | F22: =E22/$E$31 -> 0.013246861
A23: Companionship | B23: 0 | C23: =B23/'C.I.A.'!C18 -> 0 | D23: 0 | E23: 0 | F23: =E23/$E$31 -> 0
A24: Telephone Reass. | B24: ='C.I.E.'!J159 -> 8485 | C24: =B24/'C.I.A.'!C18 -> 0.0026382894 | D24: =B24/'C.I.E.'!K159 -> 317.19626 | E24: 120 | F24: =E24/$E$31 -> 0.0055195253
A25: Subtotal | B25: =SUM(B19:B24) -> 702111
A26: =B25/B31 -> 0.21831138 | B26: = amount allocated for In-Home Services (must be equal to or greater than 8%)
A27: Legal Assistance
A28: Legal Assistance | B28: ='C.I.E.'!J149 -> 138138 | C28: =B28/'C.I.A.'!C18 -> 0.042952036 | D28: ='C.I.C.'!M1084/'C.I.C.'!N1084+'C.I.C.'!M1111/'C.I.C.'!N1111 -> 1317.5507 | E28: 270 | F28: =E28/$E$31 -> 0.012418932
A29: =B28/B31 -> 0.042952036 | B29: = amount allocated for Legal Services (must be equal to or greater than 3%)
A30: IIIB Non-Priority Services | B30: ='C.I.A.'!C18-'C.I.B.'!B25-'C.I.B.'!B16-'C.I.B.'!B28-B8-B7 -> 853363 | C30: =B30/'C.I.A.'!C18 -> 0.26534102 | D30: =44969 -> 44969 | E30: 405
A31: Total IIIB | B31: =B7+B8+B16+B25+B28+B30 -> 3216099 | C31: =B31/'C.I.A.'!C18 -> 1 | D31: =SUM(D12:D15)+SUM(D19:D24)+D28+D30 -> 105150.84 | E31: =SUM(E12:E15)+SUM(E19:E24)+E28+E30 -> 21741
A33: * To have % total 60+ population computed, enter 60+ population: | E33: 538177

Sheet C.I.C.
A1: PSA:5 Original Submission Date: | I1: :)
A3: C.I.C. - Service Units and Costs Projections - PSA Summary
A4: This worksheet lists the actual unit rate (what providers report as their actual costs to provide a unit of service) and the adjusted unit rate (the negotiated unit rate/what the Area Agency on Aging agrees to pay for a unit of service) for each service provider under direct contract with the AAA. Services provided directly by the AAA must also be included and reflect county allocations. Service projections (State/Federal Share) must be included for each service and the total of the State/Federal Share must equal the total service funds for each program, as reported on the C.I.A.
A5: Instructions: Part A - C.I.C. Service Units and Cost Projections - PSA Summary C.I.C. Service Units and Cost Projections - PSA Summary: Run a report in eCIRTS for each OAA Title III program: Type in Start Date and End Date: 01/01/2027 to 12/31/2027; Select PSA; Select Program (O3C1, O3C2, OA3B, OA3D, OA3E, OA3EG, and OA3ES).
A6: Instructions: Inserting Data Into This Spreadsheet In order to insert the data into this template, each time you run a report for an OAA Title III program, select the Save button (which looks like a disc) and select CSV (comma delimited) which will download the report into Excel. Copy the data from the report and insert it below. Please be sure to add the program name (O3C1, etc.) to Column A to distinguish each program. Please also add a subtotal row for each program you have pasted into this spreadsheet. Repeat this process for each report you run pasting your data below any data previously entered into this spreadsheet. Once you have completed inserting all your data into this spreadsheet, you can adjust the column headings to accommodate the labels from the data you've imported.
A7: Start Date and End Date parameters should align with state and federal contract years.
A8: Federal contracts run from January-December. General Revenue contracts run from July-June.
A10: PSA | B10: 5
A11: Start Date: | B11: 46204
A12: End Date: | B12: 46568
A13: Program | B13: ADI
B14: PSA | C14: County | F14: Provider | J14: Service | K14: Service Description | M14: State/Federal Share | N14: Avg Reimbursement Unit Rate | P14: Max Reimbursement Unit Rate | Q14: Max Provider Unit Cost
B15: 5 | C15: PASCO | F15: 21305 - ADT SECURITY SERVICES, INC. (Pasco) | J15: EAR | K15: Emergency Alert Response | N15: 0.97 | P15: 0.97 | Q15: 1.27
J16: Provider Total:
F17: 21314 - GUARDIAN MEDICAL MONITORING,LLC (Pasco) | J17: EAR | K17: Emergency Alert Response | N17: 0.99 | P17: 0.99 | Q17: 1.33
J18: Provider Total:
F19: 21318 - ABC PEST CONTROL (Pasco) | J19: OTH | K19: OTH OTHER SERVICES | N19: 0 | P19: 0
J20: PECI | K20: PECI PEST CONTROL INITIAL | N20: 84.2 | P20: 84.2 | Q20: 93.9
J21: PECM | K21: PECM PEST CONTROL MAINTENANCE | N21: 64.2 | P21: 64.2 | Q21: 78.6
J22: ROCI | K22: ROCI PEST CONTROL (RODENT CONTROL) | N22: 92 | P22: 92 | Q22: 112
J23: Provider Total:
F24: 21327 - PASCO COUNTY SENIOR SERVICES | J24: CA | K24: CA CASE AIDE | M24: 128222.7 | N24: 52.46 | P24: 52.46 | Q24: 52.46
J25: CM | K25: CM CASE MANAGEMENT | M25: 320556.76 | N25: 78.92 | P25: 78.92 | Q25: 78.92
J26: Provider Total: | M26: 448779.46
F27: 21333 - PETERSON COUNSELING & CONSULTING,INC. (52700-395) | J27: MHSI | K27: MHSI COUNSELING (MENTAL HEALTH COUNSELING/SCREENING) - INDIVIDUAL | N27: 86.1 | P27: 86.1 | Q27: 150
J28: Provider Total:
F29: 21335 - PERSONAL RESPONSE CORPORATION (Pasco) | J29: EAR | K29: Emergency Alert Response | N29: 1.03 | P29: 1.03 | Q29: 1.17
J30: Provider Total:
F31: 21348 - EMPATH FOR YOU, LLC (52700-510) | J31: COMP | K31: COMP COMPANIONSHIP | N31: 27.3 | P31: 27.3 | Q31: 35
J32: HMK | K32: HMK Homemaker | N32: 27.3 | P32: 27.3 | Q32: 35
J33: PECA | K33: PECA PERSONAL CARE | N33: 29.92 | P33: 29.92 | Q33: 35
J34: RESP | K34: RESP RESPITE IN-HOME | N34: 29.92 | P34: 29.92 | Q34: 35
J35: Provider Total:
F36: 21352 - VEBEACH ENTERPRISE LLC DBA SENIORS HELPING SENIORS (52700-514) | J36: COMP | K36: COMP COMPANIONSHIP | N36: 27.3 | P36: 27.3 | Q36: 32
J37: HMK | K37: HMK Homemaker | N37: 27.3 | P37: 27.3 | Q37: 32
J38: PECA | K38: PECA PERSONAL CARE | N38: 29.92 | P38: 29.92 | Q38: 36
J39: RESP | K39: RESP RESPITE IN-HOME | N39: 29.92 | P39: 29.92 | Q39: 36
J40: Provider Total:
F41: 21710 - CATALANO'S NURSE REGISTRY (53700-19G) | J41: CHO | K41: CHO CHORE | N41: 44.88 | P41: 44.88 | Q41: 50
J42: COMP | K42: COMP COMPANIONSHIP | N42: 25 | P42: 25 | Q42: 28
J43: ECHO | K43: ECHO CHORE (ENHANCED) | N43: 48.1 | P43: 48.1 | Q43: 54
J44: ESC | K44: ESC ESCORT | N44: 26 | P44: 26 | Q44: 29
J45: HMK | K45: HMK Homemaker | N45: 25 | P45: 25 | Q45: 28
J46: HN | K46: HN SKILLED NURSING SERVICES | N46: 62.47 | P46: 62.47 | Q46: 75
J47: PECA | K47: PECA PERSONAL CARE | N47: 26 | P47: 26 | Q47: 29
J48: RESP | K48: RESP RESPITE IN-HOME | N48: 26 | P48: 26 | Q48: 29
J49: Provider Total:
F50: 21711 - ANGELS UNIQUE (53700-254) | J50: COMP | K50: COMP COMPANIONSHIP | N50: 26 | P50: 26 | Q50: 30
J51: HMK | K51: HMK Homemaker | N51: 26 | P51: 26 | Q51: 30
J52: Provider Total:
F53: 21713 - SUMMIT HOME HEALTHCARE PRODUCTS (53700-30G) | J53: SCSM | K53: SCSM SPECIALIZED MEDICAL EQUIPMENT, SERVICES, AND SUPPLIES | N53: 0 | P53: 0
J54: Provider Total:
F55: 21721 - GTB HOME HEALTHCARE SOLUTIONS, INC. DBA HOME CARE NOW (53700-367) | J55: COMP | K55: COMP COMPANIONSHIP | N55: 27.3 | P55: 27.3 | Q55: 32
J56: CTSI | K56: CTSI CAREGIVER TRAIN/SUPPORT (INDV) | N56: 49.5 | P56: 49.5 | Q56: 55
J57: HMK | K57: HMK Homemaker | N57: 27.3 | P57: 27.3 | Q57: 32
J58: PECA | K58: PECA PERSONAL CARE | N58: 29.7 | P58: 29.7 | Q58: 33
J59: RESP | K59: RESP RESPITE IN-HOME | N59: 29.7 | P59: 29.7 | Q59: 33
J60: Provider Total:
F61: 21727 - PASCO COUNTY BOARD OF COUNTY COMMISSIONERS DBA PASCO COUNTY SENIOR SERVICES | J61: EHDM | K61: EHDM EMERGENCY HOME DELIVERED SHELF MEALS | N61: 7.66 | P61: 7.66 | Q61: 7.66
J62: EHDMN | K62: EHDMN EMERGENCY HOME DELIVERED SHELF MEALS - NON-CO-PAYMENT | N62: 7.66 | P62: 7.66 | Q62: 7.66
J63: HDM | K63: HDM HOME DELIVERED MEALS | N63: 7.77 | P63: 7.77 | Q63: 7.77
J64: HDMN | K64: HDMN HOME DELIVERED MEALS - NON-CO-PAYMENT | N64: 7.77 | P64: 7.77 | Q64: 7.77
J65: Provider Total:
F66: 21728 - PASCO COUNTY PUBLIC TRANSPORTATION (53700-377) | J66: TRS | K66: TRS TRANSPORTATION | N66: 30.45 | P66: 30.45 | Q66: 30.45
J67: Provider Total:
F68: 21733 - FOUR MURPHY'S,LLC DBA HOME INSTEAD SENIOR CARE (53700-384) | J68: COMP | K68: COMP COMPANIONSHIP | N68: 27.3 | P68: 27.3 | Q68: 34
J69: HMK | K69: HMK Homemaker | N69: 27.3 | P69: 27.3 | Q69: 34
J70: PECA | K70: PECA PERSONAL CARE | N70: 29.92 | P70: 29.92 | Q70: 34
J71: RESP | K71: RESP RESPITE IN-HOME | N71: 29.92 | P71: 29.92 | Q71: 38
J72: Provider Total:
F73: 21734 - PETERSON COUNSELING & CONSULTING,INC. (53700-395) | J73: MHSI | K73: MHSI COUNSELING (MENTAL HEALTH COUNSELING/SCREENING) - INDIVIDUAL | N73: 86.1 | P73: 86.1 | Q73: 150
J74: Provider Total:
F75: 21737 - RELIANCE HOME CARE LLC DBA FIRSTLIGHT HOME CARE (53700-402) | J75: COMP | K75: COMP COMPANIONSHIP | N75: 27.3 | P75: 27.3 | Q75: 36.9
J76: HMK | K76: HMK Homemaker | N76: 27.3 | P76: 27.3 | Q76: 36.9
J77: HN | K77: HN SKILLED NURSING SERVICES | N77: 62.47 | P77: 62.47 | Q77: 169
J78: PECA | K78: PECA PERSONAL CARE | N78: 29.92 | P78: 29.92 | Q78: 36.9
J79: RESP | K79: RESP RESPITE IN-HOME | N79: 29.92 | P79: 29.92 | Q79: 36.9
J80: Provider Total:
F81: 21738 - EASY LIVING,INC. (53700-403) | J81: COMP | K81: COMP COMPANIONSHIP | N81: 27.3 | P81: 27.3 | Q81: 37
J82: HMK | K82: HMK Homemaker | N82: 27.3 | P82: 27.3 | Q82: 37
J83: PECA | K83: PECA PERSONAL CARE | N83: 29.92 | P83: 29.92 | Q83: 37
J84: RESP | K84: RESP RESPITE IN-HOME | N84: 29.92 | P84: 29.92 | Q84: 37
J85: Provider Total:
F86: 21740 - PASCO SENIOR HOME CARE DBA HOME INSTEAD SENIOR CARE (53700-405) | J86: COMP | K86: COMP COMPANIONSHIP | N86: 27.3 | P86: 27.3 | Q86: 33.5
J87: HMK | K87: HMK Homemaker | N87: 27.3 | P87: 27.3 | Q87: 33.5
J88: PECA | K88: PECA PERSONAL CARE | N88: 29.92 | P88: 29.92 | Q88: 33.5
J89: RESP | K89: RESP RESPITE IN-HOME | N89: 29.92 | P89: 29.92 | Q89: 33.5
J90: Provider Total:
F91: 21742 - OPAL ROSE HOME CARE AND COMPANION SERVICES, LLC (53700-409) | J91: COMP | K91: COMP COMPANIONSHIP | N91: 27.3 | P91: 27.3 | Q91: 31.5
J92: HMK | K92: HMK Homemaker | N92: 27.3 | P92: 27.3 | Q92: 31.5
J93: Provider Total:
F94: 21744 - TLC ADULT DAY CARE AND RECREATION CENTER, INC (53700-41T) | J94: ADCO | K94: ADCO ADULT DAY CARE - DAYS | N94: 134.64 | P94: 134.64 | Q94: 150
J95: RESF | K95: RESF RESPITE IN-FACILITY | N95: 16.83 | P95: 16.83 | Q95: 18.75
J96: Provider Total:
F97: 21746 - A PALMS PERSONAL CARE & HOMEMAKING SERVICES (53700-511) | J97: COMP | K97: COMP COMPANIONSHIP | N97: 27.3 | P97: 27.3 | Q97: 35
J98: HMK | K98: HMK Homemaker | N98: 27.3 | P98: 27.3 | Q98: 35
J99: HN | K99: HN SKILLED NURSING SERVICES | N99: 62.47 | P99: 62.47 | Q99: 75
J100: PECA | K100: PECA PERSONAL CARE | N100: 29.75 | P100: 29.75 | Q100: 35
J101: RESP | K101: RESP RESPITE IN-HOME | N101: 29.75 | P101: 29.75 | Q101: 35
J102: Provider Total:
...

Sheet C.I.E.
A1: PSA: Original Submission Date: | J1: :)
A3: C.I.E.- Service Units and Cost Projections — PSA Summary — All Programs
A5: This worksheet displays for each program (except Medicaid waivers) the services provided and for each service the projected cost; number of units to be served; average unit rate; highest and lowest unit rate; and average, highest, and lowest contracted unit rate.
A6: Instructions: C.I.E. Service Units and Costs Projections – PSA Summary – All Programs: Run the report in eCIRTS. Type in Start Date and End Date: 01/01/2027 to 12/31/2027; Select PSA; Select "Federally Funded" for the Program Type Service projections (State/Federal Share) must be included for each service and the total of the State/Federal Share must equal the total service funds for each program, as reported on the C.I.A.
A7: Instructions: Inserting Data Into This Spreadsheet In order to insert the data into this template, each time you run a report for an OAA Title III program, select the Save button (which looks like a disc) and select CSV (comma delimited) which will download the report into Excel. Copy the data from the report and insert it below. Please insert and add a subtotal row for each program you have pasted into this spreadsheet. Once you have completed inserting all your data into this spreadsheet, you can adjust the column headings to accommodate the labels from the data you've imported.
L9: Start Date and End Date parameters should align with state and federal contract years. Federal contracts run January-December. General Revenue contracts run July-June.
B11: Start Date: 7/1/2026 | G11: End Date: 6/30/2027
B13: PSA | C13: Program | E13: Service | H13: Service Description | J13: Total State/Federal Share | K13: Avg Reimbursement Unit Rate | M13: Max Reimbursement Unit Rate | N13: Min Reimbursement Unit Rate | O13: Avg Provider Unit Cost | Q13: Max Provider Unit Cost | R13: Min Provider Unit Cost
B14: 5 | C14: ADI | E14: ADCO | H14: ADCO ADULT DAY CARE - DAYS | K14: 133.51 | M14: 134.64 | N14: 132 | O14: 156.61 | Q14: 183.62 | R14: 146
E15: CA | H15: CA CASE AIDE | J15: 311058.78 | K15: 52.45 | M15: 52.46 | N15: 52.43 | O15: 52.45 | Q15: 52.46 | R15: 52.43
E16: CHO | H16: CHO CHORE | K16: 43.47 | M16: 47.25 | N16: 40 | O16: 59.14 | Q16: 90 | R16: 44
E17: CM | H17: CM CASE MANAGEMENT | J17: 764587.23 | K17: 78.91 | M17: 78.92 | N17: 78.9 | O17: 78.91 | Q17: 78.92 | R17: 78.9
E18: COMP | H18: COMP COMPANIONSHIP | K18: 26.87 | M18: 27.3 | N18: 23.4 | O18: 32.31 | Q18: 38 | R18: 26
E19: CTSI | H19: CTSI CAREGIVER TRAIN/SUPPORT (INDV) | K19: 49.5 | M19: 49.5 | N19: 49.5 | O19: 55 | Q19: 55 | R19: 55
E20: EAR | H20: Emergency Alert Response | K20: 1 | M20: 1.03 | N20: 0.97 | O20: 1.26 | Q20: 1.33 | R20: 1.17
E21: ECHO | H21: ECHO CHORE (ENHANCED) | K21: 48.36 | M21: 54.49 | N21: 42.5 | O21: 63.67 | Q21: 90 | R21: 47
E22: EHDM | H22: EHDM EMERGENCY HOME DELIVERED SHELF MEALS | K22: 7.66 | M22: 7.66 | N22: 7.66 | O22: 8.33 | Q22: 9 | R22: 7.66
E23: EHDMN | H23: EHDMN EMERGENCY HOME DELIVERED SHELF MEALS - NON-CO-PAYMENT | K23: 7.66 | M23: 7.66 | N23: 7.66 | O23: 8.33 | Q23: 9 | R23: 7.66
E24: ESC | H24: ESC ESCORT | K24: 27.13 | M24: 29.4 | N24: 26 | O24: 32.67 | Q24: 40 | R24: 29
E25: GECI | H25: GECI COUNSELING (GERONTOLOGICAL) - INDIVIDUAL | K25: 90.51 | M25: 93.97 | N25: 85.33 | O25: 114 | Q25: 173.25 | R25: 95
E26: HDM | H26: HDM HOME DELIVERED MEALS | K26: 7.84 | M26: 7.9 | N26: 7.77 | O26: 11.67 | Q26: 14.95 | R26: 7.77
E27: HDMN | H27: HDMN HOME DELIVERED MEALS - NON-CO-PAYMENT | K27: 7.84 | M27: 7.9 | N27: 7.77 | O27: 11.67 | Q27: 14.95 | R27: 7.77
E28: HMK | H28: HMK Homemaker | K28: 26.9 | M28: 27.3 | N28: 24.3 | O28: 32.27 | Q28: 38 | R28: 26
E29: HN | H29: HN SKILLED NURSING SERVICES | K29: 60.41 | M29: 62.47 | N29: 54 | O29: 85.26 | Q29: 169 | R29: 60
E30: HOIM | H30: HOIM HOUSING IMPROVEMENT | K30: 0 | M30: 0 | N30: 0 | O30: 0 | Q30: 0 | R30: 0
E31: INSC | H31: INSC INTAKE | J31: 285460 | K31: 131.9 | M31: 131.9 | N31: 131.9 | O31: 131.9 | Q31: 131.9 | R31: 131.9
E32: MATE | H32: MATE MATERIAL AID | K32: 0 | M32: 0 | N32: 0 | O32: 0 | Q32: 0 | R32: 0
E33: MHSI | H33: MHSI COUNSELING (MENTAL HEALTH COUNSELING/SCREENING) - INDIVIDUAL | K33: 88.9 | M33: 94.5 | N33: 86.1 | O33: 127.35 | Q33: 173.25 | R33: 95
E34: NUCOI | H34: NUCOI NUTRITION COUNSELING - INDIVIDUAL | K34: 65.29 | M34: 68.13 | N34: 62.45 | O34: 72 | Q34: 75 | R34: 69
E35: OTH | H35: OTH OTHER SERVICES | K35: 0 | M35: 0 | N35: 0 | O35: 0 | Q35: 0 | R35: 0
E36: PECA | H36: PECA PERSONAL CARE | K36: 29.32 | M36: 29.92 | N36: 26 | O36: 33.83 | Q36: 40 | R36: 27
E37: PECI | H37: PECI PEST CONTROL INITIAL | K37: 90.4 | M37: 96.59 | N37: 84.2 | O37: 121.95 | Q37: 150 | R37: 93.9
E38: PECM | H38: PECM PEST CONTROL MAINTENANCE | K38: 69.24 | M38: 74.28 | N38: 64.2 | O38: 114.3 | Q38: 150 | R38: 78.6
E39: RESF | H39: RESF RESPITE IN-FACILITY | K39: 16.69 | M39: 16.83 | N39: 16.5 | O39: 18.58 | Q39: 20 | R39: 16
E40: RESP | H40: RESP RESPITE IN-HOME | K40: 29.32 | M40: 29.92 | N40: 26 | O40: 34.42 | Q40: 50 | R40: 27
E41: ROCI | H41: ROCI PEST CONTROL (RODENT CONTROL) | K41: 92 | M41: 92 | N41: 92 | O41: 112 | Q41: 112 | R41: 112
E42: RRFA | H42: RRFA FINANCIAL RISK REDUCTION (ASSESSMENT) | K42: 44.39 | M42: 46.72 | N42: 39.72 | O42: 63.24 | Q42: 75 | R42: 39.72
E43: RRFM | H43: RRFM FINANCIAL RISK REDUCTION (MAINTENANCE) | K43: 41.94 | M43: 43.05 | N43: 39.72 | O43: 53.24 | Q43: 60 | R43: 39.72
... E46: TRS | H46: TRS TRANSPORTATION | K46: 29.13 | M46: 30.45 | N46: 27.81 | O46: 29.13 | Q46: 30.45 | R46: 27.81
E47: VSC | H47: VSC VENDOR SUBCONTRACTOR SERVICES - FOR AREA PLAN ONLY | J47: 3673343 | K47: 0 | M47: 0 | N47: 0
E48: Program Total | J48: 5034449
C49: CCE | E49: ADCO | H49: ADCO ADULT DAY CARE - DAYS | K49: 133.51 | M49: 134.64 | N49: 132 | O49: 156.61 | Q49: 183.62 | R49: 146
E50: CA | H50: CA CASE AIDE | J50: 567085.9 | K50: 52.45 | M50: 52.46 | N50: 52.43 | O50: 52.45 | Q50: 52.46 | R50: 52.43
E51: CHO | H51: CHO CHORE | K51: 43.47 | M51: 47.25 | N51: 40 | O51: 59.14 | Q51: 90 | R51: 44
E52: CM | H52: CM CASE MANAGEMENT | J52: 1701891 | K52: 78.91 | M52: 78.92 | N52: 78.9 | O52: 78.91 | Q52: 78.92 | R52: 78.9
E53: COMP | H53: COMP COMPANIONSHIP | K53: 26.86 | M53: 27.3 | N53: 23.4 | O53: 32.28 | Q53: 38 | R53: 26
E54: CTSI | H54: CTSI CAREGIVER TRAIN/SUPPORT (INDV) | K54: 49.5 | M54: 49.5 | N54: 49.5 | O54: 55 | Q54: 55 | R54: 55
E55: EAR | H55: Emergency Alert Response | K55: 1 | M55: 1.03 | N55: 0.97 | O55: 1.26 | Q55: 1.33 | R55: 1.17
E56: ECHO | H56: ECHO CHORE (ENHANCED) | K56: 48.36 | M56: 54.49 | N56: 42.5 | O56: 63.67 | Q56: 90 | R56: 47
E57: EHDM | H57: EHDM EMERGENCY HOME DELIVERED SHELF MEALS | K57: 7.66 | M57: 7.66 | N57: 7.66 | O57: 8.33 | Q57: 9 | R57: 7.66
E58: EHDMN | H58: EHDMN EMERGENCY HOME DELIVERED SHELF MEALS - NON-CO-PAYMENT | K58: 7.66 | M58: 7.66 | N58: 7.66 | O58: 8.33 | Q58: 9 | R58: 7.66
E59: ESC | H59: ESC ESCORT | K59: 27.13 | M59: 29.4 | N59: 26 | O59: 32.67 | Q59: 40 | R59: 29
E60: GECI | H60: GECI COUNSELING (GERONTOLOGICAL) - INDIVIDUAL | K60: 91.09 | M60: 93.97 | N60: 85.33 | O60: 123.87 | Q60: 173.25 | R60: 95
E61: HDM | H61: HDM HOME DELIVERED MEALS | K61: 7.84 | M61: 7.9 | N61: 7.77 | O61: 11.67 | Q61: 14.95 | R61: 7.77
E62: HDMN | H62: HDMN HOME DELIVERED MEALS - NON-CO-PAYMENT | K62: 7.84 | M62: 7.9 | N62: 7.77 | O62: 11.67 | Q62: 14.95 | R62: 7.77
E63: HMK | H63: HMK Homemaker | K63: 26.9 | M63: 27.3 | N63: 24.3 | O63: 32.33 | Q63: 38 | R63: 26
E64: HN | H64: HN SKILLED NURSING SERVICES | K64: 60.26 | M64: 62.47 | N64: 54 | O64: 81 | Q64: 169 | R64: 5
E65: HOIM | H65: HOIM HOUSING IMPROVEMENT | K65: 0 | M65: 0 | N65: 0 | O65: 0 | Q65: 0 | R65: 0
E66: INFO | H66: INFO INFORMATION | J66: 135983 | K66: 28.2 | M66: 28.2 | N66: 28.2 | O66: 28.2 | Q66: 28.2 | R66: 28.2
E67: INSC | H67: INSC INTAKE | J67: 1044905 | K67: 131.9 | M67: 131.9 | N67: 131.9 | O67: 131.9 | Q67: 131.9 | R67: 131.9
E68: MATE | H68: MATE MATERIAL AID | K68: 0 | M68: 0 | N68: 0 | O68: 0 | Q68: 0 | R68: 0
E69: MHSI | H69: MHSI COUNSELING (MENTAL HEALTH COUNSELING/SCREENING) - INDIVIDUAL | K69: 90.3 | M69: 94.5 | N69: 86.1 | O69: 127.43 | Q69: 173.25 | R69: 95
E70: NUCOI | H70: NUCOI NUTRITION COUNSELING - INDIVIDUAL | K70: 64.34 | M70: 68.13 | N70: 62.45 | O70: 71 | Q70: 75 | R70: 69
E71: OTH | H71: OTH OTHER SERVICES | K71: 0 | M71: 0 | N71: 0 | O71: 0 | Q71: 0 | R71: 0
E72: PECA | H72: PECA PERSONAL CARE | K72: 29.31 | M72: 29.92 | N72: 26 | O72: 34.07 | Q72: 40 | R72: 27
E73: PECI | H73: PECI PEST CONTROL INITIAL | K73: 90.4 | M73: 96.59 | N73: 84.2 | O73: 121.95 | Q73: 150 | R73: 93.9
E74: PECM | H74: PECM PEST CONTROL MAINTENANCE | K74: 69.24 | M74: 74.28 | N74: 64.2 | O74: 114.3 | Q74: 150 | R74: 78.6
E75: REFE | H75: REFE REFERRAL/ASSISTANCE | J75: 135983 | K75: 28.2 | M75: 28.2 | N75: 28.2 | O75: 28.2 | Q75: 28.2 | R75: 28.2
E76: RESF | H76: RESF RESPITE IN-FACILITY | K76: 16.69 | M76: 16.83 | N76: 16.5 | O76: 18.58 | Q76: 20 | R76: 16
E77: RESP | H77: RESP RESPITE IN-HOME | K77: 29.31 | M77: 29.92 | N77: 26 | O77: 34.4 | Q77: 50 | R77: 27
E78: ROCI | H78: ROCI PEST CONTROL (RODENT CONTROL) | K78: 92 | M78: 92 | N78: 92 | O78: 112 | Q78: 112 | R78: 112
E79: RRFA | H79: RRFA FINANCIAL RISK REDUCTION (ASSESSMENT) | K79: 44.39 | M79: 46.72 | N79: 39.72 | O79: 75 | Q79: 75 | R79: 75
E80: RRFM | H80: RRFM FINANCIAL RISK REDUCTION (MAINTENANCE) | K80: 41.94 | M80: 43.05 | N80: 39.72 | O80: 60 | Q80: 60 | R80: 60
E81: SA | H81: SA SHOPPING ASSISTANCE | K81: 26.61 | M81: 26.61 | N81: 26.61 | O81: 29.27 | Q81: 29.27 | R81: 29.27
E82: SCSM | H82: SCSM SPECIALIZED MEDICAL EQUIPMENT, SERVICES, AND SUPPLIES | K82: 0 | M82: 0 | N82: 0 | O82: 0 | Q82: 0 | R82: 0
E83: TRS | H83: TRS TRANSPORTATION | K83: 29.13 | M83: 30.45 | N83: 27.81 | O83: 29.13 | Q83: 30.45 | R83: 27.81
E84: VSC | H84: VSC VENDOR SUBCONTRACTOR SERVICES - FOR AREA PLAN ONLY | J84: 6807564.1 | K84: 0 | M84: 0 | N84: 0
E85: Program Total | J85: 10393412
C86: HCE | E86: BASI | H86: BASI BASIC SUBSIDY | J86: 719777.5 | K86: 160 | M86: 160 | N86: 160 | O86: 160 | Q86: 160 | R86: 160
E87: CAV | H87: CAV CASE AIDE VENDOR | J87: 65355.8 | K87: 52.45 | M87: 52.46 | N87: 52.43 | O87: 52.45 | Q87: 52.46 | R87: 52.43
E88: CMV | H88: CMV CASE MANAGEMENT-VENDOR PAYMENT | J88: 366510.7 | K88: 78.91 | M88: 78.92 | N88: 78.9 | O88: 78.91 | Q88: 78.92 | R88: 78.9
E89: HDMV | H89: HDMV HOME DELIVERED MEALS-VENDOR PAYMENT | K89: 7.84 | M89: 7.9 | N89: 7.77 | O89: 11.67 | Q89: 14.95 | R89: 7.77
E90: RESP | H90: RESP RESPITE IN-HOME | K90: 10 | M90: 10 | N90: 10 | O90: 10 | Q90: 10 | R90: 10
E91: RESV | H91: RESV RESPITE-VENDOR PAYMENT | K91: 29.38 | M91: 29.92 | N91: 26 | O91: 35 | Q91: 50 | R91: 29
E92: SCSM | H92: SCSM SPECIALIZED MEDICAL EQUIPMENT, SERVICES, AND SUPPLIES | K92: 0 | M92: 0 | N92: 0
E93: SCSV | H93: SCSV SPECIALIZED MEDICAL EQUIPMENT, SERVICES, AND SUPPLIES - VENDOR PAYMENT | K93: 0 | M93: 0 | N93: 0
E94: Program Total | J94: 1151644
C95: LSP | E95: ADCO | H95: ADCO ADULT DAY CARE - DAYS | J95: 160132 | K95: 150.09 | M95: 154.15 | N95: 148.06 | O95: 160.66 | Q95: 163.92 | R95: 154.15
E96: CHO | H96: CHO CHORE | J96: 105122 | K96: 68.37 | M96: 68.37 | N96: 68.37 | O96: 68.37 | Q96: 68.37 | R96: 68.37
E97: CNML | H97: CNML CONGREGATE MEALS | J97: 72745 | K97: 8.46 | M97: 8.46 | N97: 8.46 | O97: 8.46 | Q97: 8.46 | R97: 8.46
E98: CNMLG | H98: CNMLG CONGREGATE MEALS GUEST | K98: 8.46 | M98: 8.46 | N98: 8.46 | O98: 8.46 | Q98: 8.46 | R98: 8.46
E99: CNMLM | H99: CNMLM CONGREGATE MEALS FOR MANAGED LONG-TERM CARE CLIENTS | K99: 8.46 | M99: 8.46 | N99: 8.46 | O99: 8.46 | Q99: 8.46 | R99: 8.46
E100: CNMLS | H100: CNMLS CONGREGATE HOLIDAY/EMERGENCY SHELF MEALS | K100: 8.46 | M100: 8.46 | N100: 8.46 | O100: 8.46 | Q100: 8.46 | R100: 8.46
E101: CNMLV | H101: CNMLV CONGREGATE MEALS VOLUNTEERS | K101: 8.46 | M101: 8.46 | N101: 8.46 | O101: 8.46 | Q101: 8.46 | R101: 8.46
E102: EAR | H102: Emergency Alert Response | J102: 14512 | K102: 2.26 | M102: 2.26 | N102: 2.26 | O102: 2.26 | Q102: 2.26 | R102: 2.26
E103: EHDM | H103: EHDM EMERGENCY HOME DELIVERED SHELF MEALS | K103: 10.74 | M103: 10.74 | N103: 10.74 | O103: 10.74 | Q103: 10.74 | R103: 10.74
E104: HDM | H104: HDM HOME DELIVERED MEALS | J104: 850311 | K104: 10.26 | M104: 10.74 | N104: 9.3 | O104: 10.26 | Q104: 10.74 | R104: 9.3
E105: HDMG | H105: HDMG HOME DELIVERED MEAL GUEST | K105: 10.26 | M105: 10.74 | N105: 9.3 | O105: 10.26 | Q105: 10.74 | R105: 9.3
E106: HMK | H106: HMK Homemaker | J106: 68505 | K106: 38.74 | M106: 38.74 | N106: 38.74 | O106: 40.15 | Q106: 41.55 | R106: 38.74
E107: INFO | H107: INFO INFORMATION | J107: 32628 | K107: 28.2 | M107: 28.2 | N107: 28.2 | O107: 28.2 | Q107: 28.2 | R107: 28.2
...

Sheet C.I.E. Crosswalk
A1: PSA: Original Submission Date: | J1: :)
A3: Crosswalk of 2026 and 2027 OAA Services and Unit Costs
A5: This worksheet displays for each OAA program the services provided, the highest unit rate for each service, and the differences in services and highest unit rate from one year to the next. AAAs shall confirm in the notes column which services are new and which have been removed. AAAs shall provide justification for any unit rate that has changed more than 5 percent, either as an increase or as a decrease.
A6: Instructions: Inserting Data Into This Spreadsheet Follow the instructions in the C.I.E. tab to capture data for 2026 and 2027 Services. Copy and paste the data for the 2026 and 2027 Services in the table below. Add as many rows as are needed by copying and pasting Row 11 so that the formulas in Column H and Column I are in each row.
A9: 2026 | B9: 2026 | C9: 2018 | D9: 2018 | E9: 2018 | F9: 2018 | G9: 2026 | H9: 2018 | I9: 2018 | J9: 2018 | K9: 2018 | L9: 2018 | O9: 2027 | P9: 2027 | Q9: 2019 | R9: 2019 | S9: 2019 | T9: 2019 | U9: 2027 | V9: 2019 | W9: 2019 | X9: 2019 | Y9: 2019
A10: PROGRAM | B10: SERVICE | C10: PSA | D10: TOTAL_STATE_FEDERAL_SHARE | E10: TOTAL_PROJECTED_SERVICE_UNITS | F10: AVG_REIMBURSEMENT_UNIT_RATE | G10: HIGH REIM | H10: LOW_REIMBURSEMENT_UNIT_RATE | I10: AVG_PROVIDER_COST_PER_UNIT | J10: HIGH_PROVIDER_COST_PER_UNIT | K10: LOW_PROVIDER_COST_PER_UNIT | O10: PROGRAM | P10: SERVICE | Q10: PSA | R10: TOTAL_STATE_FEDERAL_SHARE | S10: TOTAL_PROJECTED_SERVICE_UNITS | T10: AVG_REIMBURSEMENT_UNIT_RATE | U10: HIGH REIM | V10: LOW_REIMBURSEMENT_UNIT_RATE | W10: AVG_PROVIDER_COST_PER_UNIT | X10: HIGH_PROVIDER_COST_PER_UNIT | Y10: LOW_PROVIDER_COST_PER_UNIT | AA10: VARIANCE | AB10: % Change | AC10: PROVIDE EXPLANATION FOR ALL % CHANGES MORE THAN 5% (Highlighted Yellow)
A11: O3C1 | B11: CONGREGATE MEALS | C11: 1 | D11: 850275.48 | E11: 114943 | F11: 8.16 | G11: 9.28 | H11: 6.62 | I11: 9.06 | J11: 10.77 | K11: 7.35 | O11: O3C1 | P11: CONGREGATE MEALS | Q11: 1 | R11: 700973.53 | S11: 33931 | T11: 8.33 | U11: 9.42 | V11: 6.75 | W11: 9.25 | X11: 11 | Y11: 7.5 | AA11: =SUM(U11-G11) -> 0.14 | AB11: =SUM(AA11/G11) -> 0.015086207
A12: O3C1 | B12: CONGREGATE MEALS GUEST | C12: 1 | D12: 850275.48 | E12: 114943 | F12: 8.16 | G12: 9.28 | O12: O3C1 | P12: CONGREGATE MEALS GUEST | U12: 9.42 | AA12: =SUM(U12-G12) -> 0.14 | AB12: =SUM(AA12/G12) -> 0.015086207
A13: O3C1 | B13: CONGREGATE MEALS GRAB AND GO | G13: 9.28 | O13: O3C1 | P13: CONGREGATE MEALS GRAB AND GO | U13: 9.42 | AA13: =SUM(U13-G13) -> 0.14 | AB13: =SUM(AA13/G13) -> 0.015086207
A14: O3C1 | B14: CONGREGATE MEALS FOR MANAGED LONG-TERM CARE CLIENTS | G14: 9.28 | O14: O3C1 | P14: CONGREGATE MEALS FOR MANAGED LONG-TERM CARE CLIENTS | U14: 9.42 | AA14: =SUM(U14-G14) -> 0.14 | AB14: =SUM(AA14/G14) -> 0.015086207
A15: O3C1 | B15: CONGREGATE HOLIDAY/EMERGENCY SHELF MEALS | G15: 9.28 | O15: O3C1 | P15: CONGREGATE HOLIDAY/EMERGENCY SHELF MEALS | U15: 9.42 | AA15: =SUM(U15-G15) -> 0.14 | AB15: =SUM(AA15/G15) -> 0.015086207
A16: O3C1 | B16: CONGREGATE MEALS VOLUNTEERS | G16: 9.28 | O16: O3C1 | P16: CONGREGATE MEALS VOLUNTEERS | U16: 9.42 | AA16: =SUM(U16-G16) -> 0.14 | AB16: =SUM(AA16/G16) -> 0.015086207
C17: 1 | D17: 850275.48 | E17: 114943 | F17: 8.16 | H17: 6.62 | I17: 9.06 | J17: 10.77 | K17: 7.35 | O17: O3C1 | P17: CONGREGATE MEALS BREAKFAST | Q17: 1 | R17: 700973.53 | S17: 33931 | T17: 8.33 | U17: 9.42 | V17: 6.75 | W17: 9.25 | X17: 11 | Y17: 7.5 | AA17: =SUM(U17-G17) -> 9.42 | AB17: 1 | AC17: New Service
A18: O3C1 | B18: EMERGENCY HOME DELIVERED SHELF MEALS | G18: 8.88 | O18: O3C1 | P18: EMERGENCY HOME DELIVERED SHELF MEALS | Q18: 1 | R18: 700973.53 | S18: 33931 | T18: 8.33 | U18: 9.3 | V18: 6.75 | W18: 9.25 | X18: 11 | Y18: 7.5 | AA18: =SUM(U18-G18) -> 0.42 | AB18: =SUM(AA18/G18) -> 0.047297297
A19: O3C1 | B19: NUTRITION EDUCATION | C19: 1 | D19: 850275.48 | E19: 114943 | F19: 8.16 | G19: 5.64 | H19: 6.62 | I19: 9.06 | J19: 10.77 | K19: 7.35 | O19: O3C1 | P19: NUTRITION EDUCATION | Q19: 1 | R19: 700973.53 | S19: 33931 | T19: 8.33 | U19: 5.64 | V19: 6.75 | W19: 9.25 | X19: 11 | Y19: 7.5 | AA19: =SUM(U19-G19) -> 0 | AB19: =SUM(AA19/G19) -> 0
A20: O3C1 | B20: NUTRITION COUNSELING - INDIVIDUAL | C20: 1 | D20: 850275.48 | E20: 114943 | F20: 8.16 | G20: 86.67 | H20: 6.62 | I20: 9.06 | J20: 10.77 | K20: 7.35 | O20: O3C1 | P20: NUTRITION COUNSELING - INDIVIDUAL | Q20: 1 | R20: 700973.53 | S20: 33931 | T20: 8.33 | U20: 90.99 | V20: 6.75 | W20: 9.25 | X20: 11 | Y20: 7.5 | AA20: =SUM(U20-G20) -> 4.32 | AB20: =SUM(AA20/G20) -> 0.049844237
A21: O3C1 | B21: OUTREACH | C21: 1 | D21: 850275.48 | E21: 114943 | F21: 8.16 | G21: 22.6 | H21: 6.62 | I21: 9.06 | J21: 10.77 | K21: 7.35 | O21: O3C1 | P21: OUTREACH | Q21: 1 | R21: 700973.53 | S21: 33931 | T21: 8.33 | U21: 22.6 | V21: 6.75 | W21: 9.25 | X21: 11 | Y21: 7.5 | AA21: =SUM(U21-G21) -> 0 | AB21: =SUM(AA21/G21) -> 0
A22: O3C1 | B22: SHOPPING ASSISTANCE | C22: 1 | D22: 850275.48 | E22: 114943 | F22: 8.16 | G22: 25.6 | H22: 6.62 | I22: 9.06 | J22: 10.77 | K22: 7.35 | O22: O3C1 | P22: SHOPPING ASSISTANCE | Q22: 1 | R22: 700973.53 | S22: 33931 | T22: 8.33 | U22: 0 | V22: 6.75 | W22: 9.25 | X22: 11 | Y22: 7.5 | AA22: =SUM(U22-G22) -> -25.6 | AB22: =SUM(AA22/G22) -> -1 | AC22: Removed Service
A23: O3C1 | B23: ASSURANCE (TELEPHONE & IN-PERSON) | C23: 1 | D23: 850275.48 | E23: 114943 | F23: 8.16 | G23: 25.6 | H23: 6.62 | I23: 9.06 | J23: 10.77 | K23: 7.35 | O23: O3C1 | P23: ASSURANCE (TELEPHONE & IN-PERSON) | Q23: 1 | R23: 700973.53 | S23: 33931 | T23: 8.33 | U23: 26.75 | V23: 6.75 | W23: 9.25 | X23: 11 | Y23: 7.5 | AA23: =SUM(U23-G23) -> 1.15 | AB23: =SUM(AA23/G23) -> 0.044921875
A24: O3C2 | B24: EMERGENCY HOME DELIVERED SHELF MEALS | C24: 1 | D24: 850275.48 | E24: 114943 | F24: 8.16 | G24: 8.88 | H24: 6.62 | I24: 9.06 | J24: 10.77 | K24: 7.35 | O24: O3C2 | P24: EMERGENCY HOME DELIVERED SHELF MEALS | Q24: 1 | R24: 700973.53 | S24: 33931 | T24: 8.33 | U24: 9.3 | V24: 6.75 | W24: 9.25 | X24: 11 | Y24: 7.5 | AA24: =SUM(U24-G24) -> 0.42 | AB24: =SUM(AA24/G24) -> 0.047297297
A25: O3C2 | B25: HOME DELIVERED MEALS | C25: 1 | D25: 850275.48 | E25: 114943 | F25: 8.16 | G25: 8.88 | H25: 6.62 | I25: 9.06 | J25: 10.77 | K25: 7.35 | O25: O3C2 | P25: HOME DELIVERED MEALS | Q25: 1 | R25: 700973.53 | S25: 33931 | T25: 8.33 | U25: 9.3 | V25: 6.75 | W25: 9.25 | X25: 11 | Y25: 7.5 | AA25: =SUM(U25-G25) -> 0.42 | AB25: =SUM(AA25/G25) -> 0.047297297
A26: O3C2 | B26: HOME DELIVERED MEAL GUEST | C26: 1 | D26: 850275.48 | E26: 114943 | F26: 8.16 | G26: 8.88 | H26: 6.62 | I26: 9.06 | J26: 10.77 | K26: 7.35 | O26: O3C2 | P26: HOME DELIVERED MEAL GUEST | Q26: 1 | R26: 700973.53 | S26: 33931 | T26: 8.33 | U26: 9.3 | V26: 6.75 | W26: 9.25 | X26: 11 | Y26: 7.5 | AA26: =SUM(U26-G26) -> 0.42 | AB26: =SUM(AA26/G26) -> 0.047297297
A27: O3C2 | B27: NUTRITION EDUCATION | C27: 1 | D27: 850275.48 | E27: 114943 | F27: 8.16 | G27: 5.64 | H27: 6.62 | I27: 9.06 | J27: 10.77 | K27: 7.35 | O27: O3C2 | P27: NUTRITION EDUCATION | Q27: 1 | R27: 700973.53 | S27: 33931 | T27: 8.33 | U27: 5.64 | V27: 6.75 | W27: 9.25 | X27: 11 | Y27: 7.5 | AA27: =SUM(U27-G27) -> 0 | AB27: =SUM(AA27/G27) -> 0
A28: O3C2 | B28: NUTRITION COUNSELING - INDIVIDUAL | C28: 1 | D28: 850275.48 | E28: 114943 | F28: 8.16 | G28: 87 | H28: 6.62 | I28: 9.06 | J28: 10.77 | K28: 7.35 | O28: O3C2 | P28: NUTRITION COUNSELING - INDIVIDUAL | Q28: 1 | R28: 700973.53 | S28: 33931 | T28: 8.33 | U28: 91.34 | V28: 6.75 | W28: 9.25 | X28: 11 | Y28: 7.5 | AA28: =SUM(U28-G28) -> 4.34 | AB28: =SUM(AA28/G28) -> 0.049885057
A29: O3C2 | B29: OUTREACH | C29: 1 | D29: 850275.48 | E29: 114943 | F29: 8.16 | G29: 22.6 | H29: 6.62 | I29: 9.06 | J29: 10.77 | K29: 7.35 | O29: O3C2 | P29: OUTREACH | Q29: 1 | R29: 700973.53 | S29: 33931 | T29: 8.33 | U29: 22.6 | V29: 6.75 | W29: 9.25 | X29: 11 | Y29: 7.5 | AA29: =SUM(U29-G29) -> 0 | AB29: =SUM(AA29/G29) -> 0
A30: O3C2 | B30: SHOPPING ASSISTANCE | C30: 1 | D30: 850275.48 | E30: 114943 | F30: 8.16 | G30: 25.6 | H30: 6.62 | I30: 9.06 | J30: 10.77 | K30: 7.35 | O30: O3C2 | P30: SHOPPING ASSISTANCE | Q30: 1 | R30: 700973.53 | S30: 33931 | T30: 8.33 | U30: 0 | V30: 6.75 | W30: 9.25 | X30: 11 | Y30: 7.5 | AA30: =SUM(U30-G30) -> -25.6 | AB30: =SUM(AA30/G30) -> -1 | AC30: Removed Service
A31: O3C2 | B31: ASSURANCE (TELEPHONE & IN-PERSON) | C31: 1 | D31: 850275.48 | E31: 114943 | F31: 8.16 | G31: 25.6 | H31: 6.62 | I31: 9.06 | J31: 10.77 | K31: 7.35 | O31: O3C2 | P31: ASSURANCE (TELEPHONE & IN-PERSON) | Q31: 1 | R31: 700973.53 | S31: 33931 | T31: 8.33 | U31: 26.75 | V31: 6.75 | W31: 9.25 | X31: 11 | Y31: 7.5 | AA31: =SUM(U31-G31) -> 1.15 | AB31: =SUM(AA31/G31) -> 0.044921875
A32: OA3B | B32: ADCO ADULT DAY CARE - DAYS | C32: 1 | D32: 850275.48 | E32: 114943 | F32: 8.16 | G32: 160 | H32: 6.62 | I32: 9.06 | J32: 10.77 | K32: 7.35 | O32: OA3B | P32: ADCO ADULT DAY CARE - DAYS | Q32: 1 | R32: 700973.53 | S32: 33931 | T32: 8.33 | U32: 154.15 | V32: 6.75 | W32: 9.25 | X32: 11 | Y32: 7.5 | AA32: =SUM(U32-G32) -> -5.85 | AB32: =SUM(AA32/G32) -> -0.0365625
A33: OA3B | B33: CHORE | C33: 1 | D33: 850275.48 | E33: 114943 | F33: 8.16 | G33: 65.12 | H33: 6.62 | I33: 9.06 | J33: 10.77 | K33: 7.35 | O33: OA3B | P33: CHORE | Q33: 1 | R33: 700973.53 | S33: 33931 | T33: 8.33 | U33: 68.37 | V33: 6.75 | W33: 9.25 | X33: 11 | Y33: 7.5 | AA33: =SUM(U33-G33) -> 3.25 | AB33: =SUM(AA33/G33) -> 0.049907862
A34: OA3B | B34: EMERGENCY ALERT RESPONSE | C34: 1 | D34: 850275.48 | E34: 114943 | F34: 8.16 | G34: 1.08 | H34: 6.62 | I34: 9.06 | J34: 10.77 | K34: 7.35 | O34: OA3B | P34: EMERGENCY ALERT RESPONSE | Q34: 1 | R34: 700973.53 | S34: 33931 | T34: 8.33 | U34: 1.13 | V34: 6.75 | W34: 9.25 | X34: 11 | Y34: 7.5 | AA34: =SUM(U34-G34) -> 0.05 | AB34: =SUM(AA34/G34) -> 0.046296296
A35: OA3B | B35: EDUCG EDUCATION/TRAINING - GROUP | C35: 1 | D35: 850275.48 | E35: 114943 | F35: 8.16 | G35: 71.25 | H35: 6.62 | I35: 9.06 | J35: 10.77 | K35: 7.35 | O35: OA3B | P35: EDUCG EDUCATION/TRAINING - GROUP | Q35: 1 | R35: 700973.53 | S35: 33931 | T35: 8.33 | U35: 73.39 | V35: 6.75 | W35: 9.25 | X35: 11 | Y35: 7.5 | AA35: =SUM(U35-G35) -> 2.14 | AB35: =SUM(AA35/G35) -> 0.030035088
A36: OA3B | B36: EDUCI EDUCATION/TRAINING - INDIVIDUAL | C36: 1 | D36: 850275.48 | E36: 114943 | F36: 8.16 | G36: 135 | H36: 6.62 | I36: 9.06 | J36: 10.77 | K36: 7.35 | O36: OA3B | P36: EDUCI EDUCATION/TRAINING - INDIVIDUAL | Q36: 1 | R36: 700973.53 | S36: 33931 | T36: 8.33 | U36: 139.05 | V36: 6.75 | W36: 9.25 | X36: 11 | Y36: 7.5 | AA36: =SUM(U36-G36) -> 4.05 | AB36: =SUM(AA36/G36) -> 0.03
A37: OA3B | B37: HOMEMAKER | C37: 1 | D37: 850275.48 | E37: 114943 | F37: 8.16 | G37: 36.9 | H37: 6.62 | I37: 9.06 | J37: 10.77 | K37: 7.35 | O37: OA3B | P37: HOMEMAKER | Q37: 1 | R37: 700973.53 | S37: 33931 | T37: 8.33 | U37: 38.74 | V37: 6.75 | W37: 9.25 | X37: 11 | Y37: 7.5 | AA37: =SUM(U37-G37) -> 1.84 | AB37: =SUM(AA37/G37) -> 0.049864499
A38: OA3B | B38: INFORMATION | C38: 1 | D38: 850275.48 | E38: 114943 | F38: 8.16 | G38: 26.86 | H38: 6.62 | I38: 9.06 | J38: 10.77 | K38: 7.35 | O38: OA3B | P38: INFORMATION | Q38: 1 | R38: 850275.48 | S38: 114943 | T38: 8.16 | U38: 28.2 | V38: 6.75 | W38: 9.25 | X38: 11 | Y38: 7.5 | AA38: =SUM(U38-G38) -> 1.34 | AB38: =SUM(AA38/G38) -> 0.04988831
A39: OA3B | B39: INTAKE | C39: 1 | D39: 850275.48 | E39: 114943 | F39: 8.16 | G39: 95.5 | H39: 6.62 | I39: 9.06 | J39: 10.77 | K39: 7.35 | O39: OA3B | P39: INTAKE | Q39: 1 | R39: 850275.48 | S39: 114943 | T39: 8.16 | U39: 100 | V39: 6.75 | W39: 9.25 | X39: 11 | Y39: 7.5 | AA39: =SUM(U39-G39) -> 4.5 | AB39: =SUM(AA39/G39) -> 0.047120419
A40: OA3B | B40: LEGAL ASSISTANCE | C40: 1 | D40: 850275.48 | E40: 114943 | F40: 8.16 | G40: 106.66 | H40: 6.62 | I40: 9.06 | J40: 10.77 | K40: 7.35 | O40: OA3B | P40: LEGAL ASSISTANCE | Q40: 1 | R40: 850275.48 | S40: 114943 | T40: 8.16 | U40: 111 | V40: 6.75 | W40: 9.25 | X40: 11 | Y40: 7.5 | AA40: =SUM(U40-G40) -> 4.34 | AB40: =SUM(AA40/G40) -> 0.040690043
A41: OA3B | B41: MENTAL HEALTH COUNSELING/SCREENING - INDIVIDUAL | C41: 1 | D41: 850275.48 | E41: 114943 | F41: 8.16 | G41: 107.67 | H41: 6.62 | I41: 9.06 | J41: 10.77 | K41: 7.35 | O41: OA3B | P41: MENTAL HEALTH COUNSELING/SCREENING - INDIVIDUAL | Q41: 1 | R41: 850275.48 | S41: 114943 | T41: 8.16 | U41: 113 | V41: 6.75 | W41: 9.25 | X41: 11 | Y41: 7.5 | AA41: =SUM(U41-G41) -> 5.33 | AB41: =SUM(AA41/G41) -> 0.049503111
A42: OA3B | B42: OUTREACH | C42: 1 | D42: 850275.48 | E42: 114943 | F42: 8.16 | G42: 85.51 | H42: 6.62 | I42: 9.06 | J42: 10.77 | K42: 7.35 | O42: OA3B | P42: OUTREACH | Q42: 1 | R42: 850275.48 | S42: 114943 | T42: 8.16 | U42: 88.9 | V42: 6.75 | W42: 9.25 | X42: 11 | Y42: 7.5 | AA42: =SUM(U42-G42) -> 3.39 | AB42: =SUM(AA42/G42) -> 0.039644486
A43: OA3B | B43: PET SUPPORT SERVICES | C43: 1 | D43: 850275.48 | E43: 114943 | F43: 8.16 | G43: CRS | H43: 6.62 | I43: 9.06 | J43: 10.77 | K43: 7.35 | O43: OA3B | P43: PET SUPPORT SERVICES | Q43: 1 | R43: 850275.48 | S43: 114943 | T43: 8.16 | U43: CRS | V43: CRS | W43: CRS | X43: CRS | Y43: CRS | Z43: CRS | AA43: CRS | AB43: CRS
A44: OA3B | B44: REFERRAL/ASSISTANCE | C44: 1 | D44: 850275.48 | E44: 114943 | F44: 8.16 | G44: 26.86 | H44: 6.62 | I44: 9.06 | J44: 10.77 | K44: 7.35 | O44: OA3B | P44: REFERRAL/ASSISTANCE | Q44: 1 | R44: 850275.48 | S44: 114943 | T44: 8.16 | U44: 28.2 | V44: 6.75 | W44: 9.25 | X44: 11 | Y44: 7.5 | AA44: =SUM(U44-G44) -> 1.34 | AB44: =SUM(AA44/G44) -> 0.04988831
A45: OA3B | B45: SHOPPING ASSISTANCE | C45: 1 | D45: 850275.48 | E45: 114943 | F45: 8.16 | G45: 25.6 | H45: 6.62 | I45: 9.06 | J45: 10.77 | K45: 7.35 | O45: OA3B | P45: SHOPPING ASSISTANCE | Q45: 1 | R45: 850275.48 | S45: 114943 | T45: 8.16 | U45: 26.75 | V45: 6.75 | W45: 9.25 | X45: 11 | Y45: 7.5 | AA45: =SUM(U45-G45) -> 1.15 | AB45: =SUM(AA45/G45) -> 0.044921875
A46: OA3B | B46: TECHNOLOGY | C46: 1 | D46: 850275.48 | E46: 114943 | F46: 8.16 | G46: CRS | H46: 6.62 | I46: 9.06 | J46: 10.77 | K46: 7.35 | O46: OA3B | P46: TECHNOLOGY | Q46: 1 | R46: 850275.48 | S46: 114943 | T46: 8.16 | U46: CRS | V46: 6.75 | W46: 9.25 | X46: 11 | Y46: 7.5 | AA46: CRS | AB46: CRS
A47: OA3B | B47: TECHNOLOGY (EQUIPMENT PURCHASE/LEASE) | C47: 1 | D47: 850275.48 | E47: 114943 | F47: 8.16 | G47: CRS | H47: 6.62 | I47: 9.06 | J47: 10.77 | K47: 7.35 | O47: OA3B | P47: TECHNOLOGY (EQUIPMENT PURCHASE/LEASE) | Q47: 1 | R47: 850275.48 | S47: 114943 | T47: 8.16 | U47: CRS | V47: 6.75 | W47: 9.25 | X47: 11 | Y47: 7.5 | AA47: CRS | AB47: CRS
A48: OA3B | B48: TECHNOLOGY (INSTALL) | C48: 1 | D48: 850275.48 | E48: 114943 | F48: 8.16 | G48: CRS | H48: 6.62 | I48: 9.06 | J48: 10.77 | K48: 7.35 | O48: OA3B | P48: TECHNOLOGY (INSTALL) | Q48: 1 | R48: 850275.48 | S48: 114943 | T48: 8.16 | U48: CRS | V48: 6.75 | W48: 9.25 | X48: 11 | Y48: 7.5 | AA48: CRS | AB48: CRS
A49: OA3B | B49: TECHNOLOGY (STAFF SUPPORT) | C49: 1 | D49: 850275.48 | E49: 114943 | F49: 8.16 | G49: CRS | H49: 6.62 | I49: 9.06 | J49: 10.77 | K49: 7.35 | O49: OA3B | P49: TECHNOLOGY (STAFF SUPPORT) | Q49: 1 | R49: 850275.48 | S49: 114943 | T49: 8.16 | U49: CRS | V49: 6.75 | W49: 9.25 | X49: 11 | Y49: 7.5 | AA49: CRS | AB49: CRS
A50: OA3B | B50: ASSURANCE (TELEPHONE & IN-PERSON) | C50: 1 | D50: 850275.48 | E50: 114943 | F50: 8.16 | G50: 25.6 | H50: 6.62 | I50: 9.06 | J50: 10.77 | K50: 7.35 | O50: OA3B | P50: ASSURANCE (TELEPHONE & IN-PERSON) | Q50: 1 | R50: 850275.48 | S50: 114943 | T50: 8.16 | U50: 26.75 | V50: 6.75 | W50: 9.25 | X50: 11 | Y50: 7.5 | AA50: =SUM(U50-G50) -> 1.15 | AB50: =SUM(AA50/G50) -> 0.044921875
A51: OA3B | B51: TRANSPORTATION | C51: 1 | D51: 850275.48 | E51: 114943 | F51: 8.16 | G51: 31.11 | H51: 6.62 | I51: 9.06 | J51: 10.77 | K51: 7.35 | O51: OA3B | P51: TRANSPORTATION | Q51: 1 | R51: 850275.48 | S51: 114943 | T51: 8.16 | U51: 32.66 | V51: 6.75 | W51: 9.25 | X51: 11 | Y51: 7.5 | AA51: =SUM(U51-G51) -> 1.55 | AB51: =SUM(AA51/G51) -> 0.049823208
A52: OA3B | B52: TRANSPORTATION TO MEAL SITE FOR MANAGED LONG-TERM CARE CLIENTS | C52: 1 | D52: 850275.48 | E52: 114943 | F52: 8.16 | G52: 31.11 | H52: 6.62 | I52: 9.06 | J52: 10.77 | K52: 7.35 | O52: OA3B | P52: TRANSPORTATION TO MEAL SITE FOR MANAGED LONG-TERM CARE CLIENTS | Q52: 1 | R52: 850275.48 | S52: 114943 | T52: 8.16 | U52: 32.66 | V52: 6.75 | W52: 9.25 | X52: 11 | Y52: 7.5 | AA52: =SUM(U52-G52) -> 1.55 | AB52: =SUM(AA52/G52) -> 0.049823208
A53: OA3D | B53: BINGOCIZE | C53: 1 | D53: 850275.48 | E53: 114943 | F53: 8.16 | G53: 3611 | H53: 6.62 | I53: 9.06 | J53: 10.77 | K53: 7.35 | O53: OA3D | P53: BINGOCIZE | Q53: 1 | R53: 850275.48 | S53: 114943 | T53: 8.16 | U53: 3791 | V53: 6.75 | W53: 9.25 | X53: 11 | Y53: 7.5 | AA53: =SUM(U53-G53) -> 180 | AB53: =SUM(AA53/G53) -> 0.049847688
A54: OA3D | B54: CHRONIC DISEASE SELF-MANAGEMENT PROGRAM (EVIDENCE BASED PROGRAM) | C54: 1 | D54: 850275.48 | E54: 114943 | F54: 8.16 | G54: 4845 | H54: 6.62 | I54: 9.06 | J54: 10.77 | K54: 7.35 | O54: OA3D | P54: CHRONIC DISEASE SELF-MANAGEMENT PROGRAM (EVIDENCE BASED PROGRAM) | Q54: 1 | R54: 850275.48 | S54: 114943 | T54: 8.16 | U54: 5077.5 | V54: 6.75 | W54: 9.25 | X54: 11 | Y54: 7.5 | AA54: =SUM(U54-G54) -> 232.5 | AB54: =SUM(AA54/G54) -> 0.047987616
A55: OA3D | B55: CHRONIC PAIN SELF MANAGEMENT PROGRAM | C55: 1 | D55: 850275.48 | E55: 114943 | F55: 8.16 | G55: 5182.75 | H55: 6.62 | I55: 9.06 | J55: 10.77 | K55: 7.35 | O55: OA3D | P55: CHRONIC PAIN SELF MANAGEMENT PROGRAM | Q55: 1 | R55: 850275.48 | S55: 114943 | T55: 8.16 | U55: 5431.5 | V55: 6.75 | W55: 9.25 | X55: 11 | Y55: 7.5 | AA55: =SUM(U55-G55) -> 248.75 | AB55: =SUM(AA55/G55) -> 0.047995755
A56: OA3D | B56: DIABETES SELF-MANAGEMENT PROGRAM (EVIDENCE BASED PROGRAM) | C56: 1 | D56: 850275.48 | E56: 114943 | F56: 8.16 | G56: 4745.75 | H56: 6.62 | I56: 9.06 | J56: 10.77 | K56: 7.35 | O56: OA3D | P56: DIABETES SELF-MANAGEMENT PROGRAM (EVIDENCE BASED PROGRAM) | Q56: 1 | R56: 850275.48 | S56: 114943 | T56: 8.16 | U56: 4982 | V56: 6.75 | W56: 9.25 | X56: 11 | Y56: 7.5 | AA56: =SUM(U56-G56) -> 236.25 | AB56: =SUM(AA56/G56) -> 0.049781383
A57: OA3D | B57: ENHANCEFITNESS (EVIDENCE BASED PROGRAM) | C57: 1 | D57: 850275.48 | E57: 114943 | F57: 8.16 | G57: 3050.83 | H57: 6.62 | I57: 9.06 | J57: 10.77 | K57: 7.35 | O57: OA3D | P57: ENHANCEFITNESS (EVIDENCE BASED PROGRAM) | Q57: 1 | R57: 850275.48 | S57: 114943 | T57: 8.16 | U57: 3181.82 | V57: 6.75 | W57: 9.25 | X57: 11 | Y57: 7.5 | AA57: =SUM(U57-G57) -> 130.99 | AB57: =SUM(AA57/G57) -> 0.042935857
A58: OA3D | B58: MATTER OF BALANCE | C58: 1 | D58: 850275.48 | E58: 114943 | F58: 8.16 | G58: 4775 | H58: 6.62 | I58: 9.06 | J58: 10.77 | K58: 7.35 | O58: OA3D | P58: MATTER OF BALANCE | Q58: 1 | R58: 850275.48 | S58: 114943 | T58: 8.16 | U58: 5012.8 | V58: 6.75 | W58: 9.25 | X58: 11 | Y58: 7.5 | AA58: =SUM(U58-G58) -> 237.8 | AB58: =SUM(AA58/G58) -> 0.049801047
A59: OA3D | B59: SAVVY CAREGIVER | C59: 1 | D59: 850275.48 | E59: 114943 | F59: 8.16 | G59: 5542 | H59: 6.62 | I59: 9.06 | J59: 10.77 | K59: 7.35 | O59: OA3D | P59: SAVVY CAREGIVER | Q59: 1 | R59: 850275.48 | S59: 114943 | T59: 8.16 | U59: 5813.5 | V59: 6.75 | W59: 9.25 | X59: 11 | Y59: 7.5 | AA59: =SUM(U59-G59) -> 271.5 | AB59: =SUM(AA59/G59) -> 0.048989534
A60: OA3D | B60: ASSURANCE (TELEPHONE & IN-PERSON) | C60: 1 | D60: 850275.48 | E60: 114943 | F60: 8.16 | G60: 25.6 | H60: 6.62 | I60: 9.06 | J60: 10.77 | K60: 7.35 | O60: OA3D | P60: ASSURANCE (TELEPHONE & IN-PERSON) | Q60: 1 | R60: 850275.48 | S60: 114943 | T60: 8.16 | U60: 26.75 | V60: 6.75 | W60: 9.25 | X60: 11 | Y60: 7.5 | AA60: =SUM(U60-G60) -> 1.15 | AB60: =SUM(AA60/G60) -> 0.044921875
A61: OA3E | B61: ADCO ADULT DAY CARE - DAYS | C61: 1 | D61: 850275.48 | E61: 114943 | F61: 8.16 | G61: 147.01 | H61: 6.62 | I61: 9.06 | J61: 10.77 | K61: 7.35 | O61: OA3E | P61: ADCO ADULT DAY CARE - DAYS | Q61: 1 | R61: 850275.48 | S61: 114943 | T61: 8.16 | U61: 154.35 | V61: 6.75 | W61: 9.25 | X61: 11 | Y61: 7.5 | AA61: =SUM(U61-G61) -> 7.34 | AB61: =SUM(AA61/G61) -> 0.049928576
A62: OA3E | B62: CAREGIVER TRAIN/SUPPORT (GRP) | C62: 1 | D62: 850275.48 | E62: 114943 | F62: 8.16 | G62: 834.41 | H62: 6.62 | I62: 9.06 | J62: 10.77 | K62: 7.35 | O62: OA3E | P62: CAREGIVER TRAIN/SUPPORT (GRP) | Q62: 1 | R62: 850275.48 | S62: 114943 | T62: 8.16 | U62: 876.05 | V62: 6.75 | W62: 9.25 | X62: 11 | Y62: 7.5 | AA62: =SUM(U62-G62) -> 41.64 | AB62: =SUM(AA62/G62) -> 0.049903525
A63: OA3E | B63: DIRECT PAY RESPITE | C63: 1 | D63: 850275.48 | E63: 114943 | F63: 8.16 | G63: CRS | H63: 6.62 | I63: 9.06 | J63: 10.77 | K63: 7.35 | O63: OA3E | P63: DIRECT PAY RESPITE | Q63: 1 | R63: 850275.48 | S63: 114943 | T63: 8.16 | U63: CRS | V63: 6.75 | W63: 9.25 | X63: 11 | Y63: 7.5 | AA63: CRS | AB63: CRS
A64: OA3E | B64: HOME DELIVERED MEALS | C64: 1 | D64: 850275.48 | E64: 114943 | F64: 8.16 | G64: 9.59 | H64: 6.62 | I64: 9.06 | J64: 10.77 | K64: 7.35 | O64: OA3E | P64: HOME DELIVERED MEALS | Q64: 1 | R64: 850275.48 | S64: 114943 | T64: 8.16 | U64: 10.06 | V64: 6.75 | W64: 9.25 | X64: 11 | Y64: 7.5 | AA64: =SUM(U64-G64) -> 0.47 | AB64: =SUM(AA64/G64) -> 0.049009385
A65: OA3E | B65: COUNSELING (MENTAL HEALTH COUNSELING/SCREENING) - INDIVIDUAL | C65: 1 | D65: 850275.48 | E65: 114943 | F65: 8.16 | G65: 92.38 | H65: 6.62 | I65: 9.06 | J65: 10.77 | K65: 7.35 | O65: OA3E | P65: COUNSELING (MENTAL HEALTH COUNSELING/SCREENING) - INDIVIDUAL | Q65: 1 | R65: 850275.48 | S65: 114943 | T65: 8.16 | U65: 96.99 | V65: 6.75 | W65: 9.25 | X65: 11 | Y65: 7.5 | AA65: =SUM(U65-G65) -> 4.61 | AB65: =SUM(AA65/G65) -> 0.049902576
A66: OA3E | B66: OUTREACH | C66: 1 | D66: 850275.48 | E66: 114943 | F66: 8.16 | G66: 98.22 | H66: 6.62 | I66: 9.06 | J66: 10.77 | K66: 7.35 | O66: OA3E | P66: OUTREACH | Q66: 1 | R66: 850275.48 | S66: 114943 | T66: 8.16 | U66: 102.35 | V66: 6.75 | W66: 9.25 | X66: 11 | Y66: 7.5 | AA66: =SUM(U66-G66) -> 4.13 | AB66: =SUM(AA66/G66) -> 0.042048463
A67: OA3E | B67: REFERRAL/ASSISTANCE | C67: 1 | D67: 850275.48 | E67: 114943 | F67: 8.16 | G67: 98.22 | H67: 6.62 | I67: 9.06 | J67: 10.77 | K67: 7.35 | O67: OA3E | P67: REFERRAL/ASSISTANCE | Q67: 1 | R67: 850275.48 | S67: 114943 | T67: 8.16 | U67: 102.35 | V67: 6.75 | W67: 9.25 | X67: 11 | Y67: 7.5 | AA67: =SUM(U67-G67) -> 4.13 | AB67: =SUM(AA67/G67) -> 0.042048463
A68: OA3E | B68: RESPITE IN-FACILITY | C68: 1 | D68: 850275.48 | E68: 114943 | F68: 8.16 | G68: 18.38 | H68: 6.62 | I68: 9.06 | J68: 10.77 | K68: 7.35 | O68: OA3E | P68: RESPITE IN-FACILITY | Q68: 1 | R68: 850275.48 | S68: 114943 | T68: 8.16 | U68: 19.29 | V68: 6.75 | W68: 9.25 | X68: 11 | Y68: 7.5 | AA68: =SUM(U68-G68) -> 0.91 | AB68: =SUM(AA68/G68) -> 0.049510337
A69: OA3E | B69: RESPITE IN-HOME | C69: 1 | D69: 850275.48 | E69: 114943 | F69: 8.16 | G69: 30.44 | H69: 6.62 | I69: 9.06 | J69: 10.77 | K69: 7.35 | O69: OA3E | P69: RESPITE IN-HOME | Q69: 1 | R69: 850275.48 | S69: 114943 | T69: 8.16 | U69: 31.96 | V69: 6.75 | W69: 9.25 | X69: 11 | Y69: 7.5 | AA69: =SUM(U69-G69) -> 1.52 | AB69: =SUM(AA69/G69) -> 0.049934297
A70: OA3E | B70: SHOPPING ASSISTANCE | C70: 1 | D70: 850275.48 | E70: 114943 | F70: 8.16 | G70: 25.6 | H70: 6.62 | I70: 9.06 | J70: 10.77 | K70: 7.35 | O70: OA3E | P70: SHOPPING ASSISTANCE | Q70: 1 | R70: 850275.48 | S70: 114943 | T70: 8.16 | U70: 26.88 | V70: 6.75 | W70: 9.25 | X70: 11 | Y70: 7.5 | AA70: =SUM(U70-G70) -> 1.28 | AB70: =SUM(AA70/G70) -> 0.05
A71: OA3E | B71: SAVVY CAREGIVER | C71: 1 | D71: 850275.48 | E71: 114943 | F71: 8.16 | G71: 894.01 | H71: 6.62 | I71: 9.06 | J71: 10.77 | K71: 7.35 | O71: OA3E | P71: SAVVY CAREGIVER | Q71: 1 | R71: 850275.48 | S71: 114943 | T71: 8.16 | U71: 938.62 | V71: 6.75 | W71: 9.25 | X71: 11 | Y71: 7.5 | AA71: =SUM(U71-G71) -> 44.61 | AB71: =SUM(AA71/G71) -> 0.049898771
A72: OA3E | B72: SCREENING & ASSESSMENT | C72: 1 | D72: 850275.48 | E72: 114943 | F72: 8.16 | G72: 98.22 | H72: 6.62 | I72: 9.06 | J72: 10.77 | K72: 7.35 | O72: OA3E | P72: SCREENING & ASSESSMENT | Q72: 1 | R72: 850275.48 | S72: 114943 | T72: 8.16 | U72: 102.35 | V72: 6.75 | W72: 9.25 | X72: 11 | Y72: 7.5 | AA72: =SUM(U72-G72) -> 4.13 | AB72: =SUM(AA72/G72) -> 0.042048463
A73: OA3E | B73: TECHNOLOGY | C73: 1 | D73: 850275.48 | E73: 114943 | F73: 8.16 | G73: CRS | H73: 6.62 | I73: 9.06 | J73: 10.77 | K73: 7.35 | O73: OA3E | P73: TECHNOLOGY | Q73: 1 | R73: 850275.48 | S73: 114943 | T73: 8.16 | U73: CRS | V73: CRS | W73: CRS | X73: CRS | Y73: CRS | Z73: CRS | AA73: CRS | AB73: CRS
A74: OA3E | B74: TECHNOLOGY (EQUIPMENT PURCHASE/LEASE) | C74: 1 | D74: 850275.48 | E74: 114943 | F74: 8.16 | G74: CRS | H74: 6.62 | I74: 9.06 | J74: 10.77 | K74: 7.35 | O74: OA3E | P74: TECHNOLOGY (EQUIPMENT PURCHASE/LEASE) | Q74: 1 | R74: 850275.48 | S74: 114943 | T74: 8.16 | U74: CRS | V74: CRS | W74: CRS | X74: CRS | Y74: CRS | Z74: CRS | AA74: CRS | AB74: CRS
A75: OA3E | B75: TECHNOLOGY (INSTALL) | C75: 1 | D75: 850275.48 | E75: 114943 | F75: 8.16 | G75: CRS | H75: 6.62 | I75: 9.06 | J75: 10.77 | K75: 7.35 | O75: OA3E | P75: TECHNOLOGY (INSTALL) | Q75: 1 | R75: 850275.48 | S75: 114943 | T75: 8.16 | U75: CRS | V75: CRS | W75: CRS | X75: CRS | Y75: CRS | Z75: CRS | AA75: CRS | AB75: CRS
A76: OA3E | B76: TECHNOLOGY (STAFF SUPPORT) | C76: 1 | D76: 850275.48 | E76: 114943 | F76: 8.16 | G76: CRS | H76: 6.62 | I76: 9.06 | J76: 10.77 | K76: 7.35 | O76: OA3E | P76: TECHNOLOGY (STAFF SUPPORT) | Q76: 1 | R76: 850275.48 | S76: 114943 | T76: 8.16 | U76: CRS | V76: CRS | W76: CRS | X76: CRS | Y76: CRS | Z76: CRS | AA76: CRS | AB76: CRS
A77: OA3E | B77: ASSURANCE (TELEPHONE & IN-PERSON) | C77: 1 | D77: 850275.48 | E77: 114943 | F77: 8.16 | G77: 25.6 | H77: 6.62 | I77: 9.06 | J77: 10.77 | K77: 7.35 | O77: OA3E | P77: ASSURANCE (TELEPHONE & IN-PERSON) | Q77: 1 | R77: 850275.48 | S77: 114943 | T77: 8.16 | U77: 26.75 | V77: 6.75 | W77: 9.25 | X77: 11 | Y77: 7.5 | AA77: =SUM(U77-G77) -> 1.15 | AB77: =SUM(AA77/G77) -> 0.044921875
A78: OA3E | B78: TRANSPORTATION | C78: 1 | D78: 850275.48 | E78: 114943 | F78: 8.16 | G78: 40.31 | H78: 6.62 | I78: 9.06 | J78: 10.77 | K78: 7.35 | O78: OA3E | P78: TRANSPORTATION | Q78: 1 | R78: 850275.48 | S78: 114943 | T78: 8.16 | U78: 42.32 | V78: 6.75 | W78: 9.25 | X78: 11 | Y78: 7.5 | AA78: =SUM(U78-G78) -> 2.01 | AB78: =SUM(AA78/G78) -> 0.049863557
A79: OA3EG | B79: LEGAL ASSISTANCE | C79: 1 | D79: 850275.48 | E79: 114943 | F79: 8.16 | G79: 152.98 | H79: 6.62 | I79: 9.06 | J79: 10.77 | K79: 7.35 | O79: OA3EG | P79: LEGAL ASSISTANCE | Q79: 1 | R79: 850275.48 | S79: 114943 | T79: 8.16 | U79: 160.61 | V79: 6.75 | W79: 9.25 | X79: 11 | Y79: 7.5 | AA79: =SUM(U79-G79) -> 7.63 | AB79: =SUM(AA79/G79) -> 0.049875801
A80: OA3EG | B80: ASSURANCE (TELEPHONE & IN-PERSON) | C80: 1 | D80: 850275.48 | E80: 114943 | F80: 8.16 | G80: 25.6 | H80: 6.62 | I80: 9.06 | J80: 10.77 | K80: 7.35 | O80: OA3EG | P80: ASSURANCE (TELEPHONE & IN-PERSON) | Q80: 1 | R80: 850275.48 | S80: 114943 | T80: 8.16 | U80: 26.75 | V80: 6.75 | W80: 9.25 | X80: 11 | Y80: 7.5 | AA80: =SUM(U80-G80) -> 1.15 | AB80: =SUM(AA80/G80) -> 0.044921875
A81: OA3ES | B81: CHORE | C81: 1 | D81: 850275.48 | E81: 114943 | F81: 8.16 | G81: 62.13 | H81: 6.62 | I81: 9.06 | J81: 10.77 | K81: 7.35 | O81: OA3ES | P81: CHORE | Q81: 1 | R81: 850275.48 | S81: 114943 | T81: 8.16 | U81: 65.23 | V81: 6.75 | W81: 9.25 | X81: 11 | Y81: 7.5 | AA81: =SUM(U81-G81) -> 3.1 | AB81: =SUM(AA81/G81) -> 0.049895381
A82: OA3ES | B82: DPSCSM SPECIALIZED MEDICAL EQUIPMENT, SERVICES, AND SUPPLIES - DIRECT PAY | C82: 1 | D82: 850275.48 | E82: 114943 | F82: 8.16 | G82: CRS | H82: 6.62 | I82: 9.06 | J82: 10.77 | K82: 7.35 | O82: OA3ES | P82: DPSCSM SPECIALIZED MEDICAL EQUIPMENT, SERVICES, AND SUPPLIES - DIRECT PAY | Q82: 1 | R82: 850275.48 | S82: 114943 | T82: 8.16 | U82: CRS | V82: 6.75 | W82: 9.25 | X82: 11 | Y82: 7.5 | AA82: CRS | AB82: CRS
A83: OA3ES | B83: EMERGENCY ALERT RESPONSE | C83: 1 | D83: 850275.48 | E83: 114943 | F83: 8.16 | G83: 2.15 | H83: 6.62 | I83: 9.06 | J83: 10.77 | K83: 7.35 | O83: OA3ES | P83: EMERGENCY ALERT RESPONSE | Q83: 1 | R83: 850275.48 | S83: 114943 | T83: 8.16 | U83: 2.25 | V83: 6.75 | W83: 9.25 | X83: 11 | Y83: 7.5 | AA83: =SUM(U83-G83) -> 0.1 | AB83: =SUM(AA83/G83) -> 0.046511628
A84: OA3ES | B84: HOUSING IMPROVEMENT | C84: 1 | D84: 850275.48 | E84: 114943 | F84: 8.16 | G84: CRS | H84: 6.62 | I84: 9.06 | J84: 10.77 | K84: 7.35 | O84: OA3ES | P84: HOUSING IMPROVEMENT | Q84: 1 | R84: 850275.48 | S84: 114943 | T84: 8.16 | U84: CRS | V84: CRS | W84: CRS | X84: CRS | Y84: CRS | Z84: CRS | AA84: CRS | AB84: CRS
A85: OA3ES | B85: MATERIAL AID | C85: 1 | D85: 850275.48 | E85: 114943 | F85: 8.16 | G85: CRS | H85: 6.62 | I85: 9.06 | J85: 10.77 | K85: 7.35 | O85: OA3ES | P85: MATERIAL AID | Q85: 1 | R85: 850275.48 | S85: 114943 | T85: 8.16 | U85: CRS | V85: CRS | W85: CRS | X85: CRS | Y85: CRS | Z85: CRS | AA85: CRS | AB85: CRS
A86: OA3ES | B86: SPECIALIZED MEDICAL EQUIPMENT, SERVICES, AND SUPPLIES | C86: 1 | D86: 850275.48 | E86: 114943 | F86: 8.16 | G86: CRS | H86: 6.62 | I86: 9.06 | J86: 10.77 | K86: 7.35 | O86: OA3ES | P86: SPECIALIZED MEDICAL EQUIPMENT, SERVICES, AND SUPPLIES | Q86: 1 | R86: 850275.48 | S86: 114943 | T86: 8.16 | U86: CRS | V86: CRS | W86: CRS | X86: CRS | Y86: CRS | Z86: CRS | AA86: CRS | AB86: CRS
A87: OA3ES | B87: SCSMD SPECIALIZED MEDICAL EQUIPMENT, SERVICES, AND SUPPLIES - DIRECT PAY | C87: 1 | D87: 850275.48 | E87: 114943 | F87: 8.16 | G87: CRS | H87: 6.62 | I87: 9.06 | J87: 10.77 | K87: 7.35 | O87: OA3ES | P87: SCSMD SPECIALIZED MEDICAL EQUIPMENT, SERVICES, AND SUPPLIES - DIRECT PAY | Q87: 1 | R87: 850275.48 | S87: 114943 | T87: 8.16 | U87: CRS | V87: CRS | W87: CRS | X87: CRS | Y87: CRS | Z87: CRS | AA87: CRS | AB87: CRS

Sheet Cost Analysis
A1: DOEA Cost Analysis For Non-Competitively Procured Contracts In Excess of Category II
A2: AGREEMENT INFORMATION (To be completed by the DOEA Contract Manager)
A3: CONTRACT NUMBER: | D3: EA027 | G3: TYPE OF SERVICE: | I3: Older Americans Act
A4: ORGANIZATIONAL AREA: | D4: PSA #
A5: CURRENT PROVIDER: | D5: AAA Name | G5: CONTRACT PERIOD: | I5: 01/01/2027 - 12/31/2027
G6: PREVIOUS PROVIDER: | I6: N/A
A7: PREVIOUS COST: | D7: N/A
A8: STATUTORY EXEMPTION: | G8: PROPOSED/CURRENT COST:
A10: COST ANALYSIS
A11: 1 | B11: 2 | C11: Column 3 | E11: Column 4 | F11: Column 5 | H11: 6 | I11: 7 | J11: 8
A12: Budget Category | C12: Line Item | E12: Amount | F12: % Allocated | H12: Allowable | I12: Reasonable | J12: Necessary
F13: to this Agreement
A14: Administration | B14: a. | C14: Salaries (List position titles and salaries below; add rows as necessary)
C30: SUB-TOTAL SALARIES
B31: b. | C31: Fringe Benefits
B32: c. | C32: Equipment (Purch & Lease)
B33: d. | C33: Communications & Utilities
B34: e. | C34: Travel
B35: f. | C35: Printing & Supplies
B36: g. | C36: Building Space
B37: h. | C37: Other (List below)
C55: TOTAL ADMINISTRATION
A56: Services | B56: i. | C56: Client Services (Attach details per instructions)
C57: Services
C60: TOTAL SERVICES
C61: CONTRACT TOTAL
A62: CERTIFICATION (to be signed by DOEA Contract Manager)
A63: I certify that the cost for each line item budget category has been evaluated and determined to be allowable, reasonable, and necessary as required by Section 216.3475, Florida Statutes. Documentation is on file evidencing the methodology used and the conclusions reached.
A65: Name | G65: Title
A67: Signature | G67: Date | J67: DFS Approved 06/12/2018

Sheet C.II.B.
A1: PSA: Original Submission Date: | L1: :)
A3: C.II.B. - OAA Budget Summary
A5: Instructions: Update all aqua-colored cells as appropriate. Purple cells are populated from the values entered in tab C.I.A. Carry Forward is not added at the time of the Area Plan. It will be added during Carry Forward amendments. The total Admin match must be at least 25 percent of the total funding. For titles III B, III CI, III CII, and III E, match must be at least 10 percent of the total funding (match may be pooled between III B, III CI., III C2, and III E.)
D7: (1) | F7: (2) | H7: (3) | J7: (4)
D8: Federal | F8: General | H8: Local Match/ | J8: TOTAL
D9: Funding | F9: Revenue | H9: CCE/HCE | J9: FUNDS
A10: 1. Area Agency Admin
A11: A. | B11: Current Year | D11: ='C.I.A.'!B16 -> 900792 | F11: ='C.I.A.'!D31 -> 27690 | J11: =SUM(D11:H11) -> 928482
A12: CONTRACT TOTAL | D12: =SUM(D11:D11) -> 900792 | F12: =SUM(F11:F11) -> 27690 | H12: =SUM(H11:H11) -> 0 | J12: =SUM(D12:H12) -> 928482
A13: B. | B13: CCE GR Administration | H13: ='C.I.A.'!D32 -> 68071 | J13: =SUM(D13:H13) -> 68071
A14: C. | B14: HCE GR Administration | H14: ='C.I.A.'!D34 -> 78002 | J14: =SUM(D14:H14) -> 78002
A15: D. | B15: LSP Admin | H15: ='C.I.A.'!D39*0 -> 0 | J15: =SUM(D15:H15) -> 0
A16: E. | B16: LSP Services | H16: 0 | J16: =SUM(D16:H16) -> 0
A17: F. | B17: Local Match | H17: 154191 | J17: =SUM(D17:H17) -> 154191 | M17: Admin Match Check
A18: TOTAL ADMIN | D18: =SUM(D12:D17) -> 900792 | F18: =SUM(F12:F17) -> 27690 | H18: =SUM(H12:H17) -> 300264 | J18: =SUM(D18:H18) -> 1228746 | M18: =(F18+H18)/J18 -> 0.26690138 | N18: ← Must be atleast 25%
A19: 2. Title IIIB
A20: A. | B20: Supportive Services
A21: (1) | B21: Current Year | D21: ='C.I.A.'!C16 -> 3216099 | J21: =SUM(D21:H21) -> 3216099
A22: TOTAL | D22: =SUM(D21:D21) -> 3216099 | H22: =D22/0.9*0.1 -> 357344.33 | J22: =SUM(D22:H22) -> 3573443.3 | M22: =H22/J22 -> 0.1 | N22: ← Must be atleast 10%
A23: B. | B23: IIIB Set-Aside (also included in Total) | D23: ='C.I.A.'!C20 -> 175623 | J23: =SUM(D23:H23) -> 175623
A24: C. | B24: IIIB Disaster Recovery Reserve (also included in Total) | D24: ='C.I.A.'!C21 -> 3738 | J24: =SUM(D24:H24) -> 3738
A25: 3. Title IIIC1 Nutrition Services
A26: A. | B26: Current Year | D26: ='C.I.A.'!D16 -> 711319.4 | J26: =SUM(D26:H26) -> 711319.4
A27: TOTAL | D27: =SUM(D26:D26) -> 711319.4 | H27: =D27/0.9*0.1 -> 79035.489 | J27: =SUM(D27:H27) -> 790354.89 | M27: =H27/J27 -> 0.1 | N27: ← Must be atleast 10%
A28: B. | B28: IIIC1 Disaster Recovery Reserve (also included in Total) | D28: ='C.I.A.'!D21 -> 5608 | J28: =SUM(D28:H28) -> 5608
A29: 4. Title IIIC2 Nutrition Services
A30: A. | B30: Current Year | D30: ='C.I.A.'!E16 -> 3012856.6 | J30: =SUM(D30:H30) -> 3012856.6
A31: TOTAL | D31: =SUM(D30:D30) -> 3012856.6 | H31: =D31/0.9*0.1 -> 334761.84 | J31: =SUM(D31:H31) -> 3347618.4 | M31: =H31/J31 -> 0.1 | N31: ← Must be atleast 10%
A32: B. | B32: IIIC2 Disaster Recovery Reserve (also included in Total) | D32: ='C.I.A.'!E21 -> 5608 | J32: =SUM(D32:H32) -> 5608
A33: 5. Title IIID Preventive Health
A34: A. | B34: Current Year | D34: ='C.I.A.'!G16 -> 168886 | J34: =SUM(D34:H34) -> 168886
A35: TOTAL | D35: =SUM(D34:D34) -> 168886 | J35: =SUM(D35:H35) -> 168886
A36: 6. Title IIIE Caregiver Support Services
A37: A. | B37: Current Year | D37: ='C.I.A.'!H18 -> 917260 | J37: =SUM(D37:H37) -> 917260
A38: TOTAL | D38: =SUM(D37:D37) -> 917260 | H38: =D38/0.9*0.1 -> 101917.78 | J38: =SUM(D38:H38) -> 1019177.8 | M38: =H38/J38 -> 0.1 | N38: ← Must be atleast 10%
A39: 7. NSIP
A40: A. | B40: Current Year | D40: ='C.I.A.'!I16 -> 234489 | J40: =SUM(D40:H40) -> 234489
A41: TOTAL | D41: =SUM(D40:D40) -> 234489 | J41: =SUM(D41:H41) -> 234489
A42: 8. Total Federal Current Year Funds Awarded
A43: (Sum of 1.A, 2.A(1), 3.A, 4.A, 5.A., 6.A, 7.A) | D43: =SUM(D11,D21,D26,D30,D34,D37,D40) -> 9161702
A44: 9. Total GR Awarded
A45: (Total of column 2) | D45: =F18 -> 27690
A46: 10. Total of All Funds to be Received
A47: (Sum of 8 & 9) | D47: =D43+D45 -> 9189392

Sheet C.II.A.
AD1: ='[1]C.I.A.'!A1 -> PSA: 5 Original Submission Date: | AH1: 46265 | AL1: AGENDA# 18.B. | BY1: :)
AD3: C.II.A. - AREA AGENCY ON AGING OPERATING BUDGET SUMMARY AND ALLOCATIONS
AD4: NAME OF AGENCY: | AH4: Area Agency on Aging of Pasco-Pinellas, Inc.
AD5: BUDGET YEAR - 2027 | AE5: 2027
AD7: PERSONNEL SALARIES | AH7: =+AI116 -> 4409134
AD8: IN KIND SALARIES | AH8: =+AI127 -> 0
AD9: FRINGE BENEFITS | AH9: =+AI141 -> 1421187.3
AD10: TOTAL PERSONNEL COSTS | AH10: =+AI142 -> 5830321.2
AD11: TRAVEL | AH11: =+AI153 -> 61468.15
AD12: BUILDING SPACE | AH12: =+AI164 -> 504693.32
AD13: COMMUNICATIONS & UTILITIES | AH13: =+AI176 -> 77571.56
AD14: PRINTING & SUPPLIES | AH14: =+AI185 -> 43943.21
AD15: EQUIPMENT | AH15: =+AI197 -> 273685.9
AD16: OTHER | AH16: =+AI220 -> 1760983.3
AD17: REVENUE | AH17: =+AI234 -> 9024647.5
AD20: 1. PERSONNEL SALARIES
B21: Employee Information | M21: WC | N21: Add amount for WC | P21: Bonus | Q21: Oct Merit Raise | R21: Merit Raise | S21: 9 Month | T21: 3 Month | U21: Total | V21: Total | X21: % of | Z21: EMP | AD21: LAST NAME | AE21: FIRST NAME | AF21: TITLE | AG21: GROSS | AH21: TOTAL | AI21: TOTAL | AJ21: TOTAL | AK21: TITLE | AL21: OAA | AM21: TITLE | AN21: TITLE | AO21: TITLE | AP21: TITLE | AQ21: TITLE | AR21: TITLE | AS21: TITLE | AT21: TITLE | AU21: TITLE | AV21: TITLE | AW21: TITLE | AX21: TITLE | AY21: TITLE | AZ21: TITLE | BA21: TITLE | BB21: TITLE | BC21: TITLE | BD21: TITLE | BE21: LSP | BF21: LSP | BG21: LSP | BH21: LSP | BI21: CCE | BJ21: CCE | BK21: CCE | BL21: ADI | BM21: ADI | BN21: HCE | BO21: EHEAP | BP21: EHEAP | BQ21: MEDICAID | BR21: ADRC | BS21: SHINE | BT21: OTHER PROJECTS | BU21: OTHER | BV21: TOTAL | BW21: TOTAL | BX21: %
J22: TOTAL | K22: 0.75 | L22: 0.25 | N22: WC | O22: COLA/Specific Amount | P22: 500 | Q22: 9 months Oct1 - Sept30 | R22: 3 months - Oct - Dec | V22: 2027 | W22: Hourly Rate b4 10/01/26 | X22: FTE | Z22: ID | AG22: AVAILABLE | AH22: BUDGET | AI22: BUDGET | AJ22: LEAVE $ | AK22: IIIB | AL22: AAA | AM22: IIIB | AN22: IIIB | AO22: IIIB | AP22: IIIB | AQ22: IIIB | AR22: IIIB | AS22: IIIB | AT22: IIIB | AU22: IIIB | AV22: IIIB | AW22: IIID | AX22: IIID | AY22: IIID | AZ22: IIID | BA22: IIID | BB22: IIID | BC22: VII | BD22: IIIE | BE22: LSP | BF22: LSP | BG22: LSP | BH22: LSP | BI22: CCE | BJ22: CCE | BK22: CCE | BL22: ADI | BM22: ADI | BN22: HCE | BO22: EHEAP | BP22: EHEAP | BQ22: WAIVER | BR22: (MAC) | BT22: DOEA | BU22: PROJECTS | BV22: DOEA | BW22: BUDGET | BX22: BUDGET
A23: EMPLOYEE ID | B23: EMPLOYEE NAME | C23: EMPLOYEE NAME | D23: HEALTH INSURANCE ENROLLMENT | E23: HIRE/REHIRE DATE | F23: VACATION HOURS EARNED | G23: SICK HOURS EARNED | H23: WEEKS | I23: AVAILABLE WORKING HOURS | J23: LEAVE HOURS BUDGET PERIOD | K23: OF LEAVE | L23: OF LEAVE | M23: WORKERS COMPENSATION CODE | N23: CODE | O23: 0.01 | Q23: 2027 Hourly Rate | R23: 0.03 | S23: Wages for Working Hours | T23: Wages for Working Hours | U23: Wages for Working Hours | V23: TOTAL WAGES | W23: 2026 | AA23: EMPLOYEE LAST NAME | AB23: EMPLOYEE FIRST NAME | AC23: Eligible for Increase ??? | AG23: HOURS | AH23: CURRENT 2026 | AI23: PROPOSED 2027 | AJ23: IN SALARIES 2027 | AK23: SET ASIDE | AL23: ADMIN | AM23: I&R | AN23: MHSI | AO23: INTAKE | AP23: OUTREACH | AQ23: EDUCATION INDIVIDUAL | AR23: EDUCATION GROUP | AS23: TELEPHONE REASSURANCE | AT23: CHORE | AU23: TECH SUPPORT | AV23: PET SUPPORT | AW23: DIABETES SELF MANAGEMENT | AX23: CHRONIC DISEASE SELF MANAGEMENT | AY23: CHRONIC PAIN SELF MANAGEMENT | AZ23: SAVVY CAREGIVER | BA23: BINGOCIZE | BB23: MATTER OF BALANCE | BC23: VII | BD23: IIIE | BE23: ADMIN | BF23: MHSI | BG23: CHORE | BH23: I&R | BI23: ADMIN | BJ23: I&R | BK23: INTAKE | BL23: ADMIN | BM23: INTAKE | BN23: ADMIN | BO23: ADMIN | BP23: OUTREACH | BQ23: SPECIALISTS ADMIN | BS23: SHINE | BT23: (MIPPA, SMP) | BU23: NON-DOEA | BV23: ALLOCATED FUNDS | BW23: CHANGE | BX23: CHANGE
B24: Ahrens | C24: Shelly | D24: Employee | E24: 46196 | F24: 3.47 | G24: 3.47 | H24: 26 | I24: =AG24-J24 -> 1769.56 | J24: =SUM(F24+G24)*H24 -> 180.44 | K24: =J24*$K$22 -> 135.33 | L24: =J24*$L$22 -> 45.11 | M24: 8810 | N24: 0.1716 | Q24: =W24*1.03+O24 -> 24.205 | R24: =Q24*1.03 -> 24.93115 | S24: =SUM(Q24*((AG24*0.75)-K24)) -> 32124.15 | T24: =SUM(R24*((AG24*0.25)-L24)) -> 11029.291 | U24: =S24+T24 -> 43153.441 | V24: =Q24*(AG24*0.75)+R24*(AG24*0.25) -> 47553.748 | W24: 23.5 | X24: 1 | AD24: =B24 -> Ahrens | AE24: =C24 -> Shelly | AF24: Chore Coordinator | AG24: =1950*X24 -> 1950 | AH24: 0 | AI24: =SUM(AK24:BU24)-AJ24 -> 41768.383 | AJ24: =(Q24*K24)+(R24*L24) -> 4400.3068 | AK24: 0 | AL24: 0 | AM24: 0 | AN24: 0 | AO24: 0 | AP24: 0 | AQ24: 0 | AR24: 0 | AS24: 0 | AT24: 36934.95 | AU24: 0 | AV24: 0 | AW24: 0 | AX24: 0 | AY24: 0 | AZ24: 0 | BA24: 0 | BB24: 0 | BC24: 0 | BD24: 0 | BE24: 0 | BF24: 0 | BG24: 9233.74 | BH24: 0 | BI24: 0 | BJ24: 0 | BK24: 0 | BL24: 0 | BM24: 0 | BN24: 0 | BO24: 0 | BQ24: 0 | BR24: 0 | BS24: 0 | BT24: 0 | BU24: 0 | BV24: =SUM(AK24:BU24)-BU24 -> 46168.69 | BW24: =AI24-AH24 -> 41768.383 | BX24: =100%-(AH24/AI24) -> 1
A25: 213 | B25: Alvarado | C25: Francisco | D25: Employee + Spouse | E25: 44676 | F25: 5.19 | G25: 3.47 | H25: 26 | I25: =AG25-J25 -> 1724.84 | J25: =SUM(F25+G25)*H25 -> 225.16 | K25: =J25*$K$22 -> 168.87 | L25: =J25*$L$22 -> 56.29 | M25: 8810 | N25: 0.1716 | Q25: =W25*1.03+O25 -> 47.5654 | R25: =Q25*1.03 -> 48.992362 | S25: =SUM(Q25*((AG25*0.75)-K25)) -> 61532.028 | T25: =SUM(R25*((AG25*0.25)-L25)) -> 21125.996 | U25: =S25+T25 -> 82658.025 | V25: =Q25*(AG25*0.75)+R25*(AG25*0.25) -> 93448.174 | W25: 46.18 | X25: 1 | Y25: 1015 | Z25: =A25 -> 213 | AA25: =B25 -> Alvarado | AB25: =C25 -> Francisco | AD25: =AA25 -> Alvarado | AE25: =AB25 -> Francisco | AF25: IT Manager | AG25: =1950*X25 -> 1950 | AH25: 82341 | AI25: =SUM(AK25:BU25)-AJ25 -> 82658.031 | AJ25: =(Q25*K25)+(R25*L25) -> 10790.149 | AK25: 67282.69 | AL25: 934.48 | AM25: 4672.41 | AN25: 0 | AO25: 0 | AP25: 0 | AQ25: 0 | AR25: 0 | AS25: 0 | AT25: 0 | AU25: 0 | AV25: 0 | AW25: 0 | AX25: 0 | AY25: 0 | AZ25: 0 | BA25: 0 | BB25: 0 | BC25: 0 | BD25: 0 | BE25: 0 | BF25: 0 | BG25: 0 | BH25: 0 | BI25: 0 | BJ25: 0 | BK25: 8410.34 | BL25: 0 | BM25: 7475.85 | BN25: 0 | BO25: 4672.41 | BQ25: 0 | BR25: 0 | BS25: 0 | BT25: 0 | BU25: 0 | BV25: =SUM(AK25:BU25)-BU25 -> 93448.18 | BW25: =AI25-AH25 -> 317.03085 | BX25: =100%-(AH25/AI25) -> 0.0038354512
A26: 196 | B26: Aly | C26: Edita | D26: None | E26: 44389 | F26: 5.19 | G26: 3.47 | H26: 26 | I26: =AG26-J26 -> 1724.84 | J26: =SUM(F26+G26)*H26 -> 225.16 | K26: =J26*$K$22 -> 168.87 | L26: =J26*$L$22 -> 56.29 | M26: 8810 | N26: 0.1716 | Q26: =W26*1.03+O26 -> 31.9094 | R26: =Q26*1.03 -> 32.866682 | S26: =SUM(Q26*((AG26*0.75)-K26)) -> 41278.957 | T26: =SUM(R26*((AG26*0.25)-L26)) -> 14172.442 | U26: =S26+T26 -> 55451.399 | V26: =Q26*(AG26*0.75)+R26*(AG26*0.25) -> 62690.005 | W26: 30.98 | X26: 1 | Y26: 1005 | Z26: =A26 -> 196 | AA26: =B26 -> Aly | AB26: =C26 -> Edita | AD26: =AA26 -> Aly | AE26: =AB26 -> Edita | AF26: Grant Accountant | AG26: =1950*X26 -> 1950 | AH26: 55236 | AI26: =SUM(AK26:BU26)-AJ26 -> 55451.394 | AJ26: =(Q26*K26)+(R26*L26) -> 7238.6059 | AK26: 0 | AL26: 3761.4 | AM26: 2507.6 | AN26: 0 | AO26: 1880.7 | AP26: 0 | AQ26: 0 | AR26: 0 | AS26: 0 | AT26: 2507.6 | AU26: 0 | AV26: 0 | AW26: 0 | AX26: 0 | AY26: 2507.6 | AZ26: 0 | BA26: 0 | BB26: 1253.8 | BC26: 0 | BD26: 0 | BE26: 0 | BF26: 0 | BG26: 1880.7 | BH26: 0 | BI26: 0 | BJ26: 0 | BK26: 8776.6 | BL26: 0 | BM26: 0 | BN26: 0 | BO26: 0 | BQ26: 0 | BR26: 0 | BS26: 10657.3 | BT26: =15672.5+11284.2 -> 26956.7 | BU26: 0 | BV26: =SUM(AK26:BU26)-BU26 -> 62690 | BW26: =AI26-AH26 -> 215.39409 | BX26: =100%-(AH26/AI26) -> 0.0038843765
A27: 246 | B27: Arciniegas | C27: Jessica | D27: Employee+Spouse | E27: 45054 | F27: 3.47 | G27: 3.47 | H27: 26 | I27: =AG27-J27 -> 1769.56 | J27: =SUM(F27+G27)*H27 -> 180.44 | K27: =J27*$K$22 -> 135.33 | L27: =J27*$L$22 -> 45.11 | M27: 8810 | N27: 0.1716 | Q27: =W27*1.03+O27 -> 25.0084 | R27: =Q27*1.03 -> 25.758652 | S27: =SUM(Q27*((AG27*0.75)-K27)) -> 33190.398 | T27: =SUM(R27*((AG27*0.25)-L27)) -> 11395.37 | U27: =S27+T27 -> 44585.768 | V27: =Q27*(AG27*0.75)+R27*(AG27*0.25) -> 49132.128 | W27: 24.28 | X27: 1 | Y27: 1005 | Z27: =A27 -> 246 | AA27: =B27 -> Arciniegas | AB27: =C27 -> Jessica | AD27: =AA27 -> Arciniegas | AE27: =AB27 -> Jessica | AF27: HR Generalist | AG27: =1950*X27 -> 1950 | AH27: 43282 | AI27: =SUM(AK27:BU27)-AJ27 -> 44585.75 | AJ27: =(Q27*K27)+(R27*L27) -> 4546.3596 | AK27: 0 | AL27: 20144.17 | AM27: 7861.14 | AN27: 491.32 | AO27: 0 | AP27: 982.64 | AQ27: 0 | AR27: 0 | AS27: 0 | AT27: 0 | AU27: 0 | AV27: 0 | AW27: 0 | AX27: 0 | AY27: 0 | AZ27: 0 | BA27: 0 | BB27: 0 | BC27: 0 | BD27: 1473.96 | BE27: 0 | BF27: 491.32 | BG27: 0 | BH27: 0 | BI27: 0 | BJ27: 491.32 | BK27: 12283.03 | BL27: 0 | BM27: 4913.21 | BN27: 0 | BO27: 0 | BQ27: 0 | BS27: 0 | BT27: 0 | BU27: 0 | BV27: =SUM(AK27:BU27)-BU27 -> 49132.11 | BW27: =AI27-AH27 -> 1303.7504 | BX27: =100%-(AH27/AI27) -> 0.029241415
A28: 149 | B28: Arias | C28: Michelle | D28: None | E28: 45082 | F28: 3.47 | G28: 3.47 | H28: 26 | I28: =AG28-J28 -> 1769.56 | J28: =SUM(F28+G28)*H28 -> 180.44 | K28: =J28*$K$22 -> 135.33 | L28: =J28*$L$22 -> 45.11 | M28: 8742 | N28: 0.354 | Q28: =W28*1.03+O28 -> 26.5225 | R28: =Q28*1.03 -> 27.318175 | S28: =SUM(Q28*((AG28*0.75)-K28)) -> 35199.866 | T28: =SUM(R28*((AG28*0.25)-L28)) -> 12085.287 | U28: =S28+T28 -> 47285.154 | V28: =Q28*(AG28*0.75)+R28*(AG28*0.25) -> 52106.767 | W28: 25.75 | X28: 1 | Y28: 1065 | Z28: =A28 -> 149 | AA28: =B28 -> Arias | AB28: =C28 -> Michelle | AD28: =AA28 -> Arias | AE28: =AB28 -> Michelle | AF28: VA Case Manager | AG28: =1950*X28 -> 1950 | AH28: 0 | AI28: =SUM(AK28:BU28)-AJ28 -> 0 | AJ28: =SUM(AL28:BV28)-AK28 -> 52106.76 | AK28: 0 | AL28: 0 | AM28: 0 | AN28: 0 | AO28: 0 | AP28: 0 | AQ28: 0 | AR28: 0 | AS28: 0 | AT28: 0 | AU28: 0 | AV28: 0 | AW28: 0 | AX28: 0 | AY28: 0 | AZ28: 0 | BA28: 0 | BB28: 0 | BC28: 0 | BD28: 0 | BE28: 0 | BF28: 0 | BG28: 0 | BH28: 0 | BI28: 0 | BJ28: 0 | BK28: 0 | BL28: 0 | BM28: 0 | BN28: 0 | BO28: 0 | BQ28: 0 | BS28: 0 | BT28: 0 | BU28: =39080.07+13026.69 -> 52106.76 | BV28: =SUM(AK28:BU28)-BU28 -> 0 | BW28: =AI28-AH28 -> 0 | BX28: 0
B29: Armstrong | C29: Cheyenne | Y29: 1039 | AA29: =B29 -> Armstrong | AB29: =C29 -> Cheyenne | AD29: =AA29 -> Armstrong | AE29: =AB29 -> Cheyenne | AF29: Medicaid Benefits Counselor | AG29: =1950*X29 -> 0 | AH29: 35657 | AI29: =SUM(AK29:BU29)-AJ29 -> 0 | AJ29: =(Q29*K29)+(R29*L29) -> 0 | AK29: 0 | AL29: 0 | AM29: 0 | AN29: 0 | AO29: 0 | AP29: 0 | AQ29: 0 | AR29: 0 | AS29: 0 | AT29: 0 | AU29: 0 | AV29: 0 | AW29: 0 | AX29: 0 | AY29: 0 | AZ29: 0 | BA29: 0 | BB29: 0 | BC29: 0 | BD29: 0 | BE29: 0 | BF29: 0 | BG29: 0 | BH29: 0 | BI29: 0 | BJ29: 0 | BK29: 0 | BL29: 0 | BM29: 0 | BN29: 0 | BO29: 0 | BQ29: 0 | BS29: 0 | BT29: 0 | BU29: 0 | BV29: =SUM(AK29:BU29)-BU29 -> 0 | BW29: =AI29-AH29 -> -35657 | BX29: 0
A30: 9 | B30: Ayers | C30: Hubert | D30: Employee | E30: 34526 | F30: 6.92 | G30: 3.47 | H30: 26 | I30: =AG30-J30 -> 1679.86 | J30: =SUM(F30+G30)*H30 -> 270.14 | K30: =J30*$K$22 -> 202.605 | L30: =J30*$L$22 -> 67.535 | M30: 8810 | N30: 0.1716 | Q30: =W30 -> 47.802267 | R30: =Q30 -> 47.802267 | S30: =SUM(Q30*((AG30*0.75)-K30)) -> 60225.837 | T30: =SUM(R30*((AG30*0.25)-L30)) -> 20075.279 | U30: =S30+T30 -> 80301.116 | V30: =Q30*(AG30*0.75)+R30*(AG30*0.25) -> 93214.42 | W30: =3585.17/75 -> 47.802267 | X30: 1 | Y30: 1005 | Z30: =A30 -> 9 | AA30: =B30 -> Ayers | AB30: =C30 -> Hubert | AD30: =AA30 -> Ayers | AE30: =AB30 -> Hubert | AF30: Finance Manager | AG30: =1950*X30 -> 1950 | AH30: 83326 | AI30: =SUM(AK30:BU30)-AJ30 -> 80296.696 | AJ30: =(Q30*K30)+(R30*L30) -> 12913.304 | AK30: 0 | AL30: 39148.2 | AM30: 7456.8 | AN30: 0 | AO30: 0 | AP30: 0 | AQ30: 0 | AR30: 0 | AS30: 0 | AT30: 2796.3 | AU30: 0 | AV30: 0 | AW30: 0 | AX30: 0 | AY30: 0 | AZ30: 0 | BA30: 0 | BB30: 0 | BC30: 0 | BD30: 1864.2 | BE30: 0 | BF30: 0 | BG30: 0 | BH30: 0 | BI30: 2796.3 | BJ30: 0 | BK30: 18642 | BL30: 0 | BM30: 9321 | BN30: 932.1 | BO30: 4660.5 | BQ30: 0 | BS30: 0 | BT30: 0 | BU30: =3728.4+1864.2 -> 5592.6 | BV30: =SUM(AK30:BU30)-BU30 -> 87617.4 | BW30: =AI30-AH30 -> -3029.3043 | BX30: =100%-(AH30/AI30) -> -0.037726388
A31: 80 | B31: Barrows | C31: Tracy | D31: Employee + Spouse | E31: 38607 | F31: 6.92 | G31: 3.47 | H31: 26 | I31: =AG31-J31 -> 1679.86 | J31: =SUM(F31+G31)*H31 -> 270.14 | K31: =J31*$K$22 -> 202.605 | L31: =J31*$L$22 -> 67.535 | M31: 8810 | N31: 0.1716 | Q31: =W31*1.03 -> 45.1655 | R31: =Q31*1.03 -> 46.520465 | S31: =SUM(Q31*((AG31*0.75)-K31)) -> 56903.788 | T31: =SUM(R31*((AG31*0.25)-L31)) -> 19536.967 | U31: =S31+T31 -> 76440.755 | V31: =Q31*(AG31*0.75)+R31*(AG31*0.25) -> 88733.27 | W31: 43.85 | X31: 1 | Y31: 1010 | Z31: =A31 -> 80 | AA31: =B31 -> Barrows | AB31: =C31 -> Tracy | AD31: =AA31 -> Barrows | AE31: =AB31 -> Tracy | AF31: ADRC Director | AG31: =1950*X31 -> 1950 | AH31: 66183 | AI31: =SUM(AK31:BU31)-AJ31 -> 76432.964 | AJ31: =(Q31*K31)+(R31*L31) -> 12292.516 | AK31: 7098.04 | AL31: 1774.51 | AM31: 22181.37 | AN31: 0 | AO31: 13308.82 | AP31: 0 | AQ31: 0 | AR31: 0 | AS31: 0 | AT31: 0 | AU31: 0 | AV31: 0 | AW31: 0 | AX31: 0 | AY31: 0 | AZ31: 0 | BA31: 0 | BB31: 0 | BC31: 0 | BD31: 0 | BE31: 0 | BF31: 0 | BG31: 0 | BH31: 6210.78 | BI31: 0 | BJ31: 20406.86 | BK31: 17745.1 | BL31: 0 | BM31: 0 | BN31: 0 | BO31: 0 | BQ31: 0 | BS31: 0 | BT31: 0 | BU31: 0 | BV31: =SUM(AK31:BU31)-BU31 -> 88725.48 | BW31: =AI31-AH31 -> 10249.964 | BX31: =100%-(AH31/AI31) -> 0.13410397
B32: Bowers | C32: Terry | D32: Employee | E32: 46142 | F32: 3.47 | G32: 3.47 | H32: 26 | I32: =AG32-J32 -> 1769.56 | J32: =SUM(F32+G32)*H32 -> 180.44 | K32: =J32*$K$22 -> 135.33 | L32: =J32*$L$22 -> 45.11 | M32: 8810 | N32: 0.1716 | Q32: =W32*1.03+O32 -> 33.2793 | R32: =Q32*1.03 -> 34.277679 | S32: =SUM(Q32*((AG32*0.75)-K32)) -> 44167.289 | T32: =SUM(R32*((AG32*0.25)-L32)) -> 15164.102 | U32: =S32+T32 -> 59331.391 | V32: =Q32*(AG32*0.75)+R32*(AG32*0.25) -> 65381.345 | W32: 32.31 | X32: 1 | AD32: =B32 -> Bowers | AE32: =C32 -> Terry | AF32: SHINE Program Manager | AG32: =1950*X32 -> 1950 | AH32: 0 | AI32: =SUM(AK32:BU32)-AJ32 -> 59331.386 | AJ32: =(Q32*K32)+(R32*L32) -> 6049.9538 | AK32: 0 | AL32: 0 | AM32: 0 | AN32: 0 | AO32: 0 | AP32: 0 | AQ32: 0 | AR32: 0 | AS32: 0 | AT32: 0 | AU32: 0 | AV32: 0 | AW32: 0 | AX32: 0 | AY32: 0 | AZ32: 0 | BA32: 0 | BB32: 0 | BC32: 0 | BD32: 0 | BE32: 0 | BF32: 0 | BG32: 0 | BH32: 0 | BI32: 0 | BJ32: 0 | BK32: 0 | BL32: 0 | BM32: 0 | BN32: 0 | BO32: 0 | BQ32: 0 | BS32: 39228.81 | BT32: =19614.4+6538.13 -> 26152.53 | BU32: 0 | BV32: =SUM(AK32:BU32)-BU32 -> 65381.34 | BW32: =AI32-AH32 -> 59331.386 | BX32: =100%-(AH32/AI32) -> 1
A33: 231 | B33: Brown | C33: Sandra | D33: Employee | E33: 44935 | F33: 3.47 | G33: 3.47 | H33: 26 | I33: =AG33-J33 -> 1769.56 | J33: =SUM(F33+G33)*H33 -> 180.44 | K33: =J33*$K$22 -> 135.33 | L33: =J33*$L$22 -> 45.11 | M33: 8810 | N33: 0.1716 | Q33: =W33*1.03 -> 46.1852 | R33: =Q33*1.03 -> 47.570756 | S33: =SUM(Q33*((AG33*0.75)-K33)) -> 61295.612 | T33: =SUM(R33*((AG33*0.25)-L33)) -> 21044.827 | U33: =S33+T33 -> 82340.439 | V33: =Q33*(AG33*0.75)+R33*(AG33*0.25) -> 90736.599 | W33: 44.84 | X33: 1 | Y33: 1005 | Z33: =A33 -> 231 | AA33: =B33 -> Brown | AB33: =C33 -> Sandra | AD33: =AA33 -> Brown | AE33: =AB33 -> Sandra | AF33: Human Resources Manager | AG33: =1950*X33 -> 1950 | AH33: 79935 | AI33: =SUM(AK33:BU33)-AJ33 -> 82340.44 | AJ33: =(Q33*K33)+(R33*L33) -> 8396.1599 | AK33: 0 | AL33: 90736.6 | AM33: 0 | AN33: 0 | AO33: 0 | AP33: 0 | AQ33: 0 | AR33: 0 | AS33: 0 | AT33: 0 | AU33: 0 | AV33: 0 | AW33: 0 | AX33: 0 | AY33: 0 | AZ33: 0 | BA33: 0 | BB33: 0 | BC33: 0 | BD33: 0 | BE33: 0 | BF33: 0 | BG33: 0 | BH33: 0 | BI33: 0 | BJ33: 0 | BK33: 0 | BL33: 0 | BM33: 0 | BN33: 0 | BO33: 0 | BQ33: 0 | BS33: 0 | BT33: 0 | BU33: 0 | BV33: =SUM(AK33:BU33)-BU33 -> 90736.6 | BW33: =AI33-AH33 -> 2405.4401 | BX33: =100%-(AH33/AI33) -> 0.02921335
B34: Brown | C34: Jackie | D34: Employee | E34: 46042 | F34: 3.47 | G34: 3.47 | H34: 26 | I34: =AG34-J34 -> 1769.56 | J34: =SUM(F34+G34)*H34 -> 180.44 | K34: =J34*$K$22 -> 135.33 | L34: =J34*$L$22 -> 45.11 | M34: 8810 | N34: 0.1716 | O34: 1 | Q34: =(W34+O34)*1.03 -> 23.175 | R34: =Q34*1.03 -> 23.87025 | S34: =SUM(Q34*((AG34*0.75)-K34)) -> 30757.165 | T34: =SUM(R34*((AG34*0.25)-L34)) -> 10559.96 | U34: =S34+T34 -> 41317.125 | V34: =Q34*(AG34*0.75)+R34*(AG34*0.25) -> 45530.184 | W34: 21.5 | X34: 1 | AD34: =B34 -> Brown | AE34: =C34 -> Jackie | AF34: Medicaid Benefits Counselor | AG34: =1950*X34 -> 1950 | AH34: 0 | AI34: =SUM(AK34:BU34)-AJ34 -> 41317.12 | AJ34: =(Q34*K34)+(R34*L34) -> 4213.0597 | AK34: 0 | AL34: 0 | AM34: 0 | AN34: 0 | AO34: 0 | AP34: 0 | AQ34: 0 | AR34: 0 | AS34: 0 | AT34: 0 | AU34: 0 | AV34: 0 | AW34: 0 | AX34: 0 | AY34: 0 | AZ34: 0 | BA34: 0 | BB34: 0 | BC34: 0 | BD34: 0 | BE34: 0 | BF34: 0 | BG34: 0 | BH34: 0 | BI34: 0 | BJ34: 0 | BK34: 0 | BL34: 0 | BM34: 0 | BN34: 0 | BO34: 0 | BQ34: 0 | BR34: 45530.18 | BS34: 0 | BT34: 0 | BU34: 0 | BV34: =SUM(AK34:BU34)-BU34 -> 45530.18 | BW34: =AI34-AH34 -> 41317.12 | BX34: =100%-(AH34/AI34) -> 1
B35: Bursch | C35: Mary Kathryn | D35: Employee | E35: 45678 | F35: 3.47 | G35: 3.47 | H35: 26 | I35: =AG35-J35 -> 1769.56 | J35: =SUM(F35+G35)*H35 -> 180.44 | K35: =J35*$K$22 -> 135.33 | L35: =J35*$L$22 -> 45.11 | M35: 8810 | N35: 0.1716 | Q35: =W35*1.03 -> 30.4674 | R35: =Q35*1.03 -> 31.381422 | S35: =SUM(Q35*((AG35*0.75)-K35)) -> 40435.419 | T35: =SUM(R35*((AG35*0.25)-L35)) -> 13882.827 | U35: =S35+T35 -> 54318.247 | V35: =Q35*(AG35*0.75)+R35*(AG35*0.25) -> 59857.016 | W35: 29.58 | X35: 1 | Y35: 1014 | Z35: =A35 -> 0 | AA35: Bursch | AB35: Mary Kathryn | AD35: =AA35 -> Bursch | AE35: =AB35 -> Mary Kathryn | AF35: Outreach Manager | AG35: =1950*X35 -> 1950 | AH35: 51047 | AI35: =SUM(AK35:BU35)-AJ35 -> 54318.241 | AJ35: =(Q35*K35)+(R35*L35) -> 5538.7692 | AK35: 0 | AL35: 0 | AM35: 0 | AN35: 0 | AO35: 0 | AP35: 29329.94 | AQ35: 1197.14 | AR35: 8978.55 | AS35: 0 | AT35: 0 | AU35: 0 | AV35: 0 | AW35: 0 | AX35: 0 | AY35: 0 | AZ35: 0 | BA35: 0 | BB35: 0 | BC35: 13767.11 | BD35: 0 | BE35: 0 | BF35: 0 | BG35: 0 | BH35: 0 | BI35: 0 | BJ35: 0 | BK35: 0 | BL35: 0 | BM35: 0 | BN35: 0 | BO35: 0 | BQ35: 0 | BS35: 4189.99 | BT35: 2394.28 | BU35: 0 | BV35: =SUM(AK35:BU35)-BU35 -> 59857.01 | BW35: =AI35-AH35 -> 3271.2408 | BX35: =100%-(AH35/AI35) -> 0.060223615
B36: Callahan-Ross | C36: Lisa | D36: Employee | E36: 45320 | F36: 3.47 | G36: 3.47 | H36: 26 | I36: =AG36-J36 -> 1769.56 | J36: =SUM(F36+G36)*H36 -> 180.44 | K36: =J36*$K$22 -> 135.33 | L36: =J36*$L$22 -> 45.11 | M36: 8810 | N36: 0.1716 | O36: 1 | Q36: =(W36+O36)*1.03 -> 24.1535 | R36: =Q36*1.03 -> 24.878105 | S36: =SUM(Q36*((AG36*0.75)-K36)) -> 32055.801 | T36: =SUM(R36*((AG36*0.25)-L36)) -> 11005.825 | U36: =S36+T36 -> 43061.625 | V36: =Q36*(AG36*0.75)+R36*(AG36*0.25) -> 47452.57 | W36: 22.45 | X36: 1 | Y36: 1017 | Z36: =A36 -> 0 | AA36: =B36 -> Callahan-Ross | AB36: =C36 -> Lisa | AD36: =AA36 -> Callahan-Ross | AE36: =AB36 -> Lisa | AF36: Intake Specialist | AG36: =1950*X36 -> 1950 | AH36: 40037 | AI36: =SUM(AK36:BU36)-AJ36 -> 43061.626 | AJ36: =(Q36*K36)+(R36*L36) -> 4390.9445 | AK36: 0 | AL36: 0 | AM36: 0 | AN36: 0 | AO36: 0 | AP36: 0 | AQ36: 0 | AR36: 0 | AS36: 0 | AT36: 0 | AU36: 0 | AV36: 0 | AW36: 0 | AX36: 0 | AY36: 0 | AZ36: 0 | BA36: 0 | BB36: 0 | BC36: 0 | BD36: 0 | BE36: 0 | BF36: 0 | BG36: 0 | BH36: 0 | BI36: 0 | BJ36: 0 | BK36: 36063.95 | BL36: 0 | BM36: 11388.62 | BN36: 0 | BO36: 0 | BQ36: 0 | BS36: 0 | BT36: 0 | BU36: 0 | BV36: =SUM(AK36:BU36)-BU36 -> 47452.57 | BW36: =AI36-AH36 -> 3024.6255 | BX36: =100%-(AH36/AI36) -> 0.070239465
A37: 386 | B37: Carlson | C37: Donna | D37: Employee | E37: 45733 | F37: 3.47 | G37: 3.47 | H37: 26 | I37: =AG37-J37 -> 1769.56 | J37: =SUM(F37+G37)*H37 -> 180.44 | K37: =J37*$K$22 -> 135.33 | L37: =J37*$L$22 -> 45.11 | M37: 8810 | N37: 0.1716 | Q37: =W37*1.03+O37 -> 22.2789 | R37: =Q37*1.03 -> 22.947267 | S37: =SUM(Q37*((AG37*0.75)-K37)) -> 29567.888 | T37: =SUM(R37*((AG37*0.25)-L37)) -> 10151.641 | U37: =S37+T37 -> 39719.529 | V37: =Q37*(AG37*0.75)+R37*(AG37*0.25) -> 43769.684 | W37: 21.63 | X37: 1 | Y37: 1005 | Z37: =A37 -> 386 | AA37: Carlson | AB37: Donna | AD37: Carlson (Mrekley) | AE37: Donna | AF37: Receptionist | AG37: 1950 | AH37: 24398 | AI37: =SUM(AK37:BU37)-AJ37 -> 25129.635 | AJ37: =(Q37*K37)+(R37*L37) -> 4050.1548 | AK37: 0 | AL37: 29179.79 | AM37: 0 | AN37: 0 | AO37: 0 | AP37: 0 | AQ37: 0 | AR37: 0 | AS37: 0 | AT37: 0 | AU37: 0 | AV37: 0 | AW37: 0 | AX37: 0 | AY37: 0 | AZ37: 0 | BA37: 0 | BB37: 0 | BC37: 0 | BD37: 0 | BE37: 0 | BF37: 0 | BG37: 0 | BH37: 0 | BI37: 0 | BJ37: 0 | BK37: 0 | BL37: 0 | BM37: 0 | BN37: 0 | BO37: 0 | BQ37: 0 | BS37: 0 | BT37: 0 | BU37: 0 | BV37: =SUM(AK37:BU37)-BU37 -> 29179.79 | BW37: =AI37-AH37 -> 731.63525 | BX37: =100%-(AH37/AI37) -> 0.02911444
A38: 108 | B38: Carr | C38: Leah | D38: Employee | E38: 40637 | F38: 6.92 | G38: 3.47 | H38: 26 | I38: =AG38-J38 -> 1679.86 | J38: =SUM(F38+G38)*H38 -> 270.14 | K38: =J38*$K$22 -> 202.605 | L38: =J38*$L$22 -> 67.535 | M38: 8810 | N38: 0.1716 | Q38: =W38*1.03 -> 34.0621 | R38: =Q38*1.03 -> 35.083963 | S38: =SUM(Q38*((AG38*0.75)-K38)) -> 42914.669 | T38: =SUM(R38*((AG38*0.25)-L38)) -> 14734.037 | U38: =S38+T38 -> 57648.706 | V38: =Q38*(AG38*0.75)+R38*(AG38*0.25) -> 66919.253 | W38: 33.07 | X38: 1 | Y38: 1039 | Z38: =A38 -> 108 | AA38: =B38 -> Carr | AB38: =C38 -> Leah | AD38: =AA38 -> Carr | AE38: =AB38 -> Leah | AF38: Medicaid Benefits Counselor Coordinator | AG38: =1950*X38 -> 1950 | AH38: 55977 | AI38: =SUM(AK38:BU38)-AJ38 -> 57648.713 | AJ38: =(Q38*K38)+(R38*L38) -> 9270.5472 | AK38: 0 | AL38: 0 | AM38: 0 | AN38: 0 | AO38: 0 | AP38: 0 | AQ38: 0 | AR38: 0 | AS38: 0 | AT38: 0 | AU38: 0 | AV38: 0 | AW38: 0 | AX38: 0 | AY38: 0 | AZ38: 0 | BA38: 0 | BB38: 0 | BC38: 0 | BD38: 0 | BE38: 0 | BF38: 0 | BG38: 0 | BH38: 0 | BI38: 0 | BJ38: 0 | BK38: 0 | BL38: 0 | BM38: 0 | BN38: 0 | BO38: 0 | BQ38: 22752.55 | BR38: 44166.71 | BS38: 0 | BT38: 0 | BU38: 0 | BV38: =SUM(AK38:BU38)-BU38 -> 66919.26 | BW38: =AI38-AH38 -> 1671.7128 | BX38: =100%-(AH38/AI38) -> 0.028998267
B39: Dangerfield | C39: Shea | D39: Employee | E39: 45887 | F39: 3.47 | G39: 3.47 | H39: 26 | I39: =AG39-J39 -> 1769.56 | J39: =SUM(F39+G39)*H39 -> 180.44 | K39: =J39*$K$22 -> 135.33 | L39: =J39*$L$22 -> 45.11 | M39: 8810 | N39: 0.1716 | O39: 1 | Q39: =(W39+O39)*1.03 -> 23.175 | R39: =Q39*1.03 -> 23.87025 | S39: =SUM(Q39*((AG39*0.75)-K39)) -> 30757.165 | T39: =SUM(R39*((AG39*0.25)-L39)) -> 10559.96 | U39: =S39+T39 -> 41317.125 | V39: =Q39*(AG39*0.75)+R39*(AG39*0.25) -> 45530.184 | W39: 21.5 | X39: 1 | AD39: =B39 -> Dangerfield | AE39: =C39 -> Shea | AF39: VA Case Manager | AG39: =1950*X39 -> 1950 | AH39: 0 | AI39: =SUM(AK39:BU39)-AJ39 -> 41317.12 | AJ39: =(Q39*K39)+(R39*L39) -> 4213.0597 | AK39: 0 | AL39: 0 | AM39: 0 | AN39: 0 | AO39: 0 | AP39: 0 | AQ39: 0 | AR39: 0 | AS39: 0 | AT39: 0 | AU39: 0 | AV39: 0 | AW39: 0 | AX39: 0 | AY39: 0 | AZ39: 0 | BA39: 0 | BB39: 0 | BC39: 0 | BD39: 0 | BE39: 0 | BF39: 0 | BG39: 0 | BH39: 0 | BI39: 0 | BJ39: 0 | BK39: 0 | BL39: 0 | BM39: 0 | BN39: 0 | BO39: 0 | BQ39: 45530.18 | BS39: 0 | BT39: 0 | BU39: 0 | BV39: =SUM(AK39:BU39)-BU39 -> 45530.18 | BW39: =AI39-AH39 -> 41317.12 | BX39: =100%-(AH39/AI39) -> 1
B40: Darrah | C40: Georgie | D40: Employee | E40: 45440 | F40: 3.47 | G40: 3.47 | H40: 26 | I40: =AG40-J40 -> 1769.56 | J40: =SUM(F40+G40)*H40 -> 180.44 | K40: =J40*$K$22 -> 135.33 | L40: =J40*$L$22 -> 45.11 | M40: 8810 | N40: 0.1716 | Q40: =W40*1.03 -> 33.6192 | R40: =Q40*1.03 -> 34.627776 | S40: =SUM(Q40*((AG40*0.75)-K40)) -> 44618.394 | T40: =SUM(R40*((AG40*0.25)-L40)) -> 15318.982 | U40: =S40+T40 -> 59937.375 | V40: =Q40*(AG40*0.75)+R40*(AG40*0.25) -> 66049.121 | W40: 32.64 | X40: 1 | Y40: 1005 | Z40: =A40 -> 0 | AA40: =B40 -> Darrah | AB40: =C40 -> Georgie | AD40: =AA40 -> Darrah | AE40: =AB40 -> Georgie | AF40: Assistant Director of Programs | AG40: =1950*X40 -> 1950 | AH40: 58192 | AI40: =SUM(AK40:BU40)-AJ40 -> 59937.365 | AJ40: =(Q40*K40)+(R40*L40) -> 6111.7453 | AK40: 0 | AL40: 0 | AM40: 0 | AN40: 0 | AO40: 13209.82 | AP40: 0 | AQ40: 0 | AR40: 0 | AS40: 0 | AT40: 0 | AU40: 0 | AV40: 0 | AW40: 1320.98 | AX40: 0 | AY40: 0 | AZ40: 0 | BA40: 2641.96 | BB40: 14530.81 | BC40: 0 | BD40: 9907.37 | BE40: 0 | BF40: 0 | BG40: 0 | BH40: 0 | BI40: 6604.91 | BJ40: 0 | BK40: 0 | BL40: 6604.91 | BM40: 0 | BN40: 6604.91 | BO40: 4623.44 | BQ40: 0 | BS40: 0 | BT40: 0 | BU40: 0 | BV40: =SUM(AK40:BU40)-BU40 -> 66049.11 | BW40: =AI40-AH40 -> 1745.3647 | BX40: =100%-(AH40/AI40) -> 0.02911981
A41: 218 | B41: Davis | C41: Kaliegh | D41: Employee | E41: 44753 | F41: 5.19 | G41: 3.47 | H41: 26 | I41: =AG41-J41 -> 1724.84 | J41: =SUM(F41+G41)*H41 -> 225.16 | K41: =J41*$K$22 -> 168.87 | L41: =J41*$L$22 -> 56.29 | M41: 8810 | N41: 0.1716 | Q41: =W41*1.03 -> 23.072 | R41: =Q41*1.03 -> 23.76416 | S41: =SUM(Q41*((AG41*0.75)-K41)) -> 29846.631 | T41: =SUM(R41*((AG41*0.25)-L41)) -> 10247.343 | U41: =S41+T41 -> 40093.975 | V41: =Q41*(AG41*0.75)+R41*(AG41*0.25) -> 45327.828 | W41: 22.4 | X41: 1 | Y41: 1017 | Z41: =A41 -> 218 | AA41: =B41 -> Davis | AB41: =C41 -> Kaliegh | AD41: =AA41 -> Davis | AE41: =AB41 -> Kaliegh | AF41: Services Analyst | AG41: =1950*X41 -> 1950 | AH41: 39940 | AI41: =SUM(AK41:BU41)-AJ41 -> 40093.967 | AJ41: =(Q41*K41)+(R41*L41) -> 5233.8532 | AK41: 0 | AL41: 13145.07 | AM41: 0 | AN41: 0 | AO41: 0 | AP41: 0 | AQ41: 0 | AR41: 0 | AS41: 0 | AT41: 0 | AU41: 0 | AV41: 0 | AW41: 0 | AX41: 0 | AY41: 0 | AZ41: 0 | BA41: 0 | BB41: 0 | BC41: 0 | BD41: 0 | BE41: 0 | BF41: 0 | BG41: 0 | BH41: 0 | BI41: 4532.78 | BJ41: 0 | BK41: 15864.74 | BL41: 3172.95 | BM41: 1813.11 | BN41: 6799.17 | BO41: 0 | BQ41: 0 | BS41: 0 | BT41: 0 | BU41: 0 | BV41: =SUM(AK41:BU41)-BU41 -> 45327.82 | BW41: =AI41-AH41 -> 153.96679 | BX41: =100%-(AH41/AI41) -> 0.0038401487
A42: 124 | B42: Day | C42: Nicole | D42: Employee | E42: 41680 | F42: 6.92 | G42: 3.47 | H42: 26 | I42: =AG42-J42 -> 1679.86 | J42: =SUM(F42+G42)*H42 -> 270.14 | K42: =J42*$K$22 -> 202.605 | L42: =J42*$L$22 -> 67.535 | M42: 8742 | N42: 0.354 | Q42: =W42*1.03 -> 28.84 | R42: =Q42*1.03 -> 29.7052 | S42: =SUM(Q42*((AG42*0.75)-K42)) -> 36335.372 | T42: =SUM(R42*((AG42*0.25)-L42)) -> 12475.144 | U42: =S42+T42 -> 48810.516 | V42: =Q42*(AG42*0.75)+R42*(AG42*0.25) -> 56659.785 | W42: 28 | X42: 1 | Y42: 1016 | Z42: =A42 -> 124 | AA42: =B42 -> Day | AB42: =C42 -> Nicole | AD42: =AA42 -> Day | AE42: =AB42 -> Nicole | AF42: Caregiver Specialist | AG42: =1950*X42 -> 1950 | AH42: 47381 | AI42: =SUM(AK42:BU42)-AJ42 -> 48810.521 | AJ42: =(Q42*K42)+(R42*L42) -> 7849.2689 | AK42: 0 | AL42: 0 | AM42: 0 | AN42: 0 | AO42: 0 | AP42: 0 | AQ42: 0 | AR42: 0 | AS42: 0 | AT42: 0 | AU42: 0 | AV42: 0 | AW42: 0 | AX42: 0 | AY42: 0 | AZ42: 0 | BA42: 0 | BB42: 0 | BC42: 0 | BD42: 56659.79 | BE42: 0 | BF42: 0 | BG42: 0 | BH42: 0 | BI42: 0 | BJ42: 0 | BK42: 0 | BL42: 0 | BM42: 0 | BN42: 0 | BO42: 0 | BQ42: 0 | BS42: 0 | BT42: 0 | BU42: 0 | BV42: =SUM(AK42:BU42)-BU42 -> 56659.79 | BW42: =AI42-AH42 -> 1429.5211 | BX42: =100%-(AH42/AI42) -> 0.029287151
A43: 180 | B43: Didion | C43: Christine | D43: None | E43: 44088 | F43: 5.19 | G43: 3.47 | H43: 26 | I43: =AG43-J43 -> 1724.84 | J43: =SUM(F43+G43)*H43 -> 225.16 | K43: =J43*$K$22 -> 168.87 | L43: =J43*$L$22 -> 56.29 | M43: 8810 | N43: 0.1716 | Q43: =W43*1.03 -> 46.4633 | R43: =Q43*1.03 -> 47.857199 | S43: =SUM(Q43*((AG43*0.75)-K43)) -> 60106.319 | T43: =SUM(R43*((AG43*0.25)-L43)) -> 20636.503 | U43: =S43+T43 -> 80742.822 | V43: =Q43*(AG43*0.75)+R43*(AG43*0.25) -> 91282.961 | W43: 45.11 | X43: 1 | Y43: 1005 | Z43: =A43 -> 180 | AA43: =B43 -> Didion | AB43: =C43 -> Christine | AD43: =AA43 -> Didion | AE43: =AB43 -> Christine | AF43: Director of Programs | AG43: =1950*X43 -> 1950 | AH43: 78398 | AI43: =SUM(AK43:BU43)-AJ43 -> 80742.841 | AJ43: =(Q43*K43)+(R43*L43) -> 10540.139 | AK43: 0 | AL43: 0 | AM43: 16430.93 | AN43: 0 | AO43: 7302.64 | AP43: 0 | AQ43: 0 | AR43: 0 | AS43: 6389.81 | AT43: 0 | AU43: 0 | AV43: 0 | AW43: 3651.32 | AX43: 2738.49 | AY43: 912.83 | AZ43: 0 | BA43: 0 | BB43: 0 | BC43: 0 | BD43: 8215.47 | BE43: 0 | BF43: 0 | BG43: 0 | BH43: 0 | BI43: 0 | BJ43: 0 | BK43: 33774.7 | BL43: 0 | BM43: 5476.98 | BN43: 0 | BO43: 6389.81 | BQ43: 0 | BS43: 0 | BT43: 0 | BU43: 0 | BV43: =SUM(AK43:BU43)-BU43 -> 91282.98 | BW43: =AI43-AH43 -> 2344.8408 | BX43: =100%-(AH43/AI43) -> 0.029040851
A44: 220 | B44: Dillon | C44: Fitzroy | D44: None | Y44: 1010 | Z44: =A44 -> 220 | AA44: =B44 -> Dillon | AB44: =C44 -> Fitzroy | AD44: =AA44 -> Dillon | AE44: =AB44 -> Fitzroy | AF44: Information & Assistance Specialist | AG44: =1950*X44 -> 0 | AH44: 35411 | AI44: =SUM(AK44:BU44)-AJ44 -> 0 | AJ44: =(Q44*K44)+(R44*L44) -> 0 | AK44: 0 | AL44: 0 | AM44: 0 | AN44: 0 | AO44: 0 | AP44: 0 | AQ44: 0 | AR44: 0 | AS44: 0 | AT44: 0 | AU44: 0 | AV44: 0 | AW44: 0 | AX44: 0 | AY44: 0 | AZ44: 0 | BA44: 0 | BB44: 0 | BC44: 0 | BD44: 0 | BE44: 0 | BF44: 0 | BG44: 0 | BH44: 0 | BI44: 0 | BJ44: 0 | BK44: 0 | BL44: 0 | BM44: 0 | BN44: 0 | BO44: 0 | BQ44: 0 | BS44: 0 | BT44: 0 | BU44: 0 | BV44: =SUM(AK44:BU44)-BU44 -> 0 | BW44: =AI44-AH44 -> -35411 | BX44: =100%-(AH44/AI44) -> #DIV/0!
B45: Eaton | C45: Bryce | D45: Employee | E45: 45957 | F45: 3.47 | G45: 3.47 | H45: 26 | I45: =AG45-J45 -> 1769.56 | J45: =SUM(F45+G45)*H45 -> 180.44 | K45: =J45*$K$22 -> 135.33 | L45: =J45*$L$22 -> 45.11 | M45: 8810 | N45: 0.1716 | O45: 1 | Q45: =(W45+O45)*1.03 -> 22.66 | R45: =Q45*1.03 -> 23.3398 | S45: =SUM(Q45*((AG45*0.75)-K45)) -> 30073.672 | T45: =SUM(R45*((AG45*0.25)-L45)) -> 10325.294 | U45: =S45+T45 -> 40398.966 | V45: =Q45*(AG45*0.75)+R45*(AG45*0.25) -> 44518.402 | W45: 21 | X45: 1 | AD45: =B45 -> Eaton | AE45: =C45 -> Bryce | AF45: Intake Specialist | AG45: =1950*X45 -> 1950 | AH45: 0 | AI45: =SUM(AK45:BU45)-AJ45 -> 40398.974 | AJ45: =(Q45*K45)+(R45*L45) -> 4119.4362 | AK45: 0 | AL45: 0 | AM45: 0 | AN45: 0 | AO45: 0 | AP45: 0 | AQ45: 0 | AR45: 0 | AS45: 0 | AT45: 0 | AU45: 0 | AV45: 0 | AW45: 0 | AX45: 0 | AY45: 0 | AZ45: 0 | BA45: 0 | BB45: 0 | BC45: 0 | BD45: 0 | BE45: 0 | BF45: 0 | BG45: 0 | BH45: 0 | BI45: 0 | BJ45: 0 | BK45: 33833.99 | BL45: 0 | BM45: 10684.42 | BN45: 0 | BO45: 0 | BQ45: 0 | BS45: 0 | BT45: 0 | BU45: 0 | BV45: =SUM(AK45:BU45)-BU45 -> 44518.41 | BW45: =AI45-AH45 -> 40398.974 | BX45: =100%-(AH45/AI45) -> 1
A46: 154 | B46: Elliott | C46: Jennifer | D46: Employee + Child(ren) | E46: 43369 | F46: 5.19 | G46: 3.47 | H46: 26 | I46: =AG46-J46 -> 1724.84 | J46: =SUM(F46+G46)*H46 -> 225.16 | K46: =J46*$K$22 -> 168.87 | L46: =J46*$L$22 -> 56.29 | M46: 8810 | N46: 0.1716 | Q46: =W46*1.03 -> 25.4925 | R46: =Q46*1.03 -> 26.257275 | S46: =SUM(Q46*((AG46*0.75)-K46)) -> 32977.863 | T46: =SUM(R46*((AG46*0.25)-L46)) -> 11322.4 | U46: =S46+T46 -> 44300.262 | V46: =Q46*(AG46*0.75)+R46*(AG46*0.25) -> 50083.203 | W46: 24.75 | X46: 1 | Y46: 1017 | Z46: =A46 -> 154 | AA46: =B46 -> Elliott | AB46: =C46 -> Jennifer | AD46: =AA46 -> Elliott | AE46: =AB46 -> Jennifer | AF46: Services Analyst | AG46: =1950*X46 -> 1950 | AH46: 43012 | AI46: =SUM(AK46:BU46)-AJ46 -> 44300.26 | AJ46: =(Q46*K46)+(R46*L46) -> 5782.9405 | AK46: 0 | AL46: 30049.92 | AM46: 0 | AN46: 0 | AO46: 0 | AP46: 0 | AQ46: 0 | AR46: 0 | AS46: 0 | AT46: 0 | AU46: 0 | AV46: 0 | AW46: 0 | AX46: 0 | AY46: 0 | AZ46: 0 | BA46: 0 | BB46: 0 | BC46: 0 | BD46: 0 | BE46: 0 | BF46: 0 | BG46: 0 | BH46: 0 | BI46: 0 | BJ46: 5008.32 | BK46: 15024.96 | BL46: 0 | BM46: 0 | BN46: 0 | BO46: 0 | BQ46: 0 | BS46: 0 | BT46: 0 | BU46: 0 | BV46: =SUM(AK46:BU46)-BU46 -> 50083.2 | BW46: =AI46-AH46 -> 1288.2595 | BX46: =100%-(AH46/AI46) -> 0.02908018
B47: Foley | C47: Jessica | E47: 43843 | F47: 5.19 | G47: 3.47 | H47: 26 | I47: =AG47-J47 -> 1724.84 | J47: =SUM(F47+G47)*H47 -> 225.16 | K47: =J47*$K$22 -> 168.87 | L47: =J47*$L$22 -> 56.29 | M47: 8810 | N47: 0.1716 | O47: 1 | Q47: =(W47+O47)*1.03 -> 25.8118 | R47: =Q47*1.03 -> 26.586154 | S47: =SUM(Q47*((AG47*0.75)-K47)) -> 33390.919 | T47: =SUM(R47*((AG47*0.25)-L47)) -> 11464.215 | U47: =S47+T47 -> 44855.134 | V47: =Q47*(AG47*0.75)+R47*(AG47*0.25) -> 50710.508 | W47: 24.06 | X47: 1 | AA47: =B47 -> Foley | AB47: =C47 -> Jessica | AD47: Foley(Manyen) | AE47: =AB47 -> Jessica | AF47: Mdicaid Benefits Counselor | AG47: 1950 | AH47: 41812 | AI47: =SUM(AK47:BU47)-AJ47 -> 44855.137 | AJ47: =(Q47*K47)+(R47*L47) -> 5855.3733 | AK47: 0 | AL47: 0 | AM47: 0 | AN47: 0 | AO47: 0 | AP47: 0 | AQ47: 0 | AR47: 0 | AS47: 0 | AT47: 0 | AU47: 0 | AV47: 0 | AW47: 0 | AX47: 0 | AY47: 0 | AZ47: 0 | BA47: 0 | BB47: 0 | BC47: 0 | BD47: 0 | BE47: 0 | BF47: 0 | BG47: 0 | BH47: 0 | BI47: 0 | BJ47: 0 | BK47: 0 | BL47: 0 | BM47: 0 | BN47: 0 | BO47: 0 | BQ47: 0 | BR47: 50710.51 | BS47: 0 | BT47: 0 | BU47: 0 | BV47: =SUM(AK47:BU47)-BU47 -> 50710.51 | BW47: =AI47-AH47 -> 3043.1367 | BX47: =100%-(AH47/AI47) -> 0.067843662
A48: 117 | B48: Fortney | C48: Geralyn | Y48: 1025 | Z48: =A48 -> 117 | AA48: =B48 -> Fortney | AB48: =C48 -> Geralyn | AD48: =AA48 -> Fortney | AE48: =AB48 -> Geralyn | AF48: SHINE Program Manager | AG48: =1950*X48 -> 0 | AH48: 58365 | AI48: =SUM(AK48:BU48)-AJ48 -> 0 | AJ48: =(Q48*K48)+(R48*L48) -> 0 | AK48: 0 | AL48: 0 | AM48: 0 | AN48: 0 | AO48: 0 | AP48: 0 | AQ48: 0 | AR48: 0 | AS48: 0 | AT48: 0 | AU48: 0 | AV48: 0 | AW48: 0 | AX48: 0 | AY48: 0 | AZ48: 0 | BA48: 0 | BB48: 0 | BC48: 0 | BD48: 0 | BE48: 0 | BF48: 0 | BG48: 0 | BH48: 0 | BI48: 0 | BJ48: 0 | BK48: 0 | BL48: 0 | BM48: 0 | BN48: 0 | BO48: 0 | BQ48: 0 | BS48: 0 | BT48: 0 | BU48: 0 | BV48: =SUM(AK48:BU48)-BU48 -> 0 | BW48: =AI48-AH48 -> -58365 | BX48: =100%-(AH48/AI48) -> #DIV/0!
A49: 237 | B49: Galvan | C49: Cynthia | D49: Employee | E49: 44949 | F49: 3.47 | G49: 3.47 | H49: 26 | I49: =AG49-J49 -> 1769.56 | J49: =SUM(F49+G49)*H49 -> 180.44 | K49: =J49*$K$22 -> 135.33 | L49: =J49*$L$22 -> 45.11 | M49: 8810 | N49: 0.1716 | Q49: =W49*1.03+O49 -> 31.2811 | R49: =Q49*1.03 -> 32.219533 | S49: =SUM(Q49*((AG49*0.75)-K49)) -> 41515.337 | T49: =SUM(R49*((AG49*0.25)-L49)) -> 14253.599 | U49: =S49+T49 -> 55768.937 | V49: =Q49*(AG49*0.75)+R49*(AG49*0.25) -> 61455.631 | W49: 30.37 | X49: 1 | Y49: 1093 | Z49: =A49 -> 237 | AA49: =B49 -> Galvan | AB49: =C49 -> Cynthia | AD49: =AA49 -> Galvan | AE49: =AB49 -> Cynthia | AF49: GR Program Manager | AG49: =1950*X49 -> 1950 | AH49: 54153 | AI49: =SUM(AK49:BU49)-AJ49 -> 55768.946 | AJ49: =(Q49*K49)+(R49*L49) -> 5686.6944 | AK49: 0 | AL49: 0 | AM49: 0 | AN49: 0 | AO49: 0 | AP49: 0 | AQ49: 0 | AR49: 0 | AS49: 0 | AT49: 0 | AU49: 0 | AV49: 0 | AW49: 0 | AX49: 0 | AY49: 0 | AZ49: 0 | BA49: 0 | BB49: 0 | BC49: 0 | BD49: 0 | BE49: 0 | BF49: 0 | BG49: 0 | BH49: 0 | BI49: 6760.12 | BJ49: 7374.68 | BK49: 30727.82 | BL49: 0 | BM49: 9218.34 | BN49: 7374.68 | BO49: 0 | BQ49: 0 | BS49: 0 | BT49: 0 | BU49: 0 | BV49: =SUM(AK49:BU49)-BU49 -> 61455.64 | BW49: =AI49-AH49 -> 1615.9456 | BX49: =100%-(AH49/AI49) -> 0.028975724
B50: Garver | C50: Kristen | D50: Employee | E50: 46027 | F50: 3.47 | G50: 3.47 | H50: 26 | I50: =AG50-J50 -> 1769.56 | J50: =SUM(F50+G50)*H50 -> 180.44 | K50: =J50*$K$22 -> 135.33 | L50: =J50*$L$22 -> 45.11 | M50: 8810 | N50: 0.1716 | Q50: =W50*1.03+O50 -> 20.6 | R50: =Q50*1.03 -> 21.218 | S50: =SUM(Q50*((AG50*0.75)-K50)) -> 27339.702 | T50: =SUM(R50*((AG50*0.25)-L50)) -> 9386.631 | U50: =S50+T50 -> 36726.333 | V50: =Q50*(AG50*0.75)+R50*(AG50*0.25) -> 40471.275 | W50: 20 | X50: 1 | AD50: =B50 -> Garver | AE50: =C50 -> Kristen | AF50: Information & Assistance Specialist | AG50: =1950*X50 -> 1950 | AH50: 0 | AI50: =SUM(AK50:BU50)-AJ50 -> 38749.898 | AJ50: =(Q50*K50)+(R50*L50) -> 3744.942 | AK50: 0 | AL50: 0 | AM50: 24647.01 | AN50: 0 | AO50: 0 | AP50: 0 | AQ50: 0 | AR50: 0 | AS50: 0 | AT50: 0 | AU50: 0 | AV50: 0 | AW50: 0 | AX50: 0 | AY50: 0 | AZ50: 0 | BA50: 0 | BB50: 0 | BC50: 0 | BD50: 0 | BE50: 0 | BF50: 0 | BG50: 0 | BH50: 0 | BI50: 0 | BJ50: 17847.83 | BK50: 0 | BL50: 0 | BM50: 0 | BN50: 0 | BO50: 0 | BQ50: 0 | BS50: 0 | BT50: 0 | BU50: 0 | BV50: =SUM(AK50:BU50)-BU50 -> 42494.84 | BW50: =AI50-AH50 -> 38749.898 | BX50: =100%-(AH50/AI50) -> 1
B51: Giambrone | C51: Victoria | D51: Employee | F51: 3.47 | G51: 3.47 | H51: 26 | I51: =AG51-J51 -> 1769.56 | J51: =SUM(F51+G51)*H51 -> 180.44 | K51: =J51*$K$22 -> 135.33 | L51: =J51*$L$22 -> 45.11 | M51: 8810 | N51: 0.1716 | Q51: =W51+O51 -> 39.23 | R51: =Q51*1.03 -> 40.4069 | S51: =SUM(Q51*((AG51*0.75)-K51)) -> 52064.879 | T51: =SUM(R51*((AG51*0.25)-L51)) -> 17875.608 | U51: =S51+T51 -> 69940.488 | V51: =Q51*(AG51*0.75)+R51*(AG51*0.25) -> 77072.239 | W51: 39.23 | X51: 1 | AD51: =B51 -> Giambrone | AE51: =C51 -> Victoria | AF51: Executive Assistant | AG51: =1950*X51 -> 1950 | AH51: 0 | AI51: =SUM(AK51:BU51)-AJ51 -> 69940.489 | AJ51: =(Q51*K51)+(R51*L51) -> 7131.7512 | AK51: 0 | AL51: 77072.24 | AM51: 0 | AN51: 0 | AO51: 0 | AP51: 0 | AQ51: 0 | AR51: 0 | AS51: 0 | AT51: 0 | AU51: 0 | AV51: 0 | AW51: 0 | AX51: 0 | AY51: 0 | AZ51: 0 | BA51: 0 | BB51: 0 | BC51: 0 | BD51: 0 | BE51: 0 | BF51: 0 | BG51: 0 | BH51: 0 | BI51: 0 | BJ51: 0 | BK51: 0 | BL51: 0 | BM51: 0 | BN51: 0 | BO51: 0 | BQ51: 0 | BS51: 0 | BT51: 0 | BU51: 0 | BV51: =SUM(AK51:BU51)-BU51 -> 77072.24 | BW51: =AI51-AH51 -> 69940.489 | BX51: =100%-(AH51/AI51) -> 1
B52: Gonzalez | C52: Joel | D52: Employee | E52: 46111 | F52: 3.47 | G52: 3.47 | H52: 26 | I52: =AG52-J52 -> 1769.56 | J52: =SUM(F52+G52)*H52 -> 180.44 | K52: =J52*$K$22 -> 135.33 | L52: =J52*$L$22 -> 45.11 | M52: 8810 | N52: 0.1716 | Q52: =W52*1.03+O52 -> 20.6 | R52: =Q52*1.03 -> 21.218 | S52: =SUM(Q52*((AG52*0.75)-K52)) -> 27339.702 | T52: =SUM(R52*((AG52*0.25)-L52)) -> 9386.631 | U52: =S52+T52 -> 36726.333 | V52: =Q52*(AG52*0.75)+R52*(AG52*0.25) -> 40471.275 | W52: 20 | X52: 1 | AD52: =B52 -> Gonzalez | AE52: =C52 -> Joel | AF52: Information & Assistance Specialist | AG52: =1950*X52 -> 1950 | AH52: 0 | AI52: =SUM(AK52:BU52)-AJ52 -> 38749.898 | AJ52: =(Q52*K52)+(R52*L52) -> 3744.942 | AK52: 0 | AL52: 0 | AM52: 31871.13 | AN52: 0 | AO52: 0 | AP52: 0 | AQ52: 0 | AR52: 0 | AS52: 0 | AT52: 0 | AU52: 0 | AV52: 0 | AW52: 0 | AX52: 0 | AY52: 0 | AZ52: 0 | BA52: 0 | BB52: 0 | BC52: 0 | BD52: 0 | BE52: 0 | BF52: 0 | BG52: 0 | BH52: 0 | BI52: 0 | BJ52: 10623.71 | BK52: 0 | BL52: 0 | BM52: 0 | BN52: 0 | BO52: 0 | BQ52: 0 | BS52: 0 | BT52: 0 | BU52: 0 | BV52: =SUM(AK52:BU52)-BU52 -> 42494.84 | BW52: =AI52-AH52 -> 38749.898 | BX52: =100%-(AH52/AI52) -> 1
A53: 255 | B53: Graci | C53: Victoria | D53: Employee | E53: 45145 | AA53: Graci | AB53: Victoria | AD53: =AA53 -> Graci | AE53: =AB53 -> Victoria | AF53: Medicaid Benefits Counselor | AG53: =1950*X53 -> 0 | AH53: 38195 | AI53: =SUM(AK53:BU53)-AJ53 -> 0 | AJ53: =(Q53*K53)+(R53*L53) -> 0 | AK53: 0 | AL53: 0 | AM53: 0 | AN53: 0 | AO53: 0 | AP53: 0 | AQ53: 0 | AR53: 0 | AS53: 0 | AT53: 0 | AU53: 0 | AV53: 0 | AW53: 0 | AX53: 0 | AY53: 0 | AZ53: 0 | BA53: 0 | BB53: 0 | BC53: 0 | BD53: 0 | BE53: 0 | BF53: 0 | BG53: 0 | BH53: 0 | BI53: 0 | BJ53: 0 | BK53: 0 | BL53: 0 | BM53: 0 | BN53: 0 | BO53: 0 | BQ53: 0 | BS53: 0 | BT53: 0 | BU53: 0 | BV53: =SUM(AK53:BU53)-BU53 -> 0 | BW53: =AI53-AH53 -> -38195 | BX53: =100%-(AH53/AI53) -> #DIV/0!
A54: 173 | B54: Guerra | C54: Luz | D54: Employee | E54: 43745 | F54: 5.19 | G54: 3.47 | H54: 26 | I54: =AG54-J54 -> 1724.84 | J54: =SUM(F54+G54)*H54 -> 225.16 | K54: =J54*$K$22 -> 168.87 | L54: =J54*$L$22 -> 56.29 | M54: 8810 | N54: 0.1716 | O54: 1 | Q54: =(W54+O54)*1.03 -> 25.8118 | R54: =Q54*1.03 -> 26.586154 | S54: =SUM(Q54*((AG54*0.75)-K54)) -> 33390.919 | T54: =SUM(R54*((AG54*0.25)-L54)) -> 11464.215 | U54: =S54+T54 -> 44855.134 | V54: =Q54*(AG54*0.75)+R54*(AG54*0.25) -> 50710.508 | W54: 24.06 | X54: 1 | Y54: 1039 | Z54: =A54 -> 173 | AA54: =B54 -> Guerra | AB54: =C54 -> Luz | AD54: =AA54 -> Guerra | AE54: =AB54 -> Luz | AF54: Medicaid Benefits Counselor | AG54: =1950*X54 -> 1950 | AH54: 41812 | AI54: =SUM(AK54:BU54)-AJ54 -> 44855.137 | AJ54: =(Q54*K54)+(R54*L54) -> 5855.3733 | AK54: 0 | AL54: 0 | AM54: 0 | AN54: 0 | AO54: 0 | AP54: 0 | AQ54: 0 | AR54: 0 | AS54: 0 | AT54: 0 | AU54: 0 | AV54: 0 | AW54: 0 | AX54: 0 | AY54: 0 | AZ54: 0 | BA54: 0 | BB54: 0 | BC54: 0 | BD54: 0 | BE54: 0 | BF54: 0 | BG54: 0 | BH54: 0 | BI54: 0 | BJ54: 0 | BK54: 0 | BL54: 0 | BM54: 0 | BN54: 0 | BO54: 0 | BQ54: 0 | BR54: 50710.51 | BS54: 0 | BT54: 0 | BU54: 0 | BV54: =SUM(AK54:BU54)-BU54 -> 50710.51 | BW54: =AI54-AH54 -> 3043.1367 | BX54: =100%-(AH54/AI54) -> 0.067843662
B55: Hade | C55: Iliana | D55: None | E55: 45518 | F55: 3.47 | G55: 3.47 | H55: 26 | I55: =AG55-J55 -> 1769.56 | J55: =SUM(F55+G55)*H55 -> 180.44 | K55: =J55*$K$22 -> 135.33 | L55: =J55*$L$22 -> 45.11 | M55: 8810 | N55: 0.1716 | Q55: =W55*1.03+O55 -> 22.2789 | R55: =Q55*1.03 -> 22.947267 | S55: =SUM(Q55*((AG55*0.75)-K55)) -> 29567.888 | T55: =SUM(R55*((AG55*0.25)-L55)) -> 10151.641 | U55: =S55+T55 -> 39719.529 | V55: =Q55*(AG55*0.75)+R55*(AG55*0.25) -> 43769.684 | W55: 21.63 | X55: 1 | Y55: 1010 | Z55: =A55 -> 0 | AA55: =AD55 -> Hade | AB55: =AE55 -> Iliana | AD55: Hade | AE55: Iliana | AF55: Intake | AG55: =1950*X55 -> 1950 | AH55: 38568 | AI55: =SUM(AK55:BU55)-AJ55 -> 41743.095 | AJ55: =(Q55*K55)+(R55*L55) -> 4050.1548 | AK55: 0 | AL55: 0 | AM55: 0 | AN55: 0 | AO55: 0 | AP55: 0 | AQ55: 0 | AR55: 0 | AS55: 0 | AT55: 0 | AU55: 0 | AV55: 0 | AW55: 0 | AX55: 0 | AY55: 0 | AZ55: 0 | BA55: 0 | BB55: 0 | BC55: 0 | BD55: 0 | BE55: 0 | BF55: 0 | BG55: 0 | BH55: 0 | BI55: 0 | BJ55: 0 | BK55: 34802.87 | BL55: 0 | BM55: 10990.38 | BN55: 0 | BO55: 0 | BQ55: 0 | BS55: 0 | BT55: 0 | BU55: 0 | BV55: =SUM(AK55:BU55)-BU55 -> 45793.25 | BW55: =AI55-AH55 -> 3175.0952 | BX55: =100%-(AH55/AI55) -> 0.076062765
A56: 194 | B56: Handa | C56: Parul | D56: Employee + Family | E56: 44361 | F56: 5.19 | G56: 3.47 | H56: 26 | I56: =AG56-J56 -> 1724.84 | J56: =SUM(F56+G56)*H56 -> 225.16 | K56: =J56*$K$22 -> 168.87 | L56: =J56*$L$22 -> 56.29 | M56: 8810 | N56: 0.1716 | Q56: =W56*1.03 -> 33.0939 | R56: =Q56*1.03 -> 34.086717 | S56: =SUM(Q56*((AG56*0.75)-K56)) -> 42811.262 | T56: =SUM(R56*((AG56*0.25)-L56)) -> 14698.533 | U56: =S56+T56 -> 57509.795 | V56: =Q56*(AG56*0.75)+R56*(AG56*0.25) -> 65017.103 | W56: 32.13 | X56: 1 | Y56: 1005 | Z56: =A56 -> 194 | AA56: =B56 -> Handa | AB56: =C56 -> Parul | AD56: =AA56 -> Handa | AE56: =AB56 -> Parul | AF56: Grant Accountant | AG56: =1950*X56 -> 1950 | AH56: 57275 | AI56: =SUM(AK56:BU56)-AJ56 -> 57509.802 | AJ56: =(Q56*K56)+(R56*L56) -> 7507.3082 | AK56: 0 | AL56: 0 | AM56: 1950.51 | AN56: 0 | AO56: 16254.28 | AP56: 0 | AQ56: 0 | AR56: 0 | AS56: 0 | AT56: 0 | AU56: 0 | AV56: 0 | AW56: 0 | AX56: 0 | AY56: 0 | AZ56: 0 | BA56: 0 | BB56: 0 | BC56: 0 | BD56: 0 | BE56: 0 | BF56: 0 | BG56: 0 | BH56: 0 | BI56: 0 | BJ56: 0 | BK56: 0 | BL56: 19505.13 | BM56: 6501.71 | BN56: 0 | BO56: 4063.57 | BQ56: 0 | BS56: 0 | BT56: 0 | BU56: =3901.03+3088.31+3250.86+6501.71 -> 16741.91 | BV56: =SUM(AK56:BU56)-BU56 -> 48275.2 | BW56: =AI56-AH56 -> 234.80181 | BX56: =100%-(AH56/AI56) -> 0.0040828137
A57: 238 | B57: Hart | C57: Edward | D57: Employee | E57: 44984 | F57: 3.47 | G57: 3.47 | H57: 26 | I57: =AG57-J57 -> 1769.56 | J57: =SUM(F57+G57)*H57 -> 180.44 | K57: =J57*$K$22 -> 135.33 | L57: =J57*$L$22 -> 45.11 | M57: 8810 | N57: 0.1716 | O57: 1 | Q57: =(W57+O57)*1.03 -> 23.6488 | R57: =Q57*1.03 -> 24.358264 | S57: =SUM(Q57*((AG57*0.75)-K57)) -> 31385.978 | T57: =SUM(R57*((AG57*0.25)-L57)) -> 10775.852 | U57: =S57+T57 -> 42161.83 | V57: =Q57*(AG57*0.75)+R57*(AG57*0.25) -> 46461.024 | W57: 21.96 | X57: 1 | Y57: 1017 | Z57: =A57 -> 238 | AA57: =B57 -> Hart | AB57: =C57 -> Edward | AD57: =AA57 -> Hart | AE57: =AB57 -> Edward | AF57: Information & Assistance Specialist | AG57: =1950*X57 -> 1950 | AH57: 39156 | AI57: =SUM(AK57:BU57)-AJ57 -> 42161.827 | AJ57: =(Q57*K57)+(R57*L57) -> 4299.1934 | AK57: 0 | AL57: 0 | AM57: 26947.39 | AN57: 0 | AO57: 0 | AP57: 0 | AQ57: 0 | AR57: 0 | AS57: 0 | AT57: 0 | AU57: 0 | AV57: 0 | AW57: 0 | AX57: 0 | AY57: 0 | AZ57: 0 | BA57: 0 | BB57: 0 | BC57: 0 | BD57: 0 | BE57: 0 | BF57: 0 | BG57: 0 | BH57: 0 | BI57: 0 | BJ57: 19513.63 | BK57: 0 | BL57: 0 | BM57: 0 | BN57: 0 | BO57: 0 | BQ57: 0 | BS57: 0 | BT57: 0 | BU57: 0 | BV57: =SUM(AK57:BU57)-BU57 -> 46461.02 | BW57: =AI57-AH57 -> 3005.8266 | BX57: =100%-(AH57/AI57) -> 0.071292609
B58: Hazley | C58: Shakita | D58: Employee | E58: 44949 | F58: 3.47 | G58: 3.47 | H58: 26 | I58: =AG58-J58 -> 1769.56 | J58: =SUM(F58+G58)*H58 -> 180.44 | K58: =J58*$K$22 -> 135.33 | L58: =J58*$L$22 -> 45.11 | M58: 8810 | N58: 0.1716 | Q58: =W58*1.03 -> 26.3989 | R58: =Q58*1.03 -> 27.190867 | S58: =SUM(Q58*((AG58*0.75)-K58)) -> 35035.828 | T58: =SUM(R58*((AG58*0.25)-L58)) -> 12028.968 | U58: =S58+T58 -> 47064.796 | V58: =Q58*(AG58*0.75)+R58*(AG58*0.25) -> 51863.939 | W58: 25.63 | X58: 1 | Y58: 1005 | Z58: =A58 -> 0 | AA58: =B58 -> Hazley | AB58: =C58 -> Shakita | AD58: =AA58 -> Hazley | AE58: =AB58 -> Shakita | AF58: Program Coordinator | AG58: =1950*X58 -> 1950 | AH58: 45688 | AI58: =SUM(AK58:BU58)-AJ58 -> 47064.797 | AJ58: =(Q58*K58)+(R58*L58) -> 4799.1431 | AK58: 0 | AL58: 0 | AM58: 0 | AN58: 2074.56 | AO58: 0 | AP58: 0 | AQ58: 0 | AR58: 0 | AS58: 0 | AT58: 0 | AU58: 0 | AV58: 0 | AW58: 0 | AX58: 0 | AY58: 0 | AZ58: 0 | BA58: 0 | BB58: 0 | BC58: 0 | BD58: 22301.49 | BE58: 0 | BF58: 0 | BG58: 0 | BH58: 0 | BI58: 0 | BJ58: 0 | BK58: 16077.82 | BL58: 0 | BM58: 11410.07 | BN58: 0 | BO58: 0 | BQ58: 0 | BS58: 0 | BT58: 0 | BU58: 0 | BV58: =SUM(AK58:BU58)-BU58 -> 51863.94 | BW58: =AI58-AH58 -> 1376.7969 | BX58: =100%-(AH58/AI58) -> 0.02925322
A59: 64 | B59: Hensler | C59: Jody | D59: Employee | E59: 37746 | F59: 6.92 | G59: 3.47 | H59: 26 | I59: =AG59-J59 -> 1679.86 | J59: =SUM(F59+G59)*H59 -> 270.14 | K59: =J59*$K$22 -> 202.605 | L59: =J59*$L$22 -> 67.535 | M59: 8742 | N59: 0.354 | P59: 0 | Q59: =W59 -> 30.53 | R59: =W59 -> 30.53 | S59: =SUM(Q59*((AG59*0.75)-K59)) -> 38464.594 | T59: =SUM(R59*((AG59*0.25)-L59)) -> 12821.531 | U59: =S59+T59 -> 51286.126 | V59: =Q59*(AG59*0.75)+R59*(AG59*0.25) -> 59533.5 | W59: 30.53 | X59: 1 | Y59: 1016 | Z59: =A59 -> 64 | AA59: =B59 -> Hensler | AB59: =C59 -> Jody | AC59: No | AD59: =AA59 -> Hensler | AE59: =AB59 -> Jody | AF59: Caregiver Specialist Coordinator | AG59: =1950*X59 -> 1950 | AH59: 51286 | AI59: =SUM(AK59:BU59)-AJ59 -> 51286.126 | AJ59: =(Q59*K59)+(R59*L59) -> 8247.3742 | AK59: 0 | AL59: 0 | AM59: 0 | AN59: 0 | AO59: 0 | AP59: 0 | AQ59: 0 | AR59: 0 | AS59: 0 | AT59: 0 | AU59: 0 | AV59: 0 | AW59: 0 | AX59: 0 | AY59: 0 | AZ59: 0 | BA59: 0 | BB59: 0 | BC59: 0 | BD59: 59533.5 | BE59: 0 | BF59: 0 | BG59: 0 | BH59: 0 | BI59: 0 | BJ59: 0 | BK59: 0 | BL59: 0 | BM59: 0 | BN59: 0 | BO59: 0 | BQ59: 0 | BS59: 0 | BT59: 0 | BU59: 0 | BV59: =SUM(AK59:BU59)-BU59 -> 59533.5 | BW59: =AI59-AH59 -> 0.1258 | BX59: =100%-(AH59/AI59) -> 2.4529051e-06
A60: 77 | B60: Herlache | C60: Margaret | D60: Employee | E60: 38509 | F60: 6.92 | G60: 3.47 | H60: 26 | I60: =AG60-J60 -> 1679.86 | J60: =SUM(F60+G60)*H60 -> 270.14 | K60: =J60*$K$22 -> 202.605 | L60: =J60*$L$22 -> 67.535 | M60: 8742 | N60: 0.354 | P60: 0 | Q60: =W60 -> 35.9 | R60: =W60 -> 35.9 | S60: =SUM(Q60*((AG60*0.75)-K60)) -> 45230.23 | T60: =SUM(R60*((AG60*0.25)-L60)) -> 15076.744 | U60: =S60+T60 -> 60306.974 | V60: =Q60*(AG60*0.75)+R60*(AG60*0.25) -> 70005 | W60: 35.9 | X60: 1 | Y60: 1071 | Z60: =A60 -> 77 | AA60: =B60 -> Herlache | AB60: =C60 -> Margaret | AC60: No | AD60: =AA60 -> Herlache | AE60: =AB60 -> Margaret | AF60: Senior Community Health Coordinator | AG60: =1950*X60 -> 1950 | AH60: 58358 | AI60: =SUM(AK60:BU60)-AJ60 -> 62942.724 | AJ60: =(Q60*K60)+(R60*L60) -> 9698.026 | AK60: 0 | AL60: 0 | AM60: 0 | AN60: 0 | AO60: 0 | AP60: 0 | AQ60: 0 | AR60: 0 | AS60: 0 | AT60: 0 | AU60: 0 | AV60: 0 | AW60: 0 | AX60: 0 | AY60: 0 | AZ60: 0 | BA60: 0 | BB60: 0 | BC60: 0 | BD60: 0 | BE60: 0 | BF60: 0 | BG60: 0 | BH60: 0 | BI60: 0 | BJ60: 0 | BK60: 0 | BL60: 0 | BM60: 0 | BN60: 0 | BO60: 0 | BQ60: 0 | BS60: 10896.11 | BT60: =9443.3+2179.22 -> 11622.52 | BU60: =21065.82+29056.3 -> 50122.12 | BV60: =SUM(AK60:BU60)-BU60 -> 22518.63 | BW60: =AI60-AH60 -> 4584.724 | BX60: =100%-(AH60/AI60) -> 0.072839618
A61: 214 | B61: Hernandez | C61: Daphne | AD61: Hernandez | AE61: Daphnie | AF61: Information & Assistance Specialist | AG61: 0 | AH61: 39468 | AI61: =SUM(AK61:BU61)-AJ61 -> 0 | AJ61: =(Q61*K61)+(R61*L61) -> 0 | AK61: 0 | AL61: 0 | AM61: 0 | AN61: 0 | AO61: 0 | AP61: 0 | AQ61: 0 | AR61: 0 | AS61: 0 | AT61: 0 | AU61: 0 | AV61: 0 | AW61: 0 | AX61: 0 | AY61: 0 | AZ61: 0 | BA61: 0 | BB61: 0 | BC61: 0 | BD61: 0 | BE61: 0 | BF61: 0 | BG61: 0 | BH61: 0 | BI61: 0 | BJ61: 0 | BK61: 0 | BL61: 0 | BM61: 0 | BN61: 0 | BO61: 0 | BQ61: 0 | BS61: 0 | BT61: 0 | BU61: 0 | BV61: =SUM(AK61:BU61)-BU61 -> 0 | BW61: =AI61-AH61 -> -39468 | BX61: =100%-(AH61/AI61) -> #DIV/0!
A62: 243 | B62: Heuerman | C62: Blake | Y62: 1010 | Z62: =A62 -> 243 | AA62: =B62 -> Heuerman | AB62: =C62 -> Blake | AD62: =AA62 -> Heuerman | AE62: =AB62 -> Blake | AF62: Information & Assistance Specialist | AG62: =1950*X62 -> 0 | AH62: 38127 | AI62: =SUM(AK62:BU62)-AJ62 -> 0 | AJ62: =(Q62*K62)+(R62*L62) -> 0 | AK62: 0 | AL62: 0 | AM62: 0 | AN62: 0 | AO62: 0 | AP62: 0 | AQ62: 0 | AR62: 0 | AS62: 0 | AT62: 0 | AU62: 0 | AV62: 0 | AW62: 0 | AX62: 0 | AY62: 0 | AZ62: 0 | BA62: 0 | BB62: 0 | BC62: 0 | BD62: 0 | BE62: 0 | BF62: 0 | BG62: 0 | BH62: 0 | BI62: 0 | BJ62: 0 | BK62: 0 | BL62: 0 | BM62: 0 | BN62: 0 | BO62: 0 | BQ62: 0 | BS62: 0 | BT62: 0 | BU62: 0 | BV62: =SUM(AK62:BU62)-BU62 -> 0 | BW62: =AI62-AH62 -> -38127 | BX62: =100%-(AH62/AI62) -> #DIV/0!
B63: Hochstedler | C63: Jason | Y63: 1017 | Z63: =A63 -> 0 | AA63: =B63 -> Hochstedler | AB63: =C63 -> Jason | AD63: =AA63 -> Hochstedler | AE63: =AB63 -> Jason | AF63: Information & Assistance Specialist | AG63: =1950*X63 -> 0 | AH63: 38127 | AI63: =SUM(AK63:BU63)-AJ63 -> 0 | AJ63: =(Q63*K63)+(R63*L63) -> 0 | AK63: 0 | AL63: 0 | AM63: 0 | AN63: 0 | AO63: 0 | AP63: 0 | AQ63: 0 | AR63: 0 | AS63: 0 | AT63: 0 | AU63: 0 | AV63: 0 | AW63: 0 | AX63: 0 | AY63: 0 | AZ63: 0 | BA63: 0 | BB63: 0 | BC63: 0 | BD63: 0 | BE63: 0 | BF63: 0 | BG63: 0 | BH63: 0 | BI63: 0 | BJ63: 0 | BK63: 0 | BL63: 0 | BM63: 0 | BN63: 0 | BO63: 0 | BQ63: 0 | BS63: 0 | BT63: 0 | BU63: 0 | BV63: =SUM(AK63:BU63)-BU63 -> 0 | BW63: =AI63-AH63 -> -38127 | BX63: =100%-(AH63/AI63) -> #DIV/0!
A64: 92 | B64: Holder-Hurley | C64: Laura | D64: Employee | E64: 39244 | F64: 6.92 | G64: 3.47 | H64: 26 | I64: =AG64-J64 -> 1679.86 | J64: =SUM(F64+G64)*H64 -> 270.14 | K64: =J64*$K$22 -> 202.605 | L64: =J64*$L$22 -> 67.535 | M64: 8810 | N64: 0.1716 | Q64: =W64*1.03 -> 33.5059 | R64: =Q64*1.03 -> 34.511077 | S64: =SUM(Q64*((AG64*0.75)-K64)) -> 42213.916 | T64: =SUM(R64*((AG64*0.25)-L64)) -> 14493.444 | U64: =S64+T64 -> 56707.36 | V64: =Q64*(AG64*0.75)+R64*(AG64*0.25) -> 65826.529 | W64: 32.53 | X64: 1 | Y64: 1005 | Z64: =A64 -> 92 | AA64: =B64 -> Holder-Hurley | AB64: =C64 -> Laura | AD64: =AA64 -> Holder-Hurley | AE64: =AB64 -> Laura | AF64: AP/Payroll Specialist | AG64: =1950*X64 -> 1950 | AH64: 55051 | AI64: =SUM(AK64:BU64)-AJ64 -> 56707.362 | AJ64: =(Q64*K64)+(R64*L64) -> 9119.1685 | AK64: 0 | AL64: 39495.92 | AM64: 0 | AN64: 0 | AO64: 9873.98 | AP64: 0 | AQ64: 0 | AR64: 0 | AS64: 0 | AT64: 0 | AU64: 0 | AV64: 0 | AW64: 0 | AX64: 0 | AY64: 0 | AZ64: 0 | BA64: 0 | BB64: 0 | BC64: 0 | BD64: 0 | BE64: 0 | BF64: 0 | BG64: 0 | BH64: 0 | BI64: 0 | BJ64: 0 | BK64: 9873.98 | BL64: 0 | BM64: 0 | BN64: 0 | BO64: 0 | BQ64: 0 | BS64: 0 | BT64: 0 | BU64: =3949.59+2633.06 -> 6582.65 | BV64: =SUM(AK64:BU64)-BU64 -> 59243.88 | BW64: =AI64-AH64 -> 1656.3615 | BX64: =100%-(AH64/AI64) -> 0.029208933
A65: 188 | B65: Jalazo | C65: Kristina | D65: Employee | E65: 45358 | F65: 3.47 | G65: 3.47 | H65: 26 | I65: =AG65-J65 -> 1769.56 | J65: =SUM(F65+G65)*H65 -> 180.44 | K65: =J65*$K$22 -> 135.33 | L65: =J65*$L$22 -> 45.11 | M65: 8810 | N65: 0.1716 | O65: 0.1 | Q65: =(W65*1.1)*1.03 -> 73.97357 | R65: =Q65*1.03 -> 76.192777 | S65: =SUM(Q65*((AG65*0.75)-K65)) -> 98175.503 | T65: =SUM(R65*((AG65*0.25)-L65)) -> 33706.923 | U65: =S65+T65 -> 131882.43 | V65: =Q65*(AG65*0.75)+R65*(AG65*0.25) -> 145330.32 | W65: 65.29 | X65: 1 | Y65: 1005 | Z65: =A65 -> 188 | AA65: =B65 -> Jalazo | AB65: =C65 -> Kristina | AD65: =AA65 -> Jalazo | AE65: =AB65 -> Kristina | AF65: Vice President of Finance | AG65: =1950*X65 -> 1950 | AH65: 116385 | AI65: =SUM(AK65:BU65)-AJ65 -> 131497.62 | AJ65: =(Q65*K65)+(R65*L65) -> 13447.899 | AK65: 21741.83 | AL65: 5797.82 | AM65: 0 | AN65: 0 | AO65: 0 | AP65: 0 | AQ65: 0 | AR65: 0 | AS65: 0 | AT65: 0 | AU65: 0 | AV65: 0 | AW65: 0 | AX65: 0 | AY65: 0 | AZ65: 0 | BA65: 0 | BB65: 0 | BC65: 0 | BD65: 0 | BE65: 0 | BF65: 0 | BG65: 0 | BH65: 4348.37 | BI65: 0 | BJ65: 0 | BK65: 7247.28 | BL65: 0 | BM65: 0 | BN65: 0 | BO65: 0 | BQ65: 0 | BS65: 17393.46 | BT65: =28989.1+7247.28 -> 36236.38 | BU65: =11595.64+26090.19+14494.55 -> 52180.38 | BV65: =SUM(AK65:BU65)-BU65 -> 92765.14 | BW65: =AI65-AH65 -> 15112.621 | BX65: =100%-(AH65/AI65) -> 0.11492695
A66: 373 | B66: Johns | C66: Virginia | D66: Employee + Child(ren) | E66: 45397 | F66: 3.47 | G66: 3.47 | H66: 26 | I66: =AG66-J66 -> 1769.56 | J66: =SUM(F66+G66)*H66 -> 180.44 | K66: =J66*$K$22 -> 135.33 | L66: =J66*$L$22 -> 45.11 | M66: 8742 | N66: 0.354 | Q66: =W66*1.03+O66 -> 25.5749 | R66: =Q66*1.03 -> 26.342147 | S66: =SUM(Q66*((AG66*0.75)-K66)) -> 33942.24 | T66: =SUM(R66*((AG66*0.25)-L66)) -> 11653.502 | U66: =S66+T66 -> 45595.742 | V66: =Q66*(AG66*0.75)+R66*(AG66*0.25) -> 50245.088 | W66: 24.83 | X66: 1 | Y66: 1065 | Z66: =A66 -> 373 | AA66: =B66 -> Johns | AB66: =C66 -> Virginia | AD66: =AA66 -> Johns | AE66: =AB66 -> Virginia | AF66: VA Case Manager | AG66: =1950*X66 -> 1950 | AH66: 44274 | AI66: =SUM(AK66:BU66)-AJ66 -> 45595.745 | AJ66: =(Q66*K66)+(R66*L66) -> 4649.3455 | AK66: 0 | AL66: 0 | AM66: 0 | AN66: 0 | AO66: 0 | AP66: 0 | AQ66: 0 | AR66: 0 | AS66: 0 | AT66: 0 | AU66: 0 | AV66: 0 | AW66: 0 | AX66: 0 | AY66: 0 | AZ66: 0 | BA66: 0 | BB66: 0 | BC66: 0 | BD66: 0 | BE66: 0 | BF66: 0 | BG66: 0 | BH66: 0 | BI66: 0 | BJ66: 0 | BK66: 0 | BL66: 0 | BM66: 0 | BN66: 0 | BO66: 0 | BQ66: 0 | BS66: 0 | BT66: 0 | BU66: =37683.82+12561.27 -> 50245.09 | BV66: =SUM(AK66:BU66)-BU66 -> 0 | BW66: =AI66-AH66 -> 1321.7445 | BX66: =100%-(AH66/AI66) -> 0.028988331
A67: 232 | B67: Kershaw | C67: Nayomi | D67: Employee | E67: 45852 | F67: 3.47 | G67: 3.47 | H67: 26 | I67: =AG67-J67 -> 1769.56 | J67: =SUM(F67+G67)*H67 -> 180.44 | K67: =J67*$K$22 -> 135.33 | L67: =J67*$L$22 -> 45.11 | M67: 8742 | N67: 0.354 | Q67: =W67*1.03+O67 -> 28.531 | R67: =Q67*1.03 -> 29.38693 | S67: =SUM(Q67*((AG67*0.75)-K67)) -> 37865.487 | T67: =SUM(R67*((AG67*0.25)-L67)) -> 13000.484 | U67: =S67+T67 -> 50865.971 | V67: =Q67*(AG67*0.75)+R67*(AG67*0.25) -> 56052.716 | W67: 27.7 | X67: 1 | AA67: =B67 -> Kershaw | AB67: =C67 -> Nayomi | AD67: =AA67 -> Kershaw | AE67: =AB67 -> Nayomi | AF67: ADI Program Manager | AG67: =1950*X67 -> 1950 | AH67: 54990 | AI67: =SUM(AK67:BU67)-AJ67 -> 50865.975 | AJ67: =(Q67*K67)+(R67*L67) -> 5186.7446 | AK67: 0 | AL67: 0 | AM67: 0 | AN67: 0 | AO67: 0 | AP67: 0 | AQ67: 0 | AR67: 0 | AS67: 0 | AT67: 0 | AU67: 0 | AV67: 0 | AW67: 0 | AX67: 0 | AY67: 0 | AZ67: 0 | BA67: 0 | BB67: 0 | BC67: 0 | BD67: 0 | BE67: 0 | BF67: 0 | BG67: 0 | BH67: 0 | BI67: 0 | BJ67: 0 | BK67: 0 | BL67: 28026.36 | BM67: 28026.36 | BN67: 0 | BO67: 0 | BQ67: 0 | BS67: 0 | BT67: 0 | BU67: 0 | BV67: =SUM(AK67:BU67)-BU67 -> 56052.72 | BW67: =AI67-AH67 -> -4124.0246 | BX67: =100%-(AH67/AI67) -> -0.081076291
B68: Lauby | C68: Nathan | D68: Employee | E68: 46132 | F68: 3.47 | G68: 3.47 | H68: 26 | I68: =AG68-J68 -> 1769.56 | J68: =SUM(F68+G68)*H68 -> 180.44 | K68: =J68*$K$22 -> 135.33 | L68: =J68*$L$22 -> 45.11 | M68: 8742 | N68: 0.354 | O68: 1 | Q68: =(W68+O68)*1.03 -> 22.66 | R68: =Q68*1.03 -> 23.3398 | S68: =SUM(Q68*((AG68*0.75)-K68)) -> 30073.672 | T68: =SUM(R68*((AG68*0.25)-L68)) -> 10325.294 | U68: =S68+T68 -> 40398.966 | V68: =Q68*(AG68*0.75)+R68*(AG68*0.25) -> 44518.402 | W68: 21 | X68: 1 | AD68: =B68 -> Lauby | AE68: =C68 -> Nathan | AF68: Intake Specialist | AG68: =1950*X68 -> 1950 | AH68: 0 | AI68: =SUM(AK68:BU68)-AJ68 -> 40398.964 | AJ68: =(Q68*K68)+(R68*L68) -> 4119.4362 | AK68: 0 | AL68: 0 | AM68: 0 | AN68: 0 | AO68: 0 | AP68: 0 | AQ68: 0 | AR68: 0 | AS68: 0 | AT68: 0 | AU68: 0 | AV68: 0 | AW68: 0 | AX68: 0 | AY68: 0 | AZ68: 0 | BA68: 0 | BB68: 0 | BC68: 0 | BD68: 0 | BE68: 0 | BF68: 0 | BG68: 0 | BH68: 0 | BI68: 0 | BJ68: 0 | BK68: 32943.62 | BL68: 0 | BM68: 11574.78 | BN68: 0 | BO68: 0 | BQ68: 0 | BS68: 0 | BT68: 0 | BU68: 0 | BV68: =SUM(AK68:BU68)-BU68 -> 44518.4 | BW68: =AI68-AH68 -> 40398.964 | BX68: =100%-(AH68/AI68) -> 1
B69: Lavandier | C69: Kharla | D69: Employee | E69: 46139 | F69: 3.47 | G69: 3.47 | H69: 26 | I69: =AG69-J69 -> 1769.56 | J69: =SUM(F69+G69)*H69 -> 180.44 | K69: =J69*$K$22 -> 135.33 | L69: =J69*$L$22 -> 45.11 | M69: 8742 | N69: 0.354 | Q69: =W69+O69 -> 51.28 | R69: =Q69*1.03 -> 52.8184 | S69: =SUM(Q69*((AG69*0.75)-K69)) -> 68057.278 | T69: =SUM(R69*((AG69*0.25)-L69)) -> 23366.332 | U69: =S69+T69 -> 91423.61 | V69: =Q69*(AG69*0.75)+R69*(AG69*0.25) -> 100745.97 | W69: 51.28 | X69: 1 | AD69: =B69 -> Lavandier | AE69: =C69 -> Kharla | AF69: Controller | AG69: =1950*X69 -> 1950 | AH69: 0 | AI69: =SUM(AK69:BU69)-AJ69 -> 90677.64 | AJ69: =(Q69*K69)+(R69*L69) -> 9322.3604 | AK69: 0 | AL69: 10000 | AM69: 10000 | AN69: 0 | AO69: 8000 | AP69: 0 | AQ69: 0 | AR69: 0 | AS69: 0 | AT69: 0 | AU69: 0 | AV69: 0 | AW69: 0 | AX69: 0 | AY69: 0 | AZ69: 0 | BA69: 0 | BB69: 0 | BC69: 0 | BD69: 0 | BE69: 0 | BF69: 0 | BG69: 0 | BH69: 3000 | BI69: 5000 | BJ69: 0 | BK69: 25000 | BL69: 0 | BM69: 4000 | BN69: 5000 | BO69: 5000 | BQ69: 0 | BS69: 0 | BT69: =10000+2000 -> 12000 | BU69: =11000+2000 -> 13000 | BV69: =SUM(AK69:BU69)-BU69 -> 87000 | BW69: =AI69-AH69 -> 90677.64 | BX69: =100%-(AH69/AI69) -> 1
B70: Leadingham | C70: Lauren | D70: Employee | E70: 46174 | F70: 3.47 | G70: 3.47 | H70: 26 | I70: =AG70-J70 -> 1769.56 | J70: =SUM(F70+G70)*H70 -> 180.44 | K70: =J70*$K$22 -> 135.33 | L70: =J70*$L$22 -> 45.11 | M70: 8742 | N70: 0.354 | Q70: =W70*1.03+O70 -> 21.63 | R70: =Q70*1.03 -> 22.2789 | S70: =SUM(Q70*((AG70*0.75)-K70)) -> 28706.687 | T70: =SUM(R70*((AG70*0.25)-L70)) -> 9855.9626 | U70: =S70+T70 -> 38562.65 | V70: =Q70*(AG70*0.75)+R70*(AG70*0.25) -> 42494.839 | W70: 21 | X70: 1 | AD70: =B70 -> Leadingham | AE70: =C70 -> Lauren | AF70: Shine Program Assistant | AG70: =1950*X70 -> 1950 | AH70: 0 | AI70: =SUM(AK70:BU70)-AJ70 -> 38562.651 | AJ70: =(Q70*K70)+(R70*L70) -> 3932.1891 | AK70: 0 | AL70: 0 | AM70: 0 | AN70: 0 | AO70: 0 | AP70: 0 | AQ70: 0 | AR70: 0 | AS70: 0 | AT70: 0 | AU70: 0 | AV70: 0 | AW70: 0 | AX70: 0 | AY70: 0 | AZ70: 0 | BA70: 0 | BB70: 0 | BC70: 0 | BD70: 0 | BE70: 0 | BF70: 0 | BG70: 0 | BH70: 0 | BI70: 0 | BJ70: 0 | BK70: 0 | BL70: 0 | BM70: 0 | BN70: 0 | BO70: 0 | BQ70: 0 | BS70: 42494.84 | BT70: 0 | BU70: 0 | BV70: =SUM(AK70:BU70)-BU70 -> 42494.84 | BW70: =AI70-AH70 -> 38562.651 | BX70: =100%-(AH70/AI70) -> 1
A71: 252 | B71: Marisha | C71: Eva | Y71: 1025 | Z71: =A71 -> 252 | AA71: =B71 -> Marisha | AB71: =C71 -> Eva | AD71: =AA71 -> Marisha | AE71: =AB71 -> Eva | AF71: SHINE Program Assistant | AG71: =1950*X71 -> 0 | AH71: 38195 | AI71: =SUM(AK71:BU71)-AJ71 -> 0 | AJ71: =(Q71*K71)+(R71*L71) -> 0 | AK71: 0 | AL71: 0 | AM71: 0 | AN71: 0 | AO71: 0 | AP71: 0 | AQ71: 0 | AR71: 0 | AS71: 0 | AT71: 0 | AU71: 0 | AV71: 0 | AW71: 0 | AX71: 0 | AY71: 0 | AZ71: 0 | BA71: 0 | BB71: 0 | BC71: 0 | BD71: 0 | BE71: 0 | BF71: 0 | BG71: 0 | BH71: 0 | BI71: 0 | BJ71: 0 | BK71: 0 | BL71: 0 | BM71: 0 | BN71: 0 | BO71: 0 | BQ71: 0 | BS71: 0 | BT71: 0 | BU71: 0 | BV71: =SUM(AK71:BU71)-BU71 -> 0 | BW71: =AI71-AH71 -> -38195 | BX71: =100%-(AH71/AI71) -> #DIV/0!
A72: 249 | B72: Marsalek | C72: Kerry | Y72: 1005 | Z72: =A72 -> 249 | AA72: =B72 -> Marsalek | AB72: =C72 -> Kerry | AD72: =AA72 -> Marsalek | AE72: =AB72 -> Kerry | AF72: Director of Healthcare & Community Innovation | AG72: =1950*X72 -> 0 | AH72: 75345 | AI72: =SUM(AK72:BU72)-AJ72 -> 0 | AJ72: =(Q72*K72)+(R72*L72) -> 0 | AK72: 0 | AL72: 0 | AM72: 0 | AN72: 0 | AO72: 0 | AP72: 0 | AQ72: 0 | AR72: 0 | AS72: 0 | AT72: 0 | AU72: 0 | AV72: 0 | AW72: 0 | AX72: 0 | AY72: 0 | AZ72: 0 | BA72: 0 | BB72: 0 | BC72: 0 | BD72: 0 | BE72: 0 | BF72: 0 | BG72: 0 | BH72: 0 | BI72: 0 | BJ72: 0 | BK72: 0 | BL72: 0 | BM72: 0 | BN72: 0 | BO72: 0 | BQ72: 0 | BS72: 0 | BT72: 0 | BU72: 0 | BV72: =SUM(AK72:BU72)-BU72 -> 0 | BW72: =AI72-AH72 -> -75345 | BX72: =100%-(AH72/AI72) -> #DIV/0!
B73: Martin | C73: Kendall Ann | D73: Employee | E73: 45580 | F73: 3.47 | G73: 3.47 | H73: 26 | I73: =AG73-J73 -> 1769.56 | J73: =SUM(F73+G73)*H73 -> 180.44 | K73: =J73*$K$22 -> 135.33 | L73: =J73*$L$22 -> 45.11 | M73: 8810 | N73: 0.1716 | O73: 1 | Q73: =(W73+O73)*1.03 -> 23.3089 | R73: =Q73*1.03 -> 24.008167 | S73: =SUM(Q73*((AG73*0.75)-K73)) -> 30934.873 | T73: =SUM(R73*((AG73*0.25)-L73)) -> 10620.973 | U73: =S73+T73 -> 41555.846 | V73: =Q73*(AG73*0.75)+R73*(AG73*0.25) -> 45793.248 | W73: 21.63 | X73: 1 | AA73: =B73 -> Martin | AD73: =AA73 -> Martin | AE73: Kendall | AF73: Intake Specialist | AG73: 1950 | AH73: 38568 | AI73: =SUM(AK73:BU73)-AJ73 -> 41555.848 | AJ73: =(Q73*K73)+(R73*L73) -> 4237.4019 | AK73: 0 | AL73: 0 | AM73: 0 | AN73: 0 | AO73: 0 | AP73: 0 | AQ73: 0 | AR73: 0 | AS73: 0 | AT73: 0 | AU73: 0 | AV73: 0 | AW73: 0 | AX73: 0 | AY73: 0 | AZ73: 0 | BA73: 0 | BB73: 0 | BC73: 0 | BD73: 0 | BE73: 0 | BF73: 0 | BG73: 0 | BH73: 0 | BI73: 0 | BJ73: 0 | BK73: 34802.87 | BL73: 0 | BM73: 10990.38 | BN73: 0 | BO73: 0 | BQ73: 0 | BS73: 0 | BT73: 0 | BU73: 0 | BV73: =SUM(AK73:BU73)-BU73 -> 45793.25 | BW73: =AI73-AH73 -> 2987.8481 | BX73: =100%-(AH73/AI73) -> 0.071899583
A74: 198 | B74: Martinez | C74: Edwin | D74: Employee | E74: 46244 | F74: 3.47 | G74: 3.47 | H74: 26 | I74: =AG74-J74 -> 1769.56 | J74: =SUM(F74+G74)*H74 -> 180.44 | K74: =J74*$K$22 -> 135.33 | L74: =J74*$L$22 -> 45.11 | M74: 8810 | N74: 0.1716 | O74: 1 | Q74: =(W74+O74)*1.03 -> 22.66 | R74: =Q74*1.03 -> 23.3398 | S74: =SUM(Q74*((AG74*0.75)-K74)) -> 30073.672 | T74: =SUM(R74*((AG74*0.25)-L74)) -> 10325.294 | U74: =S74+T74 -> 40398.966 | V74: =Q74*(AG74*0.75)+R74*(AG74*0.25) -> 44518.402 | W74: 21 | X74: 1 | Y74: 1039 | Z74: =A74 -> 198 | AA74: =B74 -> Martinez | AB74: =C74 -> Edwin | AD74: =AA74 -> Martinez | AE74: =AB74 -> Edwin | AF74: Intake Specialist | AG74: =1950*X74 -> 1950 | AH74: 0 | AI74: =SUM(AK74:BU74)-AJ74 -> 39102.324 | AJ74: =(Q74*K74)+(R74*L74) -> 4119.4362 | AK74: 0 | AL74: 0 | AM74: 25068.62 | AN74: 0 | AO74: 0 | AP74: 0 | AQ74: 0 | AR74: 0 | AS74: 0 | AT74: 0 | AU74: 0 | AV74: 0 | AW74: 0 | AX74: 0 | AY74: 0 | AZ74: 0 | BA74: 0 | BB74: 0 | BC74: 0 | BD74: 0 | BE74: 0 | BF74: 0 | BG74: 0 | BH74: 0 | BI74: 0 | BJ74: 18153.14 | BK74: 0 | BL74: 0 | BM74: 0 | BN74: 0 | BO74: 0 | BQ74: 0 | BS74: 0 | BT74: 0 | BU74: 0 | BV74: =SUM(AK74:BU74)-BU74 -> 43221.76 | BW74: =AI74-AH74 -> 39102.324 | BX74: =100%-(AH74/AI74) -> 1
A75: 75 | B75: Martino | C75: Tawnya | D75: Employee + Child(ren) | E75: 38462 | F75: 6.92 | G75: 3.47 | H75: 26 | I75: =AG75-J75 -> 1679.86 | J75: =SUM(F75+G75)*H75 -> 270.14 | K75: =J75*$K$22 -> 202.605 | L75: =J75*$L$22 -> 67.535 | M75: 8810 | N75: 0.1716 | O75: 0.06 | Q75: =(W75*1.06)*1.03 -> 65.224132 | R75: =Q75*1.03 -> 67.180856 | S75: =SUM(Q75*((AG75*0.75)-K75)) -> 82175.558 | T75: =SUM(R75*((AG75*0.25)-L75)) -> 28213.608 | U75: =S75+T75 -> 110389.17 | V75: =Q75*(AG75*0.75)+R75*(AG75*0.25) -> 128140.96 | W75: 59.74 | X75: 1 | Y75: 1005 | Z75: =A75 -> 75 | AA75: =B75 -> Martino | AB75: =C75 -> Tawnya | AD75: =AA75 -> Martino | AE75: =AB75 -> Tawnya | AF75: Chief Operating Officer | AG75: =1950*X75 -> 1950 | AH75: 97395 | AI75: =SUM(AK75:BU75)-AJ75 -> 110185.59 | AJ75: =(Q75*K75)+(R75*L75) -> 17751.794 | AK75: 0 | AL75: 0 | AM75: 3838.12 | AN75: 0 | AO75: 0 | AP75: 3838.12 | AQ75: 1279.37 | AR75: 0 | AS75: 0 | AT75: 0 | AU75: 0 | AV75: 0 | AW75: 0 | AX75: 0 | AY75: 0 | AZ75: 0 | BA75: 0 | BB75: 0 | BC75: 0 | BD75: 12793.74 | BE75: 11514.36 | BF75: 0 | BG75: 0 | BH75: 10234.99 | BI75: 12793.74 | BJ75: 0 | BK75: 1279.37 | BL75: 0 | BM75: 0 | BN75: 12793.74 | BO75: 0 | BQ75: 0 | BS75: 25587.48 | BT75: =25587.48+2558.75 -> 28146.23 | BU75: =2558.75+1279.37 -> 3838.12 | BV75: =SUM(AK75:BU75)-BU75 -> 124099.26 | BW75: =AI75-AH75 -> 12790.586 | BX75: =100%-(AH75/AI75) -> 0.1160822
A76: 95 | B76: Maulorico | C76: Debra | D76: None | E76: 39713 | F76: 6.92 | G76: 3.47 | H76: 26 | I76: =AG76-J76 -> 1679.86 | J76: =SUM(F76+G76)*H76 -> 270.14 | K76: =J76*$K$22 -> 202.605 | L76: =J76*$L$22 -> 67.535 | M76: 8871 | N76: 0.05 | P76: 0 | Q76: =W76 -> 31.19 | R76: =W76 -> 31.19 | S76: =SUM(Q76*((AG76*0.75)-K76)) -> 39296.125 | T76: =SUM(R76*((AG76*0.25)-L76)) -> 13098.708 | U76: =S76+T76 -> 52394.833 | V76: =Q76*(AG76*0.75)+R76*(AG76*0.25) -> 60820.5 | W76: 31.19 | X76: 1 | Y76: 1035 | Z76: =A76 -> 95 | AA76: =B76 -> Maulorico | AB76: =C76 -> Debra | AC76: No | AD76: =AA76 -> Maulorico | AE76: =AB76 -> Debra | AF76: Medicaid Waiver QA Specialist | AG76: =1950*X76 -> 1950 | AH76: 52395 | AI76: =SUM(AK76:BU76)-AJ76 -> 52394.833 | AJ76: =(Q76*K76)+(R76*L76) -> 8425.6666 | AK76: 0 | AL76: 0 | AM76: 0 | AN76: 0 | AO76: 0 | AP76: 0 | AQ76: 0 | AR76: 0 | AS76: 0 | AT76: 0 | AU76: 0 | AV76: 0 | AW76: 0 | AX76: 0 | AY76: 0 | AZ76: 0 | BA76: 0 | BB76: 0 | BC76: 0 | BD76: 0 | BE76: 0 | BF76: 0 | BG76: 0 | BH76: 0 | BI76: 0 | BJ76: 0 | BK76: 0 | BL76: 0 | BM76: 0 | BN76: 0 | BO76: 0 | BQ76: 60820.5 | BS76: 0 | BT76: 0 | BU76: 0 | BV76: =SUM(AK76:BU76)-BU76 -> 60820.5 | BW76: =AI76-AH76 -> -0.1666 | BX76: =100%-(AH76/AI76) -> -3.1797028e-06
B77: Miller | C77: Amanda | D77: Employee | E77: 44515 | F77: 5.19 | G77: 3.47 | H77: 26 | I77: =AG77-J77 -> 1724.84 | J77: =SUM(F77+G77)*H77 -> 225.16 | K77: =J77*$K$22 -> 168.87 | L77: =J77*$L$22 -> 56.29 | M77: 8810 | N77: 0.1716 | Q77: =W77*1.03+O77 -> 30.6322 | R77: =Q77*1.03 -> 31.551166 | S77: =SUM(Q77*((AG77*0.75)-K77)) -> 39626.733 | T77: =SUM(R77*((AG77*0.25)-L77)) -> 13605.178 | U77: =S77+T77 -> 53231.911 | V77: =Q77*(AG77*0.75)+R77*(AG77*0.25) -> 60180.786 | W77: 29.74 | X77: 1 | Y77: 1005 | Z77: =A77 -> 0 | AA77: =B77 -> Miller | AB77: =C77 -> Amanda | AD77: =AA77 -> Miller | AE77: =AB77 -> Amanda | AF77: ADRC Helpline Manager | AG77: =1950*X77 -> 1950 | AH77: 41800 | AI77: =SUM(AK77:BU77)-AJ77 -> 53239.175 | AJ77: =(Q77*K77)+(R77*L77) -> 6948.8747 | AK77: 0 | AL77: 0 | AM77: 48150.44 | AN77: 0 | AO77: 0 | AP77: 0 | AQ77: 0 | AR77: 0 | AS77: 0 | AT77: 0 | AU77: 0 | AV77: 0 | AW77: 0 | AX77: 0 | AY77: 0 | AZ77: 0 | BA77: 0 | BB77: 0 | BC77: 0 | BD77: 0 | BE77: 0 | BF77: 0 | BG77: 0 | BH77: 0 | BI77: 0 | BJ77: 12037.61 | BK77: 0 | BL77: 0 | BM77: 0 | BN77: 0 | BO77: 0 | BQ77: 0 | BS77: 0 | BT77: 0 | BU77: 0 | BV77: =SUM(AK77:BU77)-BU77 -> 60188.05 | BW77: =AI77-AH77 -> 11439.175 | BX77: =100%-(AH77/AI77) -> 0.21486387
B78: Morales | C78: Hillary Sarah | AA78: =B78 -> Morales | AB78: Hillary | AD78: =AA78 -> Morales | AE78: Hillary | AF78: Executive Assistant | AG78: 1950 | AH78: 56504 | AI78: =SUM(AK78:BU78)-AJ78 -> 0 | AJ78: =(Q78*K78)+(R78*L78) -> 0 | AK78: 0 | AL78: 0 | AM78: 0 | AN78: 0 | AO78: 0 | AP78: 0 | AQ78: 0 | AR78: 0 | AS78: 0 | AT78: 0 | AU78: 0 | AV78: 0 | AW78: 0 | AX78: 0 | AY78: 0 | AZ78: 0 | BA78: 0 | BB78: 0 | BC78: 0 | BD78: 0 | BE78: 0 | BF78: 0 | BG78: 0 | BH78: 0 | BI78: 0 | BJ78: 0 | BK78: 0 | BL78: 0 | BM78: 0 | BN78: 0 | BO78: 0 | BQ78: 0 | BS78: 0 | BT78: 0 | BU78: 0 | BV78: =SUM(AK78:BU78)-BU78 -> 0 | BW78: =AI78-AH78 -> -56504 | BX78: =100%-(AH78/AI78) -> #DIV/0!
B79: Nault | C79: Remedios | E79: 45467 | F79: 3.47 | G79: 3.47 | H79: 26 | I79: =AG79-J79 -> 1769.56 | J79: =SUM(F79+G79)*H79 -> 180.44 | K79: =J79*$K$22 -> 135.33 | L79: =J79*$L$22 -> 45.11 | M79: 8742 | N79: 0.354 | Q79: =W79*1.03 -> 22.0626 | R79: =Q79*1.03 -> 22.724478 | S79: =SUM(Q79*((AG79*0.75)-K79)) -> 29280.821 | T79: =SUM(R79*((AG79*0.25)-L79)) -> 10053.082 | U79: =S79+T79 -> 39333.903 | V79: =Q79*(AG79*0.75)+R79*(AG79*0.25) -> 43344.736 | W79: 21.42 | X79: 1 | Y79: 1039 | Z79: =A79 -> 0 | AA79: {=B79 (Sodano)} -> #NAME? | AB79: =C79 -> Remedios | AD79: Nault (Sodano) | AE79: Sara | AF79: SMP Program Assistant | AG79: =1950*X79 -> 1950 | AH79: 38195 | AI79: =SUM(AK79:BU79)-AJ79 -> 39333.907 | AJ79: =(Q79*K79)+(R79*L79) -> 4010.8329 | AK79: 0 | AL79: 0 | AM79: 0 | AN79: 0 | AO79: 0 | AP79: 0 | AQ79: 0 | AR79: 0 | AS79: 0 | AT79: 0 | AU79: 0 | AV79: 0 | AW79: 0 | AX79: 0 | AY79: 0 | AZ79: 0 | BA79: 0 | BB79: 0 | BC79: 0 | BD79: 0 | BE79: 0 | BF79: 0 | BG79: 0 | BH79: 0 | BI79: 0 | BJ79: 0 | BK79: 0 | BL79: 0 | BM79: 0 | BN79: 0 | BO79: 0 | BQ79: 0 | BS79: 0 | BT79: 43344.74 | BU79: 0 | BV79: =SUM(AK79:BU79)-BU79 -> 43344.74 | BW79: =AI79-AH79 -> 1138.9071 | BX79: =100%-(AH79/AI79) -> 0.028954844
A80: 227 | B80: Newman | C80: Shelby | D80: Employee | E80: 44900 | F80: 5.19 | G80: 3.47 | H80: 26 | I80: =AG80-J80 -> 1724.84 | J80: =SUM(F80+G80)*H80 -> 225.16 | K80: =J80*$K$22 -> 168.87 | L80: =J80*$L$22 -> 56.29 | M80: 8742 | N80: 0.354 | Q80: =W80*1.03 -> 29.9318 | R80: =Q80*1.03 -> 30.829754 | S80: =SUM(Q80*((AG80*0.75)-K80)) -> 38720.674 | T80: =SUM(R80*((AG80*0.25)-L80)) -> 13294.098 | U80: =S80+T80 -> 52014.773 | V80: =Q80*(AG80*0.75)+R80*(AG80*0.25) -> 58804.763 | W80: 29.06 | X80: 1 | Y80: 1065 | Z80: =A80 -> 227 | AA80: =B80 -> Newman | AB80: =C80 -> Shelby | AD80: =AA80 -> Newman | AE80: =AB80 -> Shelby | AF80: VA Case Manager Lead | AG80: =1950*X80 -> 1950 | AH80: 51803 | AI80: =SUM(AK80:BU80)-AJ80 -> 52014.77 | AJ80: =(Q80*K80)+(R80*L80) -> 6789.9899 | AK80: 0 | AL80: 0 | AM80: 0 | AN80: 0 | AO80: 0 | AP80: 0 | AQ80: 0 | AR80: 0 | AS80: 0 | AT80: 0 | AU80: 0 | AV80: 0 | AW80: 0 | AX80: 0 | AY80: 0 | AZ80: 0 | BA80: 0 | BB80: 0 | BC80: 0 | BD80: 0 | BE80: 0 | BF80: 0 | BG80: 0 | BH80: 0 | BI80: 0 | BJ80: 0 | BK80: 0 | BL80: 0 | BM80: 0 | BN80: 0 | BO80: 0 | BQ80: 0 | BS80: 0 | BT80: 0 | BU80: =44103.57+14701.19 -> 58804.76 | BV80: =SUM(AK80:BU80)-BU80 -> 0 | BW80: =AI80-AH80 -> 211.77008 | BX80: =100%-(AH80/AI80) -> 0.0040713451
B81: O'Neil | C81: McKenna | D81: None | E81: 45747 | F81: 3.47 | G81: 3.47 | H81: 26 | I81: =AG81-J81 -> 1769.56 | J81: =SUM(F81+G81)*H81 -> 180.44 | K81: =J81*$K$22 -> 135.33 | L81: =J81*$L$22 -> 45.11 | M81: 8742 | N81: 0.354 | O81: 10000 | Q81: =W81*1.03 -> 44.6093 | R81: =Q81*1.03 -> 45.947579 | S81: =SUM(Q81*((AG81*0.75)-K81)) -> 59204.125 | T81: =SUM(R81*((AG81*0.25)-L81)) -> 20326.749 | U81: =S81+T81 -> 79530.874 | V81: =Q81*(AG81*0.75)+R81*(AG81*0.25)+O81 -> 97640.546 | W81: 43.31 | X81: 1 | Y81: 1995 | AA81: O'Neil | AB81: McKenna | AD81: O'Neil | AE81: McKenna | AF81: Director of Strategic Advancement | AG81: 1950 | AH81: 83357 | AI81: =SUM(AK81:BU81)-AJ81 -> 89530.878 | AJ81: =(Q81*K81)+(R81*L81) -> 8109.6719 | AK81: 0 | AL81: 0 | AM81: 0 | AN81: 0 | AO81: 0 | AP81: 0 | AQ81: 0 | AR81: 0 | AS81: 0 | AT81: 0 | AU81: 0 | AV81: 0 | AW81: 0 | AX81: 0 | AY81: 0 | AZ81: 0 | BA81: 0 | BB81: 0 | BC81: 0 | BD81: 0 | BE81: 0 | BF81: 0 | BG81: 0 | BH81: 0 | BI81: 0 | BJ81: 0 | BK81: 0 | BL81: 0 | BM81: 0 | BN81: 0 | BO81: 0 | BQ81: 0 | BS81: 0 | BT81: 0 | BU81: 97640.55 | BV81: =SUM(AK81:BU81)-BU81 -> 0 | BW81: =AI81-AH81 -> 6173.8781 | BX81: =100%-(AH81/AI81) -> 0.068958088
A82: 202 | B82: Oros | C82: Eva | D82: None | E82: 44564 | F82: 0.46 | G82: 3.47 | H82: 26 | I82: =520-J82 -> 417.82 | J82: =SUM(F82+G82)*H82 -> 102.18 | K82: =J82*$K$22 -> 76.635 | L82: =J82*$L$22 -> 25.545 | M82: 8742 | N82: 0.354 | Q82: =W82*1.03 -> 34.4947 | R82: =Q82*1.03 -> 35.529541 | S82: =SUM(Q82*((AG82*0.75)-K82)) -> 10809.432 | T82: =SUM(R82*((AG82*0.25)-L82)) -> 3711.2382 | U82: =S82+T82 -> 14520.67 | V82: =Q82*(AG82*0.75)+R82*(AG82*0.25) -> 18071.773 | W82: 33.49 | X82: 1 | Y82: 1076 | Z82: =A82 -> 202 | AA82: =B82 -> Oros | AB82: =C82 -> Eva | AD82: =AA82 -> Oros | AE82: =AB82 -> Eva | AF82: Mental Health Counselor | AG82: 520 | AH82: 11845 | AI82: =SUM(AK82:BU82)-AJ82 -> 64218.047 | AJ82: =(Q82*K82)+(R82*L82) -> 3551.1035 | AK82: 0 | AL82: 0 | AM82: 0 | AN82: 67769.15 | AO82: 0 | AP82: 0 | AQ82: 0 | AR82: 0 | AS82: 0 | AT82: 0 | AU82: 0 | AV82: 0 | AW82: 0 | AX82: 0 | AY82: 0 | AZ82: 0 | BA82: 0 | BB82: 0 | BC82: 0 | BD82: 0 | BE82: 0 | BF82: 0 | BG82: 0 | BH82: 0 | BI82: 0 | BJ82: 0 | BK82: 0 | BL82: 0 | BM82: 0 | BN82: 0 | BO82: 0 | BQ82: 0 | BS82: 0 | BT82: 0 | BU82: 0 | BV82: =SUM(AK82:BU82)-BU82 -> 67769.15 | BW82: =AI82-AH82 -> 52373.047 | BX82: =100%-(AH82/AI82) -> 0.81555029
A83: 247 | B83: Owens | C83: Shavonne | Y83: 1010 | Z83: =A83 -> 247 | AA83: =B83 -> Owens | AB83: =C83 -> Shavonne | AD83: =AA83 -> Owens | AE83: =AB83 -> Shavonne | AF83: Information & Assistance Specialist | AG83: =1950*X83 -> 0 | AH83: 39156 | AI83: =SUM(AK83:BU83)-AJ83 -> 0 | AJ83: =(Q83*K83)+(R83*L83) -> 0 | AK83: 0 | AL83: 0 | AM83: 0 | AN83: 0 | AO83: 0 | AP83: 0 | AQ83: 0 | AR83: 0 | AS83: 0 | AT83: 0 | AU83: 0 | AV83: 0 | AW83: 0 | AX83: 0 | AY83: 0 | AZ83: 0 | BA83: 0 | BB83: 0 | BC83: 0 | BD83: 0 | BE83: 0 | BF83: 0 | BG83: 0 | BH83: 0 | BI83: 0 | BJ83: 0 | BK83: 0 | BL83: 0 | BM83: 0 | BN83: 0 | BO83: 0 | BQ83: 0 | BS83: 0 | BT83: 0 | BU83: 0 | BV83: =SUM(AK83:BU83)-BU83 -> 0 | BW83: =AI83-AH83 -> -39156 | BX83: =100%-(AH83/AI83) -> #DIV/0!
B84: Palacio | C84: Adriana | D84: Employee | E84: 45678 | F84: 3.47 | G84: 3.47 | H84: 26 | I84: =AG84-J84 -> 1769.56 | J84: =SUM(F84+G84)*H84 -> 180.44 | K84: =J84*$K$22 -> 135.33 | L84: =J84*$L$22 -> 45.11 | M84: 8810 | N84: 0.1716 | O84: 1 | Q84: =(W84+O84)*1.03 -> 23.3089 | R84: =Q84*1.03 -> 24.008167 | S84: =SUM(Q84*((AG84*0.75)-K84)) -> 30934.873 | T84: =SUM(R84*((AG84*0.25)-L84)) -> 10620.973 | U84: =S84+T84 -> 41555.846 | V84: =Q84*(AG84*0.75)+R84*(AG84*0.25) -> 45793.248 | W84: 21.63 | X84: 1 | AA84: Palacio | AB84: Adriana | AD84: Palacio | AE84: Adriana | AF84: Intake Specialist | AG84: 1950 | AH84: 38568 | AI84: =SUM(AK84:BU84)-AJ84 -> 41555.848 | AJ84: =(Q84*K84)+(R84*L84) -> 4237.4019 | AK84: 0 | AL84: 0 | AM84: 0 | AN84: 0 | AO84: 0 | AP84: 0 | AQ84: 0 | AR84: 0 | AS84: 0 | AT84: 0 | AU84: 0 | AV84: 0 | AW84: 0 | AX84: 0 | AY84: 0 | AZ84: 0 | BA84: 0 | BB84: 0 | BC84: 0 | BD84: 0 | BE84: 0 | BF84: 0 | BG84: 0 | BH84: 0 | BI84: 0 | BJ84: 0 | BK84: 34802.87 | BL84: 0 | BM84: 10990.38 | BN84: 0 | BO84: 0 | BQ84: 0 | BS84: 0 | BT84: 0 | BU84: 0 | BV84: =SUM(AK84:BU84)-BU84 -> 45793.25 | BW84: =AI84-AH84 -> 2987.8481 | BX84: =100%-(AH84/AI84) -> 0.071899583
A85: 148 | B85: Radak | C85: Dijana | D85: Employee | E85: 43118 | F85: 5.19 | G85: 3.47 | H85: 26 | I85: =AG85-J85 -> 1724.84 | J85: =SUM(F85+G85)*H85 -> 225.16 | K85: =J85*$K$22 -> 168.87 | L85: =J85*$L$22 -> 56.29 | M85: 8810 | N85: 0.1716 | Q85: =W85*1.03 -> 33.8252 | R85: =Q85*1.03 -> 34.839956 | S85: =SUM(Q85*((AG85*0.75)-K85)) -> 43757.293 | T85: =SUM(R85*((AG85*0.25)-L85)) -> 15023.337 | U85: =S85+T85 -> 58780.631 | V85: =Q85*(AG85*0.75)+R85*(AG85*0.25) -> 66453.834 | W85: 32.84 | X85: 1 | Y85: 1065 | Z85: =A85 -> 148 | AA85: =B85 -> Radak | AB85: =C85 -> Dijana | AD85: =AA85 -> Radak | AE85: =AB85 -> Dijana | AF85: MHSI Counselor | AG85: =1950*X85 -> 1950 | AH85: 55184 | AI85: =SUM(AK85:BU85)-AJ85 -> 58780.637 | AJ85: =(Q85*K85)+(R85*L85) -> 7673.2026 | AK85: 0 | AL85: 0 | AM85: 0 | AN85: 48511.3 | AO85: 0 | AP85: 0 | AQ85: 0 | AR85: 0 | AS85: 0 | AT85: 0 | AU85: 0 | AV85: 0 | AW85: 0 | AX85: 0 | AY85: 0 | AZ85: 0 | BA85: 0 | BB85: 0 | BC85: 0 | BD85: 0 | BE85: 0 | BF85: 17942.54 | BG85: 0 | BH85: 0 | BI85: 0 | BJ85: 0 | BK85: 0 | BL85: 0 | BM85: 0 | BN85: 0 | BO85: 0 | BQ85: 0 | BS85: 0 | BT85: 0 | BU85: 0 | BV85: =SUM(AK85:BU85)-BU85 -> 66453.84 | BW85: =AI85-AH85 -> 3596.6374 | BX85: =100%-(AH85/AI85) -> 0.061187451
A86: 83 | B86: Rennick | C86: Cynthia | AD86: Rennick | AE86: Cynthia | AF86: Information & Assistance Specialist | AG86: =30*52 -> 1560 | AH86: 36276 | AI86: =SUM(AK86:BU86)-AJ86 -> 0 | AJ86: =(Q86*K86)+(R86*L86) -> 0 | AK86: 0 | AL86: 0 | AM86: 0 | AN86: 0 | AO86: 0 | AP86: 0 | AQ86: 0 | AR86: 0 | AS86: 0 | AT86: 0 | AU86: 0 | AV86: 0 | AW86: 0 | AX86: 0 | AY86: 0 | AZ86: 0 | BA86: 0 | BB86: 0 | BC86: 0 | BD86: 0 | BE86: 0 | BF86: 0 | BG86: 0 | BH86: 0 | BI86: 0 | BJ86: 0 | BK86: 0 | BL86: 0 | BM86: 0 | BN86: 0 | BO86: 0 | BQ86: 0 | BS86: 0 | BT86: 0 | BU86: 0 | BV86: =SUM(AK86:BU86)-BU86 -> 0 | BW86: =AI86-AH86 -> -36276 | BX86: =100%-(AH86/AI86) -> #DIV/0!
A87: 372 | B87: Rivera | C87: Yessie | Y87: 1020 | Z87: =A87 -> 372 | AA87: =B87 -> Rivera | AB87: =C87 -> Yessie | AD87: =AA87 -> Rivera | AE87: =AB87 -> Yessie | AF87: OAA Program Manager | AG87: =1950*X87 -> 0 | AH87: 55493 | AI87: =SUM(AK87:BU87)-AJ87 -> 0 | AJ87: =(Q87*K87)+(R87*L87) -> 0 | AK87: 0 | AL87: 0 | AM87: 0 | AN87: 0 | AO87: 0 | AP87: 0 | AQ87: 0 | AR87: 0 | AS87: 0 | AT87: 0 | AU87: 0 | AV87: 0 | AW87: 0 | AX87: 0 | AY87: 0 | AZ87: 0 | BA87: 0 | BB87: 0 | BC87: 0 | BD87: 0 | BE87: 0 | BF87: 0 | BG87: 0 | BH87: 0 | BI87: 0 | BJ87: 0 | BK87: 0 | BL87: 0 | BM87: 0 | BN87: 0 | BO87: 0 | BQ87: 0 | BS87: 0 | BT87: 0 | BU87: 0 | BV87: =SUM(AK87:BU87)-BU87 -> 0 | BW87: =AI87-AH87 -> -55493 | BX87: =100%-(AH87/AI87) -> #DIV/0!
B88: Rubin | C88: Raquel | D88: Employee | E88: 46118 | F88: 2.34 | G88: 3.47 | H88: 26 | I88: =AG88-J88 -> 1408.94 | J88: =SUM(F88+G88)*H88 -> 151.06 | K88: =J88*$K$22 -> 113.295 | L88: =J88*$L$22 -> 37.765 | M88: 8810 | N88: 0.1716 | Q88: =W88*1.03 -> 24.72 | R88: =Q88*1.03 -> 25.4616 | S88: =SUM(Q88*((AG88*0.75)-K88)) -> 26121.748 | T88: =SUM(R88*((AG88*0.25)-L88)) -> 8968.4667 | U88: =S88+T88 -> 35090.214 | V88: =Q88*(AG88*0.75)+R88*(AG88*0.25) -> 38852.424 | W88: 24 | X88: 1 | AD88: =B88 -> Rubin | AE88: =C88 -> Raquel | AF88: VA Case Manager | AG88: =30*52 -> 1560 | AH88: 0 | AI88: =SUM(AK88:BU88)-AJ88 -> 44803.32 | AJ88: =(Q88*K88)+(R88*L88) -> 3762.2097 | AK88: 0 | AL88: 0 | AM88: 0 | AN88: 0 | AO88: 0 | AP88: 0 | AQ88: 0 | AR88: 0 | AS88: 0 | AT88: 0 | AU88: 0 | AV88: 0 | AW88: 0 | AX88: 0 | AY88: 0 | AZ88: 0 | BA88: 0 | BB88: 0 | BC88: 0 | BD88: 0 | BE88: 0 | BF88: 0 | BG88: 0 | BH88: 0 | BI88: 0 | BJ88: 0 | BK88: 0 | BL88: 0 | BM88: 0 | BN88: 0 | BO88: 0 | BQ88: 0 | BS88: 0 | BT88: 0 | BU88: =36424.15+12141.38 -> 48565.53 | BV88: =SUM(AK88:BU88)-BU88 -> 0 | BW88: =AI88-AH88 -> 44803.32 | BX88: =100%-(AH88/AI88) -> 1
A89: 374 | B89: Russo | C89: Devon | D89: Employee | E89: 45398 | F89: 3.47 | G89: 3.47 | H89: 26 | I89: =AG89-J89 -> 1769.56 | J89: =SUM(F89+G89)*H89 -> 180.44 | K89: =J89*$K$22 -> 135.33 | L89: =J89*$L$22 -> 45.11 | M89: 8810 | N89: 0.1716 | Q89: =W89*1.03 -> 30.8176 | R89: =Q89*1.03 -> 31.742128 | S89: =SUM(Q89*((AG89*0.75)-K89)) -> 40900.194 | T89: =SUM(R89*((AG89*0.25)-L89)) -> 14042.4 | U89: =S89+T89 -> 54942.594 | V89: =Q89*(AG89*0.75)+R89*(AG89*0.25) -> 60545.027 | W89: 29.92 | X89: 1 | Y89: 1015 | Z89: =A89 -> 374 | AA89: =B89 -> Russo | AB89: =C89 -> Devon | AD89: =AA89 -> Russo | AE89: =AB89 -> Devon | AF89: Data IT Support Specialist | AG89: =1950*X89 -> 1950 | AH89: 53345 | AI89: =SUM(AK89:BU89)-AJ89 -> 54942.567 | AJ89: =(Q89*K89)+(R89*L89) -> 5602.4332 | AK89: 6659.95 | AL89: 4843.6 | AM89: 10292.65 | AN89: 0 | AO89: 6054.5 | AP89: 0 | AQ89: 0 | AR89: 0 | AS89: 0 | AT89: 0 | AU89: 0 | AV89: 0 | AW89: 0 | AX89: 0 | AY89: 0 | AZ89: 0 | BA89: 0 | BB89: 0 | BC89: 0 | BD89: 0 | BE89: 0 | BF89: 0 | BG89: 0 | BH89: 4843.6 | BI89: 0 | BJ89: 0 | BK89: 8476.3 | BL89: 0 | BM89: 0 | BN89: 0 | BO89: 0 | BQ89: 0 | BS89: 4843.6 | BT89: =4843.6+4843.6 -> 9687.2 | BU89: =2421.8+2421.8 -> 4843.6 | BV89: =SUM(AK89:BU89)-BU89 -> 55701.4 | BW89: =AI89-AH89 -> 1597.5668 | BX89: =100%-(AH89/AI89) -> 0.029077032
A90: 150 | B90: Sanchez | C90: Arlene | D90: Employee | E90: 43180 | F90: 5.19 | G90: 3.47 | H90: 26 | I90: =AG90-J90 -> 1724.84 | J90: =SUM(F90+G90)*H90 -> 225.16 | K90: =J90*$K$22 -> 168.87 | L90: =J90*$L$22 -> 56.29 | M90: 8742 | N90: 0.354 | Q90: =W90*1.03+O90 -> 32.8364 | R90: =Q90*1.03 -> 33.821492 | S90: =SUM(Q90*((AG90*0.75)-K90)) -> 42478.152 | T90: =SUM(R90*((AG90*0.25)-L90)) -> 14584.166 | U90: =S90+T90 -> 57062.318 | V90: =Q90*(AG90*0.75)+R90*(AG90*0.25) -> 64511.212 | W90: 31.88 | X90: 1 | Y90: 1018 | Z90: =A90 -> 150 | AA90: =B90 -> Sanchez | AB90: =C90 -> Arlene | AD90: =AA90 -> Sanchez | AE90: =AB90 -> Arlene | AF90: Intake Specialist Coordinator | AG90: =1950*X90 -> 1950 | AH90: 53859 | AI90: =SUM(AK90:BU90)-AJ90 -> 57062.315 | AJ90: =(Q90*K90)+(R90*L90) -> 7448.8947 | AK90: 0 | AL90: 0 | AM90: 0 | AN90: 0 | AO90: 0 | AP90: 0 | AQ90: 0 | AR90: 0 | AS90: 0 | AT90: 0 | AU90: 0 | AV90: 0 | AW90: 0 | AX90: 0 | AY90: 0 | AZ90: 0 | BA90: 0 | BB90: 0 | BC90: 0 | BD90: 0 | BE90: 0 | BF90: 0 | BG90: 0 | BH90: 0 | BI90: 0 | BJ90: 0 | BK90: 58060.09 | BL90: 0 | BM90: 6451.12 | BN90: 0 | BO90: 0 | BQ90: 0 | BS90: 0 | BT90: 0 | BU90: 0 | BV90: =SUM(AK90:BU90)-BU90 -> 64511.21 | BW90: =AI90-AH90 -> 3203.3153 | BX90: =100%-(AH90/AI90) -> 0.056137143
A91: 131 | B91: Sarivong | C91: Douangchai | D91: Employee | E91: 42079 | F91: 6.92 | G91: 3.47 | H91: 26 | I91: =AG91-J91 -> 1679.86 | J91: =SUM(F91+G91)*H91 -> 270.14 | K91: =J91*$K$22 -> 202.605 | L91: =J91*$L$22 -> 67.535 | M91: 8810 | N91: 0.1716 | Q91: =W91*1.03+O91 -> 24.4419 | R91: =Q91*1.03 -> 25.175157 | S91: =SUM(Q91*((AG91*0.75)-K91)) -> 30794.228 | T91: =SUM(R91*((AG91*0.25)-L91)) -> 10572.685 | U91: =S91+T91 -> 41366.912 | V91: =Q91*(AG91*0.75)+R91*(AG91*0.25) -> 48019.168 | W91: 23.73 | X91: 1 | Y91: 1010 | Z91: =A91 -> 131 | AA91: =B91 -> Sarivong | AB91: =C91 -> Douangchai | AD91: =AA91 -> Sarivong | AE91: =AB91 -> Douangchai | AF91: Information & Assistance Specialist | AG91: =1950*X91 -> 1950 | AH91: 40172 | AI91: =SUM(AK91:BU91)-AJ91 -> 43390.475 | AJ91: =(Q91*K91)+(R91*L91) -> 6652.2554 | AK91: 0 | AL91: 0 | AM91: 29024.78 | AN91: 0 | AO91: 0 | AP91: 0 | AQ91: 0 | AR91: 0 | AS91: 0 | AT91: 0 | AU91: 0 | AV91: 0 | AW91: 0 | AX91: 0 | AY91: 0 | AZ91: 0 | BA91: 0 | BB91: 0 | BC91: 0 | BD91: 0 | BE91: 0 | BF91: 0 | BG91: 0 | BH91: 0 | BI91: 0 | BJ91: 21017.95 | BK91: 0 | BL91: 0 | BM91: 0 | BN91: 0 | BO91: 0 | BQ91: 0 | BS91: 0 | BT91: 0 | BU91: 0 | BV91: =SUM(AK91:BU91)-BU91 -> 50042.73 | BW91: =AI91-AH91 -> 3218.4746 | BX91: =100%-(AH91/AI91) -> 0.074174681
B92: Scaramuzzini | C92: Anthony | D92: None | E92: 45362 | F92: 3.47 | G92: 3.47 | H92: 26 | I92: =AG92-J92 -> 1769.56 | J92: =SUM(F92+G92)*H92 -> 180.44 | K92: =J92*$K$22 -> 135.33 | L92: =J92*$L$22 -> 45.11 | M92: 8810 | N92: 0.1716 | Q92: =W92*1.03+O92 -> 22.0214 | R92: =Q92*1.03 -> 22.682042 | S92: =SUM(Q92*((AG92*0.75)-K92)) -> 29226.141 | T92: =SUM(R92*((AG92*0.25)-L92)) -> 10034.309 | U92: =S92+T92 -> 39260.45 | V92: =Q92*(AG92*0.75)+R92*(AG92*0.25) -> 43263.793 | W92: 21.38 | X92: 1 | Y92: 1010 | Z92: =A92 -> 0 | AA92: =B92 -> Scaramuzzini | AB92: =C92 -> Anthony | AD92: =AA92 -> Scaramuzzini | AE92: =AB92 -> Anthony | AF92: Information & Assistance Specialist | AG92: =1950*X92 -> 1950 | AH92: 38127 | AI92: =SUM(AK92:BU92)-AJ92 -> 41284.017 | AJ92: =(Q92*K92)+(R92*L92) -> 4003.343 | AK92: 0 | AL92: 0 | AM92: 0 | AN92: 0 | AO92: 0 | AP92: 0 | AQ92: 0 | AR92: 0 | AS92: 0 | AT92: 0 | AU92: 0 | AV92: 0 | AW92: 0 | AX92: 0 | AY92: 0 | AZ92: 0 | BA92: 0 | BB92: 0 | BC92: 0 | BD92: 0 | BE92: 0 | BF92: 0 | BG92: 0 | BH92: 0 | BI92: 0 | BJ92: 0 | BK92: 34418.39 | BL92: 0 | BM92: 10868.97 | BN92: 0 | BO92: 0 | BQ92: 0 | BS92: 0 | BT92: 0 | BU92: 0 | BV92: =SUM(AK92:BU92)-BU92 -> 45287.36 | BW92: =AI92-AH92 -> 3157.017 | BX92: =100%-(AH92/AI92) -> 0.076470684
B93: Settle | C93: Regina | Y93: 1095 | AA93: Settle | AB93: Regina | AD93: Settle | AE93: Regina | AF93: Chore Services Coordinator | AG93: 1950 | AH93: 43153 | AI93: =SUM(AK93:BU93)-AJ93 -> 0 | AJ93: =(Q93*K93)+(R93*L93) -> 0 | AK93: 0 | AL93: 0 | AM93: 0 | AN93: 0 | AO93: 0 | AP93: 0 | AQ93: 0 | AR93: 0 | AS93: 0 | AT93: 0 | AU93: 0 | AV93: 0 | AW93: 0 | AX93: 0 | AY93: 0 | AZ93: 0 | BA93: 0 | BB93: 0 | BC93: 0 | BD93: 0 | BE93: 0 | BF93: 0 | BG93: 0 | BH93: 0 | BI93: 0 | BJ93: 0 | BK93: 0 | BL93: 0 | BM93: 0 | BN93: 0 | BO93: 0 | BQ93: 0 | BS93: 0 | BT93: 0 | BU93: 0 | BV93: =SUM(AK93:BU93)-BU93 -> 0 | BW93: =AI93-AH93 -> -43153 | BX93: =100%-(AH93/AI93) -> #DIV/0!
B94: Sleva | C94: Zoey | D94: Employee | E94: 45754 | F94: 3.47 | G94: 3.47 | H94: 26 | I94: =AG94-J94 -> 1769.56 | J94: =SUM(F94+G94)*H94 -> 180.44 | K94: =J94*$K$22 -> 135.33 | L94: =J94*$L$22 -> 45.11 | M94: 8810 | N94: 0.1716 | Q94: =W94*1.03+O94 -> 24.9363 | R94: =Q94*1.03 -> 25.684389 | S94: =SUM(Q94*((AG94*0.75)-K94)) -> 33094.709 | T94: =SUM(R94*((AG94*0.25)-L94)) -> 11362.517 | U94: =S94+T94 -> 44457.226 | V94: =Q94*(AG94*0.75)+R94*(AG94*0.25) -> 48990.478 | W94: 24.21 | X94: 1 | Y94: 1095 | AA94: Sleva | AB94: Zoey | AD94: Sleva | AE94: Zoey | AF94: Chore Services Specialist | AG94: 1950 | AH94: 36726 | AI94: =SUM(AK94:BU94)-AJ94 -> 44457.228 | AJ94: =(Q94*K94)+(R94*L94) -> 4533.2523 | AK94: 0 | AL94: 0 | AM94: 0 | AN94: 0 | AO94: 0 | AP94: 0 | AQ94: 0 | AR94: 0 | AS94: 0 | AT94: 40662.1 | AU94: 0 | AV94: 0 | AW94: 0 | AX94: 0 | AY94: 0 | AZ94: 0 | BA94: 0 | BB94: 0 | BC94: 0 | BD94: 0 | BE94: 0 | BF94: 0 | BG94: 8328.38 | BH94: 0 | BI94: 0 | BJ94: 0 | BK94: 0 | BL94: 0 | BM94: 0 | BN94: 0 | BO94: 0 | BQ94: 0 | BS94: 0 | BT94: 0 | BU94: 0 | BV94: =SUM(AK94:BU94)-BU94 -> 48990.48 | BW94: =AI94-AH94 -> 7731.2277 | BX94: =100%-(AH94/AI94) -> 0.17390261
A95: 253 | B95: Valdes | C95: Elizabeth | Y95: 1039 | Z95: =A95 -> 253 | AA95: =B95 -> Valdes | AB95: =C95 -> Elizabeth | AD95: =AA95 -> Valdes | AE95: =AB95 -> Elizabeth | AF95: Medicaid Benefits Counselor | AG95: =1950*X95 -> 0 | AH95: 38195 | AI95: =SUM(AK95:BU95)-AJ95 -> 0 | AJ95: =(Q95*K95)+(R95*L95) -> 0 | AK95: 0 | AL95: 0 | AM95: 0 | AN95: 0 | AO95: 0 | AP95: 0 | AQ95: 0 | AR95: 0 | AS95: 0 | AT95: 0 | AU95: 0 | AV95: 0 | AW95: 0 | AX95: 0 | AY95: 0 | AZ95: 0 | BA95: 0 | BB95: 0 | BC95: 0 | BD95: 0 | BE95: 0 | BF95: 0 | BG95: 0 | BH95: 0 | BI95: 0 | BJ95: 0 | BK95: 0 | BL95: 0 | BM95: 0 | BN95: 0 | BO95: 0 | BQ95: 0 | BS95: 0 | BT95: 0 | BU95: 0 | BV95: =SUM(AK95:BU95)-BU95 -> 0 | BW95: =AI95-AH95 -> -38195 | BX95: =100%-(AH95/AI95) -> #DIV/0!
A96: 230 | B96: Vinciguerra | C96: Lucia | D96: Employee | E96: 44922 | F96: 5.19 | G96: 3.47 | H96: 26 | I96: =AG96-J96 -> 1724.84 | J96: =SUM(F96+G96)*H96 -> 225.16 | K96: =J96*$K$22 -> 168.87 | L96: =J96*$L$22 -> 56.29 | M96: 8810 | N96: 0.1716 | O96: 1 | Q96: =(W96+O96)*1.03 -> 24.7509 | R96: =Q96*1.03 -> 25.493427 | S96: =SUM(Q96*((AG96*0.75)-K96)) -> 32018.507 | T96: =SUM(R96*((AG96*0.25)-L96)) -> 10993.021 | U96: =S96+T96 -> 43011.527 | V96: =Q96*(AG96*0.75)+R96*(AG96*0.25) -> 48626.237 | W96: 23.03 | X96: 1 | Y96: 1039 | Z96: =A96 -> 230 | AA96: =B96 -> Vinciguerra | AB96: =C96 -> Lucia | AD96: =AA96 -> Vinciguerra | AE96: =AB96 -> Lucia | AF96: Medicaid Benefits Counselor | AG96: =1950*X96 -> 1950 | AH96: 39279 | AI96: =SUM(AK96:BU96)-AJ96 -> 43011.531 | AJ96: =(Q96*K96)+(R96*L96) -> 5614.7095 | AK96: 0 | AL96: 0 | AM96: 0 | AN96: 0 | AO96: 0 | AP96: 0 | AQ96: 0 | AR96: 0 | AS96: 0 | AT96: 0 | AU96: 0 | AV96: 0 | AW96: 0 | AX96: 0 | AY96: 0 | AZ96: 0 | BA96: 0 | BB96: 0 | BC96: 0 | BD96: 0 | BE96: 0 | BF96: 0 | BG96: 0 | BH96: 0 | BI96: 0 | BJ96: 0 | BK96: 0 | BL96: 0 | BM96: 0 | BN96: 0 | BO96: 0 | BQ96: 0 | BR96: 48626.24 | BS96: 0 | BT96: 0 | BU96: 0 | BV96: =SUM(AK96:BU96)-BU96 -> 48626.24 | BW96: =AI96-AH96 -> 3732.5305 | BX96: =100%-(AH96/AI96) -> 0.086779765
A97: 189 | B97: Waller | C97: Zakiya | D97: Employee + Child(ren) | E97: 44263 | F97: 5.19 | G97: 3.47 | H97: 26 | I97: =AG97-J97 -> 1724.84 | J97: =SUM(F97+G97)*H97 -> 225.16 | K97: =J97*$K$22 -> 168.87 | L97: =J97*$L$22 -> 56.29 | M97: 8810 | N97: 0.1716 | Q97: =W97*1.03 -> 41.5605 | R97: =Q97*1.03 -> 42.807315 | S97: =SUM(Q97*((AG97*0.75)-K97)) -> 53763.91 | T97: =SUM(R97*((AG97*0.25)-L97)) -> 18458.942 | U97: =S97+T97 -> 72222.852 | V97: =Q97*(AG97*0.75)+R97*(AG97*0.25) -> 81650.797 | W97: 40.35 | X97: 1 | Y97: 1005 | Z97: =A97 -> 189 | AA97: =B97 -> Waller | AB97: =C97 -> Zakiya | AD97: =AA97 -> Waller | AE97: =AB97 -> Zakiya | AF97: Senior Accountant | AG97: =1950*X97 -> 1950 | AH97: 71929 | AI97: =SUM(AK97:BU97)-AJ97 -> 72222.845 | AJ97: =(Q97*K97)+(R97*L97) -> 9427.9454 | AK97: 4082.54 | AL97: 48173.97 | AM97: 2449.52 | AN97: 0 | AO97: 4082.54 | AP97: 0 | AQ97: 0 | AR97: 0 | AS97: 0 | AT97: 0 | AU97: 0 | AV97: 0 | AW97: 0 | AX97: 0 | AY97: 0 | AZ97: 0 | BA97: 0 | BB97: 0 | BC97: 0 | BD97: 4082.54 | BE97: 2449.52 | BF97: 0 | BG97: 0 | BH97: 0 | BI97: 0 | BJ97: 0 | BK97: 0 | BL97: 0 | BM97: 0 | BN97: 0 | BO97: 0 | BQ97: 0 | BS97: 16330.16 | BT97: 0 | BU97: 0 | BV97: =SUM(AK97:BU97)-BU97 -> 81650.79 | BW97: =AI97-AH97 -> 293.8446 | BX97: =100%-(AH97/AI97) -> 0.0040685825
A98: 115 | B98: White | C98: Kandice | D98: Employee | E98: 42611 | F98: 6.92 | G98: 3.47 | H98: 26 | I98: =AG98-J98 -> 1679.86 | J98: =SUM(F98+G98)*H98 -> 270.14 | K98: =J98*$K$22 -> 202.605 | L98: =J98*$L$22 -> 67.535 | M98: 8810 | N98: 0.1716 | Q98: =W98*1.03 -> 27.4804 | R98: =Q98*1.03 -> 28.304812 | S98: =SUM(Q98*((AG98*0.75)-K98)) -> 34622.419 | T98: =SUM(R98*((AG98*0.25)-L98)) -> 11887.03 | U98: =S98+T98 -> 46509.449 | V98: =Q98*(AG98*0.75)+R98*(AG98*0.25) -> 53988.681 | W98: 26.68 | X98: 1 | Y98: 1017 | Z98: =A98 -> 115 | AA98: =B98 -> White | AB98: =C98 -> Kandice | AD98: =AA98 -> White | AE98: =AB98 -> Kandice | AF98: Lead Service Analyst | AG98: =1950*X98 -> 1950 | AH98: 46358 | AI98: =SUM(AK98:BU98)-AJ98 -> 46509.448 | AJ98: =(Q98*K98)+(R98*L98) -> 7479.2319 | AK98: 0 | AL98: 0 | AM98: 0 | AN98: 0 | AO98: 0 | AP98: 0 | AQ98: 0 | AR98: 0 | AS98: 0 | AT98: 0 | AU98: 0 | AV98: 0 | AW98: 0 | AX98: 0 | AY98: 0 | AZ98: 0 | BA98: 0 | BB98: 0 | BC98: 0 | BD98: 0 | BE98: 0 | BF98: 0 | BG98: 0 | BH98: 0 | BI98: 5938.75 | BJ98: 9178.08 | BK98: 25374.68 | BL98: 1619.66 | BM98: 0 | BN98: 11877.51 | BO98: 0 | BQ98: 0 | BS98: 0 | BT98: 0 | BU98: 0 | BV98: =SUM(AK98:BU98)-BU98 -> 53988.68 | BW98: =AI98-AH98 -> 151.44808 | BX98: =100%-(AH98/AI98) -> 0.0032562863
A99: 146 | B99: Winter | C99: Ann Marie | D99: Employee | E99: 42935 | F99: 6.92 | G99: 3.47 | H99: 26 | I99: =AG99-J99 -> 1679.86 | J99: =SUM(F99+G99)*H99 -> 270.14 | K99: =J99*$K$22 -> 202.605 | L99: =J99*$L$22 -> 67.535 | M99: 8810 | N99: 0.1716 | O99: 0.1 | Q99: =(W99*1.06)*1.03 -> 89.789632 | R99: =Q99*1.03 -> 92.483321 | S99: =SUM(Q99*((AG99*0.75)-K99)) -> 113125.51 | T99: =SUM(R99*((AG99*0.25)-L99)) -> 38839.758 | U99: =S99+T99 -> 151965.27 | V99: =Q99*(AG99*0.75)+R99*(AG99*0.25) -> 176402.96 | W99: 82.24 | X99: 1 | Y99: 1005 | Z99: =A99 -> 146 | AA99: =B99 -> Winter | AB99: =C99 -> Ann Marie | AD99: =AA99 -> Winter | AE99: =AB99 -> Ann Marie | AF99: Executive Director | AG99: =1950*X99 -> 1950 | AH99: 142907 | AI99: =SUM(AK99:BU99)-AJ99 -> 158137.27 | AJ99: =(Q99*K99)+(R99*L99) -> 24437.689 | AK99: 0 | AL99: 87635.98 | AM99: 0 | AN99: 0 | AO99: 0 | AP99: 0 | AQ99: 0 | AR99: 0 | AS99: 0 | AT99: 0 | AU99: 0 | AV99: 0 | AW99: 0 | AX99: 0 | AY99: 0 | AZ99: 0 | BA99: 0 | BB99: 0 | BC99: 0 | BD99: 0 | BE99: 0 | BF99: 0 | BG99: 0 | BH99: 0 | BI99: 0 | BJ99: 0 | BK99: 0 | BL99: 0 | BM99: 0 | BN99: 0 | BO99: 0 | BQ99: 0 | BS99: 45643.74 | BT99: 12780.25 | BU99: 36514.99 | BV99: =SUM(AK99:BU99)-BU99 -> 146059.97 | BW99: =AI99-AH99 -> 15230.271 | BX99: =100%-(AH99/AI99) -> 0.096310443
A100: 244 | B100: Young | C100: Stephanie | D100: None | E100: 45530 | F100: 3.47 | G100: 3.47 | H100: 26 | I100: =AG100-J100 -> 1769.56 | J100: =SUM(F100+G100)*H100 -> 180.44 | K100: =J100*$K$22 -> 135.33 | L100: =J100*$L$22 -> 45.11 | M100: 8810 | N100: 0.1716 | Q100: =W100 -> 23.24 | R100: =Q100*1.03 -> 23.9372 | S100: =SUM(Q100*((AG100*0.75)-K100)) -> 30843.431 | T100: =SUM(R100*((AG100*0.25)-L100)) -> 10589.578 | U100: =S100+T100 -> 41433.009 | V100: =Q100*(AG100*0.75)+R100*(AG100*0.25) -> 45657.885 | W100: 23.24 | X100: 1 | Y100: 1016 | Z100: =A100 -> 244 | AA100: =B100 -> Young | AB100: =C100 -> Stephanie | AD100: Young | AE100: Stephanie | AF100: Health and Wellness Specialist | AG100: =1950*X100 -> 1950 | AH100: 41558 | AI100: =SUM(AK100:BU100)-AJ100 -> 42802.734 | AJ100: =(Q100*K100)+(R100*L100) -> 4224.8763 | AK100: 0 | AL100: 0 | AM100: 0 | AN100: 0 | AO100: 0 | AP100: 0 | AQ100: 0 | AR100: 0 | AS100: 0 | AT100: 0 | AU100: 0 | AV100: 0 | AW100: 940.55 | AX100: 2351.38 | AY100: 3291.93 | AZ100: 8464.97 | BA100: 3762.21 | BB100: 28216.57 | BC100: 0 | BD100: 0 | BE100: 0 | BF100: 0 | BG100: 0 | BH100: 0 | BI100: 0 | BJ100: 0 | BK100: 0 | BL100: 0 | BM100: 0 | BN100: 0 | BO100: 0 | BQ100: 0 | BS100: 0 | BT100: 0 | BU100: 0 | BV100: =SUM(AK100:BU100)-BU100 -> 47027.61 | BW100: =AI100-AH100 -> 1244.7337 | BX100: =100%-(AH100/AI100) -> 0.029080706
B101: Vacant | C101: EHEAP Coordinator | F101: 3.47 | G101: 3.47 | H101: 26 | I101: =AG101-J101 -> 1769.56 | J101: =SUM(F101+G101)*H101 -> 180.44 | K101: =J101*$K$22 -> 135.33 | L101: =J101*$L$22 -> 45.11 | M101: 8810 | N101: 0.1716 | Q101: =W101 -> 23.24 | R101: =Q101*1.03 -> 23.9372 | S101: =SUM(Q101*((AG101*0.75)-K101)) -> 30843.431 | T101: =SUM(R101*((AG101*0.25)-L101)) -> 10589.578 | U101: =S101+T101 -> 41433.009 | V101: =Q101*(AG101*0.75)+R101*(AG101*0.25) -> 45657.885 | W101: 23.24 | X101: 1 | AD101: =B101 -> Vacant | AE101: =C101 -> EHEAP Coordinator | AF101: EHEAP Coordinator | AG101: =1950*X101 -> 1950 | AH101: 0 | AI101: =SUM(AK101:BU101)-AJ101 -> 41433.014 | AJ101: =(Q101*K101)+(R101*L101) -> 4224.8763 | AK101: 0 | AL101: 0 | AM101: 0 | AN101: 0 | AO101: 0 | AP101: 0 | AQ101: 0 | AR101: 0 | AS101: 0 | AT101: 0 | AU101: 0 | AV101: 0 | AW101: 0 | AX101: 0 | AY101: 0 | AZ101: 0 | BA101: 0 | BB101: 0 | BC101: 0 | BD101: 0 | BE101: 0 | BF101: 0 | BG101: 0 | BH101: 0 | BI101: 0 | BJ101: 0 | BK101: 0 | BL101: 0 | BM101: 0 | BN101: 0 | BO101: 45657.89 | BQ101: 0 | BS101: 0 | BT101: 0 | BU101: 0 | BV101: =SUM(AK101:BU101)-BU101 -> 45657.89 | BW101: =AI101-AH101 -> 41433.014 | BX101: =100%-(AH101/AI101) -> 1
B102: Vacant | C102: Intake Specialist | F102: 3.47 | G102: 3.47 | H102: 26 | I102: =AG102-J102 -> 1769.56 | J102: =SUM(F102+G102)*H102 -> 180.44 | K102: =J102*$K$22 -> 135.33 | L102: =J102*$L$22 -> 45.11 | M102: 8810 | N102: 0.1716 | O102: 1 | Q102: =(W102+O102)*1.03 -> 22.66 | R102: =Q102*1.03 -> 23.3398 | S102: =SUM(Q102*((AG102*0.75)-K102)) -> 30073.672 | T102: =SUM(R102*((AG102*0.25)-L102)) -> 10325.294 | U102: =S102+T102 -> 40398.966 | V102: =Q102*(AG102*0.75)+R102*(AG102*0.25) -> 44518.402 | W102: 21 | X102: 1 | Y102: 1018 | Z102: =A102 -> 0 | AA102: =B102 -> Vacant | AB102: =C102 -> Intake Specialist | AD102: =AA102 -> Vacant | AE102: =AB102 -> Intake Specialist | AF102: Intake Specialist | AG102: =1950*X102 -> 1950 | AH102: 37181 | AI102: =SUM(AK102:BU102)-AJ102 -> 39102.314 | AJ102: =(Q102*K102)+(R102*L102) -> 4119.4362 | AK102: 0 | AL102: 0 | AM102: 0 | AN102: 0 | AO102: 0 | AP102: 0 | AQ102: 0 | AR102: 0 | AS102: 0 | AT102: 0 | AU102: 0 | AV102: 0 | AW102: 0 | AX102: 0 | AY102: 0 | AZ102: 0 | BA102: 0 | BB102: 0 | BC102: 0 | BD102: 0 | BE102: 0 | BF102: 0 | BG102: 0 | BH102: 0 | BI102: 0 | BJ102: 0 | BK102: 32848.53 | BL102: 0 | BM102: 10373.22 | BN102: 0 | BO102: 0 | BQ102: 0 | BS102: 0 | BT102: 0 | BU102: 0 | BV102: =SUM(AK102:BU102)-BU102 -> 43221.75 | BW102: =AI102-AH102 -> 1921.3138 | BX102: =100%-(AH102/AI102) -> 0.049135553
B103: Vacant | C103: Intake Specialist | F103: 3.47 | G103: 3.47 | H103: 26 | I103: =AG103-J103 -> 1769.56 | J103: =SUM(F103+G103)*H103 -> 180.44 | K103: =J103*$K$22 -> 135.33 | L103: =J103*$L$22 -> 45.11 | M103: 8810 | N103: 0.1716 | O103: 1 | Q103: =(W103+O103)*1.03 -> 23.69 | R103: =Q103*1.03 -> 24.4007 | S103: =SUM(Q103*((AG103*0.75)-K103)) -> 31440.657 | T103: =SUM(R103*((AG103*0.25)-L103)) -> 10794.626 | U103: =S103+T103 -> 42235.283 | V103: =Q103*(AG103*0.75)+R103*(AG103*0.25) -> 46541.966 | W103: 22 | X103: 1 | Y103: 1018 | Z103: =A103 -> 0 | AA103: =B103 -> Vacant | AB103: =C103 -> Intake Specialist | AD103: =AA103 -> Vacant | AE103: =AB103 -> Intake Specialist | AG103: =1950*X103 -> 1950 | AH103: 0 | AI103: =SUM(AK103:BU103)-AJ103 -> 38915.067 | AJ103: =(Q103*K103)+(R103*L103) -> 4306.6833 | BK103: 43221.75 | BL103: 0 | BM103: 0 | BN103: 0 | BO103: 0 | BQ103: 0 | BS103: 0 | BT103: 0 | BU103: 0 | BV103: =SUM(AK103:BU103)-BU103 -> 43221.75 | BW103: =AI103-AH103 -> 38915.067 | BX103: =100%-(AH103/AI103) -> 1
B104: Vacant | C104: I&R Specialist | F104: 3.47 | G104: 3.47 | H104: 26 | I104: =AG104-J104 -> 1769.56 | J104: =SUM(F104+G104)*H104 -> 180.44 | K104: =J104*$K$22 -> 135.33 | L104: =J104*$L$22 -> 45.11 | M104: 8810 | N104: 0.1716 | O104: 1 | Q104: =(W104+O104)*1.03 -> 21.63 | R104: =Q104*1.03 -> 22.2789 | S104: =SUM(Q104*((AG104*0.75)-K104)) -> 28706.687 | T104: =SUM(R104*((AG104*0.25)-L104)) -> 9855.9626 | U104: =S104+T104 -> 38562.65 | V104: =Q104*(AG104*0.75)+R104*(AG104*0.25) -> 42494.839 | W104: 20 | X104: 1 | Y104: 1017 | Z104: =A104 -> 0 | AA104: =B104 -> Vacant | AB104: =C104 -> I&R Specialist | AD104: =AA104 -> Vacant | AE104: =AB104 -> I&R Specialist | AF104: =C104 -> I&R Specialist | AG104: =1950*X104 -> 1950 | AH104: 0 | AI104: =SUM(AK104:BU104)-AJ104 -> 37324.931 | AJ104: =(Q104*K104)+(R104*L104) -> 3932.1891 | AK104: 0 | AL104: 0 | AM104: 23929.13 | AN104: 0 | AO104: 0 | AP104: 0 | AQ104: 0 | AR104: 0 | AS104: 0 | AT104: 0 | AU104: 0 | AV104: 0 | AW104: 0 | AX104: 0 | AY104: 0 | AZ104: 0 | BA104: 0 | BB104: 0 | BC104: 0 | BD104: 0 | BE104: 0 | BF104: 0 | BG104: 0 | BH104: 0 | BI104: 0 | BJ104: 17327.99 | BK104: 0 | BL104: 0 | BM104: 0 | BN104: 0 | BO104: 0 | BQ104: 0 | BS104: 0 | BT104: 0 | BU104: 0 | BV104: =SUM(AK104:BU104)-BU104 -> 41257.12 | BW104: =AI104-AH104 -> 37324.931 | BX104: =100%-(AH104/AI104) -> 1
...

Sheet C.II.C.
A1: PSA: Original Submission Date: | G1: :)
A3: C.II.C. - Financial and Compliance Audit Schedule
A5: Instructions: Enter the financial and compliance audit schedule for your sub-contractor agencies.
A7: Sub-Contractor Agency | B7: Sub-Contractor Fiscal Year | C7: Last Audit Period End Date | D7: Status of Action on Audit Findings and Recommendations | E7: Date Due to Contract Manager | F7: Estimated Date of Next Report
A8: Bay Area Legal | B8: 2025 | C8: 2024 | D8: No findings
A9: Gulf Coast Jewish | B9: 2025 | C9: 2024 | D9: No findings
A10: Gulf Coast Legal | B10: 2025 | C10: 2024 | D10: No Findings
A11: Neighborly Care Network | B11: 2024 | C11: 2023 | D11: No findings

Sheet C.III
A1: PSA: Original Submission Date: | E1: :)
A3: C.III - AAA MONITORING SCHEDULE
A5: This worksheet contains a description of the AAA fiscal and programmatic monitoring schedule, to include all DOEA-funded service providers.
A7: Provider | B7: Date of Visit | C7: Program / Service | D7: Fiscal Admin/ Programmatic
A8: Gulf Coast Jewish Family and Community Services | B8: 46294 | C8: ADI, CCE, HCE & OAA IIIB/LSP | D8: Fiscal Admin/Programmatic
A9: Bay Area Legal Services | B9: 46287 | C9: OAA IIIB/OA3EG/LSP | D9: Fiscal Admin/Programmatic
A10: Pasco County Government | B10: 46283 | C10: ADI, CCE, HCE & EHEAP, OAA IIIB/LSP, OAA IIIC1/IIIC2/LSP | D10: Fiscal Admin/Programmatic
A11: Pinellas Opportunity Council | B11: 46273 | C11: EHEAP | D11: Fiscal Admin/Programmatic
A12: Gulfcoast Legal | B12: 46273 | C12: OAA IIIB/OA3EG/LSP | D12: Fiscal Admin/Programmatic
A13: Neighborly Care Network | B13: 46266 | C13: OAA IIIB/LSP/LSP Respite, OAA IIIC1/IIIC2/LSP | D13: Fiscal Admin/Programmatic
A14: YMCA of the Suncoast | B14: 46233 | C14: OAA IIID | D14: Fiscal Admin/Programmatic
A15: Pasco Senior Home Care | B15: 46281 | C15: OAA IIIB/LSP | D15: Fiscal Admin/Programmatic
A16: Personal Response Corporation | B16: desk review 09/08/2026 | C16: OAA IIIB/LSP | D16: Fiscal Admin/Programmatic
A17: AAAPP | B17: varies for each program | C17: OAA IIIB/OAAIID/OAAIIIE/OAA Tile VII/LSP/CCE/ADI | D17: Programmatic
A18: Four Murphy's LLC dba Home Instead Senior Care | B18: 46276 | C18: OAA IIIB/LSP | D18: Fiscal Admin/Programmatic

Sheet C.IV
A1: PSA: Original Submission Date: | AN1: :)
A3: C.IV - CONTRACT AND COMMERCIAL RELATIONSHIPS
A5: This worksheet contains contact information for each contract and commercial relationship that the AAA holds including Community Focal Points, Senior Centers, Lead Agencies, and Aging and Disability Resource Center Access Points. This also includes any contracts and commercial relationships not funded by DOEA.
A6: Instructions for completing the form: Provider information needed for this report that was not entered in eCIRTS will need to be manually added. In addition, information for some providers may be needed that is not in eCIRTS and will need to be manually updated. Each row should be reviewed for accuracy before the report is submitted.
A7: For each provider, complete each of the applicable fields in the row. Add a new row for each program the provider receives funding from the AAA. For providers serving more than one county in column K, type the county name, then press the Alt and Enter buttons at the same time to enter a new row within the cell. Enter the information in each of the cells in the contact information section. In the Programmatic Information section, enter the contract amount in each applicable cell. For columns AC and AD, specify the program name/funding source and the contract amount in the column (ex: NCOA Falls Prevention Grant, $50,000) if there are any additional programs. In AG, provide the name of the sponsoring organization in the relevant cell if the provider is a Senior Center or Focal point. For Access Points, Focal Points, and Senior Centers, leave the programmatic information blank. The intention is to only have to enter a provider once. However, providers that serve multiple counties will have a row for each county. Providers that are primary contractors but also subcontractors for DOEA services will need to complete a row for each entity for whom the provider is the subcontractor in addition to the row that reflects the information as a Primary Contractor. The intent is to be able to sort the spreadsheet by county, program, or any of the programmatic information and have a list of providers while limiting the amount of data entry. Add rows as necessary.
A9: For any non-DOEA funding, please add a Note below with the following information: 1. Name of funding source and specific grant name, if applicable. 2. What specific or types of services will be provided with these funds? 3. Will multiple AAAs have contractual obligations under this agreement? If yes, please identify the AAAs and describe the obligations of each.
D11: Contact Information | Q11: Programmatic Information
D12: Mailing Address | H12: Physical Address | R12: Type of Organization | AG12: Sponsoring Organization Name (if Sr. Center or Focal Point is checked) | AI12: Check each box that applies to the Sr. Center operations
A14: Row # | B14: PSA | C14: Agency Name | D14: Street Address | E14: City | F14: County | G14: Zip Code | H14: Street Address | I14: City | J14: County | K14: County Served | L14: Zip Code | M14: Phone Number | N14: Fax | O14: Director Name | P14: Contact Person Name | Q14: CCE Lead Agency | R14: Govt. | S14: Non-Profit | T14: Profit- Making | U14: ADI | V14: CCE | W14: EHEAP | X14: HCE | Y14: LSP | Z14: NSIP | AA14: OAA | AB14: RELIEF | AC14: ADMIN (Please List Admin Source) | AD14: Other (Please List) | AE14: Access Point | AF14: Focal Point | AH14: Senior Center | AI14: Congregate Dining | AJ14: Health Screening | AK14: Recreational Class | AL14: Learning Opportunities | AM14: Regular Hours
A15: 1 | B15: 5 | C15: A PALMS PERSONAL CARE & HOMEMAKING SERVICES LLC | D15: 3515 PALM HARBOR BLVD, SUITE A | E15: PALM HARBOR | F15: PINELLAS | G15: 34683 | H15: 3515 PALM HARBOR BLVD, SUITE A | I15: PALM HARBOR | J15: PINELLAS | K15: PINELLAS | L15: 34683 | M15: 727-682-0054 | N15: 727-935-4844 | O15: JOCELYN READEY | P15: JOCELYN READEY | T15: X | U15: X | V15: X | X15: X | AA15: X
A16: 2 | B16: 5 | C16: A PALMS PERSONAL CARE & HOMEMAKING SERVICES LLC | D16: 3515 PALM HARBOR BLVD, SUITE A | E16: PALM HARBOR | F16: PINELLAS | G16: 34683 | H16: 3515 PALM HARBOR BLVD, SUITE A | I16: PALM HARBOR | J16: PINELLAS | K16: PASCO | L16: 34683 | M16: 727-682-0054 | N16: 727-935-4844 | O16: JOCELYN READEY | P16: JOCELYN READEY | T16: X | U16: X | V16: X | X16: X | AA16: X
A17: 3 | B17: 5 | C17: ABC PEST CONTROL | D17: 13275 66TH ST N | E17: LARGO | F17: PINELLAS | G17: 33773 | H17: 13275 66TH ST N | I17: LARGO | J17: PINELLAS | K17: PINELLAS | L17: 33773 | M17: 727-546-8787 | N17: 727-541-7804 | O17: HOLLY SCHULTZ | P17: HOLLY SCHULTZ | T17: X | V17: X
A18: 4 | B18: 5 | C18: ABC PEST CONTROL | D18: 13275 66TH ST N | E18: LARGO | F18: PINELLAS | G18: 33773 | H18: 13275 66TH ST N | I18: LARGO | J18: PINELLAS | K18: PASCO | L18: 33773 | M18: 727-546-8787 | N18: 727-541-7804 | O18: HOLLY SCHULTZ | P18: HOLLY SCHULTZ | T18: X | V18: X
A19: 5 | B19: 5 | C19: ADT, LLC | D19: 32100 US HIGHWAY 19 NORTH | E19: PALM HARBOR | F19: PINELLAS | G19: 34684 | H19: 32100 US HIGHWAY 19 NORTH | I19: PALM HARBOR | J19: PINELLAS | K19: PINELLAS | L19: 34684 | M19: 877-456-1787 | N19: 727-666-4390 | O19: ANDREW DRONEY | P19: SAMUEL DAULER | T19: X | V19: X
A20: 6 | B20: 5 | C20: ADT, LLC | D20: 32100 US HIGHWAY 19 NORTH | E20: PALM HARBOR | F20: PINELLAS | G20: 34684 | H20: 32100 US HIGHWAY 19 NORTH | I20: PALM HARBOR | J20: PINELLAS | K20: PASCO | L20: 34684 | M20: 877-456-1787 | N20: 727-666-4390 | O20: ANDREW DRONEY | P20: SAMUEL DAULER | T20: X | V20: X
A21: 7 | B21: 5 | C21: AGELESS PLACEMENTS | D21: 6709 RIDGE ROAD SUITE 102 | E21: PORT RICHEY | F21: PASCO | G21: 34668 | H21: 6709 RIDGE ROAD SUITE 102 | I21: PORT RICHEY | J21: PASCO | K21: PINELLAS | L21: 34668 | M21: 727-797-8580 | N21: 727-797-8564 | O21: MARION THOMSON | P21: MARION THOMSON | T21: X | U21: X | V21: X
A22: 8 | B22: 5 | C22: AGELESS PLACEMENTS | D22: 6709 RIDGE ROAD SUITE 102 | E22: PORT RICHEY | F22: PASCO | G22: 34668 | H22: 6709 RIDGE ROAD SUITE 102 | I22: PORT RICHEY | J22: PASCO | K22: PASCO | L22: 34668 | M22: 727-797-8580 | N22: 727-797-8564 | O22: MARION THOMSON | P22: MARION THOMSON | T22: X | U22: X | V22: X
A23: 9 | B23: 5 | C23: ALWAYS DEPENDABLE INC | D23: 5503 38TH AVE. N. | E23: ST PETERSBURG | F23: PINELLAS | G23: 33710 | H23: 5503 38TH AVE. N. | I23: ST PETERSBURG | J23: PINELLAS | K23: PINELLAS | L23: 33710 | M23: 727-544-2927 | N23: 727-544-7548 | O23: DAWN NEMETHY | P23: DAWN NEMETHY | T23: X | U23: X | V23: X
A24: 10 | B24: 5 | C24: ALWAYS DEPENDABLE INC | D24: 5503 38TH AVE. N. | E24: ST PETERSBURG | F24: PINELLAS | G24: 33710 | H24: 5503 38TH AVE. N. | I24: ST PETERSBURG | J24: PINELLAS | K24: PASCO | L24: 33710 | M24: 727-544-2927 | N24: 727-544-7548 | O24: DAWN NEMETHY | P24: DAWN NEMETHY | T24: X | U24: X | V24: X
A25: 11 | B25: 5 | C25: ANGELS UNIQUE, LLC | D25: 37738 BOUGAINVILLEA AVE. | E25: DADE CITY | F25: PASCO | G25: 33525 | H25: 37738 BOUGAINVILLEA AVE. | I25: DADE CITY | J25: PASCO | K25: PASCO | L25: 33525 | M25: 813-469-1823 | N25: 352-504-4509 | O25: KAREN PERGERSON | P25: KAREN PERGERSON | T25: X | U25: X | V25: X
A26: 12 | B26: 5 | C26: AREA AGENCY ON AGING PASCO-PINELLAS, INC | D26: 9549 KOGER BLVD, SUITE 100 | E26: ST. PETERSBURG | F26: PASCO | G26: 33702 | H26: 9549 KOGER BLVD, SUITE 100 | I26: ST. PETERSBURG | J26: PASCO | K26: PASCO | L26: 33702 | M26: 727-570-9696 | N26: 727-258-9225 | O26: ANN MARIE WINTER | P26: TAWNYA MARTINO | S26: X | U26: X | V26: X | AA26: X
A27: 13 | B27: 5 | C27: AREA AGENCY ON AGING PASCO-PINELLAS, INC | D27: 9549 KOGER BLVD, SUITE 100 | E27: ST. PETERSBURG | F27: PINELLAS | G27: 33702 | H27: 9549 KOGER BLVD, SUITE 100 | I27: ST. PETERSBURG | J27: PINELLAS | K27: PINELLAS | L27: 33702 | M27: 727-570-9696 | N27: 727-258-9225 | O27: ANN MARIE WINTER | P27: TAWNYA MARTINO
A28: 14 | B28: 5 | C28: AURA HOME HEALTH SERVICES, INC. | D28: 1250 ROGERS ST. SUITE D | E28: CLEARWATER | F28: PINELLAS | G28: 33756 | H28: 1250 ROGERS ST. SUITE D | I28: CLEARWATER | J28: PINELLAS | K28: PINELLAS | L28: 33756 | M28: 727-329-7098 | N28: 352-504-4509 | P28: TERRY/KAREN PERGERSON | T28: X | U28: X | V28: X
A29: 15 | B29: 5 | C29: AURA HOME HEALTH SERVICES, INC. | D29: 1250 ROGERS ST. SUITE D | E29: CLEARWATER | F29: PINELLAS | G29: 33756 | H29: 1250 ROGERS ST. SUITE D | I29: CLEARWATER | J29: PINELLAS | K29: PASCO | L29: 33756 | M29: 727-329-7098 | N29: 352-504-4509 | P29: TERRY/KAREN PERGERSON | T29: X | U29: X | V29: X
A30: 16 | B30: 5 | C30: BAY AREA LEGAL SERVICES | D30: 1302 N 19TH ST, #400 | E30: TAMPA | F30: PASCO | G30: 33605 | H30: 1302 N 19TH ST, #400 | I30: TAMPA | J30: PASCO | K30: PASCO | L30: 33605 | M30: 813-232-1343 | N30: 813-232-1403 | P30: LUZ VAZQUEZ | S30: X | Y30: X | AA30: X
A31: 17 | B31: 5 | C31: CARING COMMUNITY COUNSELING, LLC | D31: 3840 5TH AVE N | E31: ST. PETERSBURG | F31: PINELLAS | G31: 33713 | H31: 3840 5TH AVE N | I31: ST. PETERSBURG | J31: PINELLAS | K31: PINELLAS | L31: 33713 | M31: 727-367-2273 | N31: 727-800-6929 | O31: AMBER CALHOUN | P31: AMBER CALHOUN | T31: X | U31: X | V31: X
A32: 18 | B32: 5 | C32: CARING COMMUNITY COUNSELING, LLC | D32: 3840 5TH AVE N | E32: ST. PETERSBURG | F32: PINELLAS | G32: 33713 | H32: 3840 5TH AVE N | I32: ST. PETERSBURG | J32: PINELLAS | K32: PASCO | L32: 33713 | M32: 727-367-2273 | N32: 727-800-6929 | O32: AMBER CALHOUN | P32: AMBER CALHOUN | T32: X | U32: X | V32: X
A33: 19 | B33: 5 | C33: CASTLE HEALTHCARE, INC. DBA HOME INSTEAD | D33: 14202 62ND ST N | E33: CLEARWATER | F33: PINELLAS | G33: 33760 | H33: 14202 62ND ST N | I33: CLEARWATER | J33: PINELLAS | K33: PINELLAS | L33: 33760 | M33: 727-799-1400 | N33: 727-799-3958 | O33: JULIE CASTLE | P33: COLIN CASTLE | T33: X | V33: X
A34: 20 | B34: 5 | C34: COMMUNITY HEATH CENTERS OF PINELLAS dba EVARA HEALTH | D34: 14100 58TH ST | E34: CLEARWATER | F34: PINELLAS | G34: 33763 | H34: 14100 58TH ST | I34: CLEARWATER | J34: PINELLAS | K34: PINELLAS | L34: 33763 | M34: 727-824-8181 | N34: N/A | P34: ANGELES RODRIGUES | T34: X | U34: X | V34: X | X34: X
A35: 21 | B35: 5 | C35: COMMUNITY HEATH CENTERS OF PINELLAS dba EVARA HEALTH | D35: 14100 58TH ST | E35: CLEARWATER | F35: PINELLAS | G35: 33763 | H35: 14100 58TH ST | I35: CLEARWATER | J35: PINELLAS | K35: PASCO | L35: 33763 | M35: 727-824-8181 | N35: N/A | P35: ANGELES RODRIGUES | T35: X | U35: X | V35: X | X35: X
A36: 22 | B36: 5 | C36: CSI CATALANO'S NURSES REGISTRY, INC | D36: PO BOX 403740 | E36: ATLANTA | F36: GEORGIA | G36: 30374 | H36: 26133 US 19 N SUITE 310 | I36: CLEARWATER | J36: PINELLAS | K36: PINELLAS | L36: 33759 | M36: 727-532-3812 | N36: 727-532-3876 | O36: JOSEPH BONACCORSI | P36: VERONIKA DZIENKIS | T36: X | U36: X | V36: X
A37: 23 | B37: 5 | C37: CSI CATALANO'S NURSES REGISTRY, INC | D37: PO BOX 403740 | E37: ATLANTA | F37: GEORGIA | G37: 30374 | H37: 26133 US 19 N SUITE 310 | I37: CLEARWATER | J37: PINELLAS | K37: PASCO | L37: 33759 | M37: 727-532-3812 | N37: 727-532-3876 | O37: JOSEPH BONACCORSI | P37: VERONIKA DZIENKIS | T37: X | U37: X | V37: X
A38: 24 | B38: 5 | C38: EASY LIVING, INC. | D38: 1180 PONCE DELEON BLVD, #701 | E38: CLEARWATER | F38: PINELLAS | G38: 33756 | H38: 1180 PONCE DELEON BLVD, #701 | I38: CLEARWATER | J38: PINELLAS | K38: PINELLAS | L38: 33756 | M38: 727-447-5845 | N38: 727-461-0001 | O38: ALEX CHAMBERLAIN | P38: ALEX CHAMBERLAIN | T38: X | U38: X | V38: X
A39: 25 | B39: 5 | C39: EASY LIVING,INC. | D39: 1180 PONCE DELEON BLVD, #701 | E39: CLEARWATER | F39: PINELLAS | G39: 33756 | H39: 1181 PONCE DELEON BLVD, #701 | I39: CLEARWATER | J39: PINELLAS | K39: PASCO | L39: 33756 | M39: 727-447-5845 | N39: 727-461-0001 | O39: ALEX CHAMBERLAIN | P39: ALEX CHAMBERLAIN | T39: X | U39: X | V39: X
A40: 26 | B40: 5 | C40: ELDERCLUB PORT RICHEY, INC. | D40: 9735 US HWY 19 | E40: PORT RICHEY | F40: PASCO | G40: 34668 | H40: 9735 US HWY 19 | I40: PORT RICHEY | J40: PASCO | K40: PASCO | L40: 34668 | M40: 727-484-7199 | N40: 727-484-7198 | O40: LEE SHAHAN | P40: LEE SHAHAN | T40: X | U40: X | V40: X
A41: 27 | B41: 5 | C41: EMERALD CLOVER, LLC DBA ELLIE MENTAL HEALTH ST. PETERSBURG | D41: 9400 4TH ST. SUITE 200 | E41: ST. PETERSBURG | F41: PINELLAS | G41: 33702 | H41: 9400 4TH ST. SUITE 200 | I41: ST. PETERSBURG | J41: PINELLAS | K41: PINELLAS | L41: 33702 | M41: 813-508-7866 | N41: 727-499-7999 | O41: ALLEN WHISLER | P41: KATHERINE PLANCHARD | T41: X | U41: X | V41: X
A42: 28 | B42: 5 | C42: EMPATH FOR YOU LLC DBA EMPATH PERSONAL CARE | D42: 6310 CAPITAL DRIVE | E42: LAKEWOOD RANCH | F42: MANATEE | G42: 34202 | H42: 6310 CAPITAL DRIVE | I42: LAKEWOOD RANCH | J42: MANATEE | K42: PINELLAS | L42: 34202 | M42: 727-323-4266 | N42: 727-323-2401 | O42: SAIDA BOUHAMID | P42: TRACIE TURNER | S42: X | U42: X | V42: X
A43: 29 | B43: 5 | C43: EMPATH FOR YOU LLC DBA EMPATH PERSONAL CARE | D43: 6310 CAPITAL DRIVE | E43: LAKEWOOD RANCH | F43: MANATEE | G43: 34202 | H43: 6310 CAPITAL DRIVE | I43: LAKEWOOD RANCH | J43: MANATEE | K43: PASCO | L43: 34202 | M43: 727-323-4266 | N43: 727-323-2401 | O43: SAIDA BOUHAMID | P43: TRACIE TURNER | S43: X | U43: X | V43: X
A44: 30 | B44: 5 | C44: ETAIRO'S HEALTH, INC. | D44: PO BOX 4484 | E44: HOUSTON | F44: TEXAS | G44: 77210 | H44: 2708 ALT. 19 SUITE 501 | I44: PALM HARBOR | J44: PINELLAS | K44: PINELLAS | L44: 34683 | M44: 727-723-7532 | N44: N/A | O44: SCOTT GEORGE | P44: MARISOL ROSS | T44: X | U44: X | V44: X
A45: 31 | B45: 5 | C45: ETAIRO'S HEALTH, INC. | D45: PO BOX 4484 | E45: HOUSTON | F45: TEXAS | G45: 77210 | H45: 2708 ALT. 19 SUITE 501 | I45: PALM HARBOR | J45: PINELLAS | K45: PASCO | L45: 34683 | M45: 727-723-7532 | N45: N/A | O45: SCOTT GEORGE | P45: MARISOL ROSS | T45: X | U45: X | V45: X
A46: 32 | B46: 5 | C46: FLORIDA CONCERNED CARE LLC DBA RIGHT AT HOME CENTRAL PINELLAS | D46: 304 SOUTH BELCHER RD SUITE A | E46: CLEARWATER | F46: PINELLAS | G46: 33765 | H46: 304 SOUTH BELCHER RD SUITE A | I46: CLEARWATER | J46: PINELLAS | K46: PINELLAS | L46: 33765 | M46: 727-400-4700 | N46: 727-674-1540 | O46: PETER SNELLING | P46: JOSEPH KNIGHT | T46: X | U46: X | V46: X
A47: 33 | B47: 5 | C47: FLORIDA CONCERNED CARE LLC DBA RIGHT AT HOME CENTRAL PINELLAS | D47: 304 SOUTH BELCHER RD SUITE A | E47: CLEARWATER | F47: PINELLAS | G47: 33765 | H47: 304 SOUTH BELCHER RD SUITE A | I47: CLEARWATER | J47: PINELLAS | K47: PASCO | L47: 33765 | M47: 727-400-4700 | N47: 727-674-1540 | O47: PETER SNELLING | P47: JOSEPH KNIGHT | T47: X | U47: X | V47: X
A48: 34 | B48: 5 | C48: FLORIDA TEEL SPECIALITY BUILDERS, LLC | D48: 3135 39TH AVE N, SUITE 9 | E48: ST PETERSBURG | F48: PINELLAS | G48: 33714 | H48: 3135 39TH AVE N, SUITE 9 | I48: ST PETERSBURG | J48: PINELLAS | K48: PINELLAS | L48: 33714 | M48: 727-400-4700 | N48: 727-674-1540 | P48: TONI ESPOSITO | T48: X | U48: X | V48: X | X48: X
A49: 35 | B49: 5 | C49: FLORIDA TEEL SPECIALITY BUILDERS, LLC | D49: 3135 39TH AVE N, SUITE 9 | E49: ST PETERSBURG | F49: PINELLAS | G49: 33714 | H49: 3135 39TH AVE N, SUITE 9 | I49: ST PETERSBURG | J49: PINELLAS | K49: PASCO | L49: 33714 | M49: 727-400-4700 | N49: 727-674-1540 | P49: TONI ESPOSITO | T49: X | U49: X | V49: X | X49: X
A50: 36 | B50: 5 | C50: FOUR MURPHYS LLC DBA HOME INSTEAD SENIOR CARE | D50: 5425 MAIN ST | E50: NEW PORT RICHEY | F50: PASCO | G50: 34652 | H50: 5425 MAIN ST | I50: NEW PORT RICHEY | J50: PASCO | K50: PASCO | L50: 33652 | M50: 727-845-5819 | N50: 727-845-9008 | O50: JOHN MURPHY | P50: JOHN MURPHY | T50: X | U50: X | V50: X | Y50: X | AA50: X
A51: 37 | B51: 5 | C51: GENESIS ARMANI HOMECARE DBA PREFERRED CARE AT HOME | D51: 1537 DALE MABRY HWY, SUITE 201 | E51: LUTZ | F51: PASCO | G51: 33548 | H51: 1537 DALE MABRY HWY, SUITE 201 | I51: LUTZ | J51: PASCO | K51: PASCO | L51: 33548 | M51: 813-337-6587 | N51: 813-724-3474 | O51: GENESIS ARMANI | P51: GENESIS ARMANI | T51: X | U51: X | V51: X
A52: 38 | B52: 5 | C52: GENESIS ARMANI HOMECARE DBA PREFERRED CARE AT HOME | D52: 1537 DALE MABRY HWY, SUITE 201 | E52: LUTZ | F52: PASCO | G52: 33548 | H52: 1537 DALE MABRY HWY, SUITE 201 | I52: LUTZ | J52: PASCO | K52: PINELLAS | L52: 33548 | M52: 813-337-6587 | N52: 813-724-3474 | O52: GENESIS ARMANI | P52: GENESIS ARMANI | T52: X | U52: X | V52: X
A53: 39 | B53: 5 | C53: GTB HOME HEALTHCARE SOLUTIONS INC DBA HOME CARE NOW | D53: 29750 US HWY 19 N, SUITE 203 | E53: CLEARWATER | F53: PINELLAS | G53: 33761 | H53: 29750 US HWY 19 N, SUITE 301 | I53: CLEARWATER | J53: PINELLAS | K53: PINELLAS | L53: 33761 | M53: 727-330-7844 | N53: 727-361-6007 | O53: DENISE SEAMAN | P53: DENISE SEAMAN | T53: X | U53: X | V53: X
A54: 40 | B54: 5 | C54: GTB HOME HEALTHCARE SOLUTIONS INC DBA HOME CARE NOW | D54: 29750 US HWY 19 N, SUITE 203 | E54: CLEARWATER | F54: PINELLAS | G54: 33761 | H54: 29750 US HWY 19 N, SUITE 301 | I54: CLEARWATER | J54: PINELLAS | K54: PASCO | L54: 33761 | M54: 727-330-7844 | N54: 727-361-6007 | O54: DENISE SEAMAN | P54: DENISE SEAMAN | T54: X | U54: X | V54: X
A55: 41 | B55: 5 | C55: GUARDIAN ANGEL HOME CARE | D55: 6572 SEMINOLE BOULEVARD, SUITE 8 | E55: SEMINOLE | F55: PINELLAS | G55: 33772 | H55: 6572 SEMINOLE BOULEVARD, SUITE 8 | I55: SEMINOLE | J55: PINELLAS | K55: PINELLAS | L55: 33760 | M55: 727-392-4243 | N55: 727-392-4232 | O55: SUSAN GERINO | P55: SUSAN GERINO | T55: X | U55: X | V55: X
A56: 42 | B56: 5 | C56: GUARDIAN ANGEL HOME CARE | D56: 6572 SEMINOLE BOULEVARD, SUITE 8 | E56: SEMINOLE | F56: PINELLAS | G56: 33772 | H56: 6572 SEMINOLE BOULEVARD, SUITE 8 | I56: SEMINOLE | J56: PINELLAS | K56: PASCO | L56: 33760 | M56: 727-392-4243 | N56: 727-392-4232 | O56: SUSAN GERINO | P56: SUSAN GERINO | T56: X | U56: X | V56: X
A57: 43 | B57: 5 | C57: GUARDIAN MEDICAL MONITORING LLC | D57: 3000 TOWN CENTER SUITE 2555 | E57: SOUTHFIELD | F57: MISSOURI | G57: 48075 | H57: 3000 TOWN CENTER SUITE 2555 | I57: SOUTHFIELD | J57: MISSOURI | K57: PASCO | L57: 48075 | M57: 888-349-2400 | N57: 877-205-3621 | O57: TERRY KEALAMAKIA | P57: BEN WALLACE | T57: X | V57: X
A58: 44 | B58: 5 | C58: GUARDIAN MEDICAL MONITORING LLC | D58: 3000 TOWN CENTER SUITE 2555 | E58: SOUTHFIELD | F58: MISSOURI | G58: 48075 | H58: 3000 TOWN CENTER SUITE 2555 | I58: SOUTHFIELD | J58: MISSOURI | K58: PINELLAS | L58: 48075 | M58: 888-349-2400 | N58: 877-205-3621 | O58: TERRY KEALAMAKIA | P58: BEN WALLACE | T58: X | V58: X
A59: 45 | B59: 5 | C59: GULFCOAST JEWISH FAMILY AND COMMUNITY SERVICES, INC. | D59: 14041 ICOT BLVD | E59: CLEARWATER | F59: PINELLAS | G59: 33760 | H59: 14041 ICOT BLVD | I59: CLEARWATER | J59: PINELLAS | K59: PINELLAS | L59: 33760 | M59: 727-479-1800 | O59: SANDRA BRAHAM | P59: CHRISTINE KROHN | Q59: X | S59: X | U59: X | V59: X | Y59: X | AA59: X
A60: 46 | B60: 5 | C60: GULFCOAST JEWISH FAMILY AND COMMUNITY SERVICES, INC. | D60: 14041 ICOT BLVD | E60: CLEARWATER | F60: PINELLAS | G60: 33760 | H60: 14041 ICOT BLVD | I60: CLEARWATER | J60: PASCO | K60: PASCO | L60: 33760 | M60: 727-479-1800 | O60: SANDRA BRAHAM | P60: CHRISTINE KROHN | S60: X | U60: X | V60: X
A61: 47 | B61: 5 | C61: GULFCOAST LEGAL SERVICES, INC. | D61: 501 FIRST AVENUE NORTH SUITE 420 | E61: ST. PETERSBURG | F61: PINELLAS - SOUTH | G61: 33701 | H61: 501 FIRST AVENUE NORTH SUITE 420 | I61: ST. PETERSBURG | J61: PINELLAS | K61: PINELLAS | L61: 33701 | M61: 727-821-0726 | N61: 727-821-3340 | O61: THERESA PRICHARD | P61: JODI DUDA
A62: 48 | B62: 5 | C62: HEALTH AID COMPANY INC | D62: 4502 N. ARMENIA AVENUE | E62: TAMPA | F62: HILLSBOROUGH | G62: 33603 | H62: 4502 N. ARMENIA AVENUE | I62: TAMPA | J62: HILLSBOROUGH | K62: PINELLAS | L62: 33603 | M62: 813-879-7552 | N62: 813-879-1600 | O62: JOANNA WILSON | P62: MIKE MENSZYCKI | T62: X | U62: X | V62: X | X62: X
A63: 49 | B63: 5 | C63: HEALTH AID COMPANY INC | D63: 4502 N. ARMENIA AVENUE | E63: TAMPA | F63: HILLSBOROUGH | G63: 33603 | H63: 4502 N. ARMENIA AVENUE | I63: TAMPA | J63: HILLSBOROUGH | K63: PASCO | L63: 33603 | M63: 813-879-7552 | N63: 813-879-1600 | O63: JOANNA WILSON | P63: MIKE MENSZYCKI | T63: X | U63: X | V63: X | X63: X
A64: 50 | B64: 5 | C64: HELPING SOLUTIONS,INC. | D64: 608 7TH STREET SE | E64: LARGO | F64: PINELLAS | G64: 33771 | H64: 608 7TH STREET SE | I64: LARGO | J64: PINELLAS | K64: PINELLAS | L64: 33771 | M64: 727-487-4427 | N64: 727-559-1553 | O64: DAWN COOKE | P64: DAWN COOKE | T64: X | U64: X | V64: X
A65: 51 | B65: 5 | C65: HOME HEALTH WORKS, LLC | D65: 301 TURNER STREET SUITE A | E65: CLEARWATER | F65: PINELLAS | G65: 33756 | H65: 1221 TURNER STREET SUITE 203 | I65: CLEARWATER | J65: PINELLAS | K65: PINELLAS | L65: 33756 | M65: 727-442-5612 | N65: 727-449-9906 | O65: ERICA VARGAS | P65: SUSAN MINKOFF | T65: X | U65: X | V65: X
A66: 52 | B66: 5 | C66: HOME HEALTH WORKS, LLC | D66: 301 TURNER STREET SUITE A | E66: CLEARWATER | F66: PINELLAS | G66: 33756 | H66: 1221 TURNER STREET SUITE 203 | I66: CLEARWATER | J66: PINELLAS | K66: PASCO | L66: 33756 | M66: 727-442-5612 | N66: 727-449-9906 | O66: ERICA VARGAS | P66: SUSAN MINKOFF | T66: X | U66: X | V66: X
A67: 53 | B67: 5 | C67: JOPA INVESTMENTS DBA BATH FITTER | D67: 2030 CALUMET STEET | E67: CLEARWATER | F67: PINELLAS | G67: 33765 | H67: 2030 CALUMET STREET | I67: CLEARWATER | J67: PINELLAS | K67: PINELLAS | L67: 33765 | M67: 727-298-8827 | N67: 727-298-8828 | O67: JODY SMITH | P67: JOHN STASICKY | T67: X | U67: X | V67: X
A68: 54 | B68: 5 | C68: JOPA INVESTMENTS DBA BATH FITTER | D68: 2031 CALUMET STEET | E68: CLEARWATER | F68: PINELLAS | G68: 33766 | H68: 2031 CALUMET STREET | I68: CLEARWATER | J68: PINELLAS | K68: PASCO | L68: 33765 | M68: 727-298-8827 | N68: 727-298-8828 | O68: JODY SMITH | P68: JOHN STASICKY | T68: X | U68: X | V68: X
B69: 5 | C69: LEMON THERAPY, LLC | D69: 9734 KATHY DR | E69: HUDSON | F69: PASCO | G69: 34667 | H69: 9734 KATHY DR | I69: HUDSON | J69: PASCO | K69: PASCO | L69: 34667 | M69: 507-244-1393 | N69: 507-244-1393 | O69: HANNAH GANSKP | P69: HANNA GANSKOP | T69: X | AA69: X
A70: 55 | B70: 5 | C70: M & M HEALTH HOLDINGS INC DBA MIND AND MOBILITY | D70: 2655 E. OAKLAND PARK BLVD SUITE 5 | E70: FT. LAUDERDALE | F70: BROWARD | G70: 33306 | H70: 710 OAKFIELD DR. SUITE 116 | I70: BRANDON | J70: HILLSBOROUGH | K70: PINELLAS | L70: 33511 | M70: 813-669-0474 | N70: 813-803-3389 | O70: CARMEN PAVONE | P70: CARMEN PAVONE | T70: X | U70: X | V70: X
A71: 56 | B71: 5 | C71: M & M HEALTH HOLDINGS INC DBA MIND AND MOBILITY | D71: 2655 E. OAKLAND PARK BLVD SUITE 5 | E71: FT. LAUDERDALE | F71: BROWARD | G71: 33306 | H71: 710 OAKFIELD DR. SUITE 116 | I71: BRANDON | J71: HILLSBOROUGH | K71: PASCO | L71: 33511 | M71: 813-669-0474 | N71: 813-803-3389 | O71: CARMEN PAVONE | P71: CARMEN PAVONE | T71: X | U71: X | V71: X
A72: 57 | B72: 5 | C72: MENORAH MANOR, INC. IRV WEISSMAN DAY CENTER | D72: 255 59TH STREET NORTH | E72: ST. PETERSBURG | F72: PINELLAS | G72: 33710 | H72: 255 59TH STREET NORTH | I72: ST. PETERSBURG | J72: PINELLAS | K72: PINELLAS | L72: 33710 | M72: 727-302-3900 | N72: 727-345-3957 | O72: DONNA PERRYMAN | P72: NICOLE SPENCER | T72: X | U72: X | V72: X
A73: 58 | B73: 5 | C73: NEIGHBORLY CARE NETWORK | D73: 5225 TECH DATA DR. SUITE 102 | E73: CLEARWATER | F73: PINELLAS | G73: 33760 | H73: 5225 TECH DATA DR. SUITE 102 | I73: CLEARWATER | J73: PINELLAS | K73: PINELLAS | L73: 33760 | M73: 727-573-9444 | N73: 727-572-8214 | O73: DAVID LOMAKA | P73: ANITA FRANKHAUSER | S73: X | U73: X | V73: X | Y73: X | Z73: X | AA73: X
A74: 59 | B74: 5 | C74: NORTON NURSE REGISTRY CORP | D74: 3137 49TH ST. N | E74: ST. PETERSBURG | F74: PINELLAS | G74: 33710 | H74: 3137 49TH ST. N | I74: ST. PETERSBURG | J74: PINELLAS | K74: PASCO | L74: 33710 | M74: 727-273-2021 | N74: 727-273-2318 | O74: YAQUELIN NOVOA | P74: YAQUELIN NOVOA | T74: X | U74: X | V74: X
A75: 60 | B75: 5 | C75: NORTON NURSE REGISTRY CORP | D75: 3137 49TH ST. N | E75: ST. PETERSBURG | F75: PINELLAS | G75: 33710 | H75: 3137 49TH ST. N | I75: ST. PETERSBURG | J75: PINELLAS | K75: PINELLAS | L75: 33710 | M75: 727-273-2021 | N75: 727-273-2318 | O75: YAQUELIN NOVOA | P75: YAQUELIN NOVOA | T75: X | U75: X | V75: X
A76: 61 | B76: 5 | C76: OPAL ROSE HOME CARE AND COMPANION SERVICES LLC | D76: 3530 1ST AVE. NORTH SUITE 111 | E76: ST. PETERSBURG | F76: PINELLAS | G76: 33713 | H76: 3530 1ST AVE. NORTH SUITE 111 | I76: ST. PETERSBURG | J76: PINELLAS | K76: PINELLAS | L76: 33713 | M76: 727-350-5710 | N76: 727-350-5708 | O76: LASHONNA SAMUELS | P76: LASHONNA SAMUELS | T76: X | U76: X | V76: X
A77: 62 | B77: 5 | C77: OPAL ROSE HOME CARE AND COMPANION SERVICES LLC | D77: 3530 1ST AVE. NORTH SUITE 111 | E77: ST. PETERSBURG | F77: PINELLAS | G77: 33713 | H77: 3530 1ST AVE. NORTH SUITE 111 | I77: ST. PETERSBURG | J77: PINELLAS | K77: PASCO | L77: 33713 | M77: 727-350-5710 | N77: 727-350-5708 | O77: LASHONNA SAMUELS | P77: LASHONNA SAMUELS | T77: X | U77: X | V77: X
A78: 63 | B78: 5 | C78: PASCO COUNTY BOARD OF COUNTY COMMISSINOERS- GO PASCO COUNTY PUBLIC TRANSPORTATION | D78: 38053 LIVE OAK AVE. | E78: DADE CITY | F78: PASCO | G78: 33523 | H78: 38053 LIVE OAK AVE. | I78: DADE CITY | J78: PASCO | K78: PASCO | L78: 33523 | M78: 727-834-3322 | N78: 727-859-0589 | O78: KATHRYN STARKEY | P78: JANINA ELKIN | R78: X | V78: X | Y78: X | AA78: X
A79: 64 | B79: 5 | C79: PASCO COUNTY BOARD OF COUNTY COMMISSIONERS-PASCO COUNTY SENIOR SERVICES | D79: 8600 GALEN WILSON BLVD | E79: PORT RICHEY | F79: PASCO | G79: 34668 | H79: 8600 GALEN WILSON BLVD | I79: PORT RICHEY | J79: PASCO | K79: PASCO | L79: 34668 | M79: 727-834-3340 | N79: 727-834-3326 | O79: KATHRYN STARKEY | P79: THOMAS SNEE | Q79: X | R79: X | U79: X | V79: X | W79: X | X79: X | Z79: X
A80: 65 | B80: 5 | C80: PASCO SENIOR HOME CARE LLC DBA HOME INSTEAD SENIOR CARE | D80: 6719 GALL BLVD, SUITE 104 | E80: ZEPHYRHILLS | F80: PASCO | G80: 33542 | H80: 6719 GALL BLVD, SUITE 104 | I80: ZEPHYRHILLS | J80: PASCO | K80: PASCO | L80: 33542 | M80: 813-991-7524 | N80: 813-395-8429 | O80: DAVE HEINZE | P80: CHRIS CARLSON | T80: X | U80: X | V80: X | Y80: X | AA80: X
A81: 66 | B81: 5 | C81: PERSONAL RESPONSE CORPORATION | D81: PO BOX 749575 | E81: ATLANTA | F81: GEORGIA | G81: 30374 | H81: 2711 SW 137TH AVE. SUITE 77 | I81: MIAMI | J81: MIAMI-DADE | K81: PINELLAS | L81: 33175 | M81: 800-288-5965 | N81: 305-271-0587 | O81: DAWN FITZGERALD | P81: TAWNYA SCOTT | T81: X | V81: X
A82: 67 | B82: 5 | C82: PERSONAL RESPONSE CORPORATION | D82: PO BOX 749575 | E82: ATLANTA | F82: GEORGIA | G82: 30374 | H82: 2711 SW 137TH AVE. SUITE 77 | I82: MIAMI | J82: MIAMI-DADE | K82: PASCO | L82: 33175 | M82: 800-288-5965 | N82: 305-271-0587 | O82: DAWN FITZGERALD | P82: TAWNYA SCOTT | T82: X | V82: X
A83: 68 | B83: 5 | C83: PETERSON COUNSELING AND CONSULTING, INC | D83: 8522 CREEDMOOR LN | E83: NEW PORT RICHEY | F83: PASCO | G83: 34654 | H83: 8522 CREEDMOOR LN | I83: NEW PORT RICHEY | J83: PASCO | K83: PASCO | L83: 34654 | M83: 727-753-8082 | O83: RITA PETERSON | P83: RITA PETERSON | T83: X | U83: X | V83: X
A84: 69 | B84: 5 | C84: PETERSON COUNSELING AND CONSULTING, INC | D84: 8522 CREEDMOOR LN | E84: NEW PORT RICHEY | F84: PASCO | G84: 34654 | H84: 8522 CREEDMOOR LN | I84: NEW PORT RICHEY | J84: PASCO | K84: PINELLAS | L84: 34654 | M84: 727-753-8082 | O84: RITA PETERSON | P84: RITA PETERSON | T84: X | U84: X | V84: X
A85: 70 | B85: 5 | C85: PHOENIX PRO MANAGEMENT, INC | D85: 700 S. ROSEMARY AVE. SUITE 204-2052 | E85: WEST PALM BEACH | F85: PALM BEACH | G85: 33401 | H85: 700 S. ROSEMARY AVE. SUITE 204-2052 | I85: WEST PALM BEACH | J85: PALM BEACH | K85: PINELLAS | L85: 33401 | M85: 352-224-9484 | N85: 361-210-1136 | O85: ALEX MODRIC | P85: JESSIE NORLEY | T85: X | U85: X | V85: X | X85: X
A86: 71 | B86: 5 | C86: PHOENIX PRO MANAGEMENT, INC | D86: 700 S. ROSEMARY AVE. SUITE 204-2052 | E86: WEST PALM BEACH | F86: PALM BEACH | G86: 33401 | H86: 700 S. ROSEMARY AVE. SUITE 204-2052 | I86: WEST PALM BEACH | J86: PALM BEACH | K86: PASCO | L86: 33401 | M86: 352-224-9484 | N86: 361-210-1136 | O86: ALEX MODRIC | P86: JESSIE NORLEY | T86: X | U86: X | V86: X | X86: X
A87: 72 | B87: 5 | C87: PINELLAS OPPORTUNITY COUNCIL, INC | D87: 4039 8TH AVENUE SOUTH | E87: ST. PETERSBURG | F87: PINELLAS | G87: 33711 | H87: 4039 8TH AVENUE SOUTH | I87: ST. PETERSBURG | J87: PINELLAS | K87: PINELLAS | L87: 33711 | M87: 727-327-3091 | N87: 727-327-2340 | O87: PATTYE SAWYER | P87: KATHY RUSSELL | S87: X | W87: X
A88: 73 | B88: 5 | C88: PURFOODS LLC DBA MOM'S MEALS | D88: 3210 SE CORPORATE WOODS DRIVE | E88: ANKENY | F88: IOWA | G88: 50021 | H88: 3210 SE CORPORATE WOODS DRIVE | I88: ANKENY | J88: IOWA | K88: PINELLAS | L88: 50021 | M88: 866-716-3257 | N88: 866-716-3257 | O88: NATHAN JENSEN | P88: NATHAN JENSEN | T88: X | U88: X | V88: X
A89: 74 | B89: 5 | C89: PURFOODS LLC DBA MOM'S MEALS | D89: 3210 SE CORPORATE WOODS DRIVE | E89: ANKENY | F89: IOWA | G89: 50021 | H89: 3210 SE CORPORATE WOODS DRIVE | I89: ANKENY | J89: IOWA | K89: PASCO | L89: 50021 | M89: 515-266-6120 | N89: 515-266-6120 | O89: NATHAN JENSEN | P89: NATHAN JENSEN | T89: X | U89: X | V89: X
A90: 75 | B90: 5 | C90: RAMPDR, LLC | D90: 12950 58TH ST, UNIT 19 | E90: CLEARWATER | F90: PINELLAS | G90: 33760 | H90: 12950 58TH ST, UNIT 19 | I90: CLEARWATER | J90: PINELLAS | K90: PINELLAS | L90: 33760 | M90: 757-336-9984 | N90: 727-626-0627 | P90: RYAN ISCH | T90: X | U90: X | V90: X
A91: 76 | B91: 5 | C91: RAMPDR, LLC | D91: 12950 58TH ST, UNIT 19 | E91: CLEARWATER | F91: PINELLAS | G91: 33760 | H91: 12950 58TH ST, UNIT 19 | I91: CLEARWATER | J91: PINELLAS | K91: PASCO | L91: 33760 | M91: 757-336-9984 | N91: 727-626-0627 | P91: RYAN ISCH | T91: X | U91: X | V91: X
A92: 77 | B92: 5 | C92: RELIANCE HOME CARE LLC DBA FIRSTLIGHT HOME CARE NORTH TAMPA & PASCO COUNTY | D92: 20701 BRUCE B DOWNS BLVD | E92: TAMPA | F92: HILLSBOROUGH | G92: 33647 | H92: 20701 BRUCE B DOWNS BLVD | I92: TAMPA | J92: HILLSBOROUGH | K92: PASCO | L92: 33647 | M92: 813-549-7808 | N92: 813-549-7813 | O92: MARK HAMID | P92: VAL RODRIGUEZ | T92: X | U92: X | V92: X
A93: 78 | B93: 5 | C93: RK HEALTHCARE INC DBA HOME INSTEAD SENIOR CARE | D93: 14202 62ND ST N | E93: CLEARWATER | F93: PINELLAS | G93: 33760 | H93: 14202 62ND ST N | I93: CLEARWATER | J93: PINELLAS | K93: PINELLAS | L93: 33760 | M93: 727-799-1400 | N93: 727-799-3958 | O93: JULIE CASTLE | P93: JULIE CASTLE | T93: X | U93: X | V93: X
A94: 79 | B94: 5 | C94: ROOSTER BRANDS, INC DBA SENIOR HELPERS OF ST. PETERSBURG | D94: 5635 49TH ST N | E94: ST. PETERSBURG | F94: PINELLAS | G94: 33709 | H94: 4144 CENTRAL AVE | I94: ST. PETERSBURG | J94: PINELLAS | K94: PINELLAS | L94: 33711 | M94: 727-284-7700 | N94: 877-661-9818 | O94: SCOTT KOGUT | P94: KIEANA BAKER | T94: X | U94: X | V94: X
A95: 80 | B95: 5 | C95: S LION CREATIONS LLC DBA DAYCATIONS ADULT DAY CARE | D95: 2250 STATE RD 580, SUITE 10 | E95: CLEARWATER | F95: PINELLAS | G95: 33763 | H95: 2250 STATE RD 580, SUITE 10 | I95: CLEARWATER | J95: PINELLAS | K95: PINELLAS | L95: 33763 | M95: 727-648-2401 | N95: 727-648-2404 | O95: SARAH LION | P95: MICHAEL LION | T95: X | U95: X | V95: X
A96: 81 | B96: 5 | C96: SACRED HEART CARE INC. DBA ASSISTING HANDS HOME CARE OF PASCO | D96: 5328 TROUBLE CREEK RD | E96: NEW PORT RICHEY | F96: PASCO | G96: 34652 | H96: 5328 TROUBLE CREEK RD | I96: NEW PORT RICHEY | J96: PASCO | K96: PASCO | L96: 34652 | M96: 727-999-6107 | N96: 813-867-7079 | O96: VIVAKE ABRAHAM | P96: ABHILASG MATHAI | T96: X | U96: X | V96: X
